Workbook

Sheet Summary (P)
A1: =Setup!$B$2 -> Character's name | B1: =IF(Setup!$B$4>"",Setup!$B$4,"Non-mage") -> Non-mage | F1: ="Social: "&Setup!$B$10&". "&Setup!$B$11 -> Social: Adventurer. 5th | N1: Damage Tracking | Q1: Other Bonuses and Protections
A2: =Setup!$B$5&" "&Setup!$B$3&", "&Setup!$B$7&", "&Setup!$B$8&", PB "&Stats!K3 -> Male Human, 5' 9", 150 lbs, PB 15 | E2: Aspect: | F2: =Setup!$B$9 -> 0 | J2: Primary Hand: | L2: =Setup!B6 -> Right | N2: =Combat!$A$1 -> FT Dam | O2: =Combat!$A$2 -> EN Dam | P2: Status | Q2: =Bonuses!$U$3&"% "&Bonuses!$U$2 -> 0% Magic Resistance vs Demonics
A3: =""&IF((Bonuses!V3+Bonuses!AP3)<>0," Magic DR "&Bonuses!V3+Bonuses!AP3,"")&IF(Bonuses!BK3<>0," Necrogeny "&Bonuses!BK3,"")&IF(Bonuses!BL3<>0," Reactions +"&Bonuses!BL3&"%","") | C3: =Stats!B1 -> PS | D3: =Stats!C1 -> MD | E3: =Stats!D1 -> AG | F3: =Stats!E1 -> MA | G3: =Stats!F1 -> WP | H3: =Stats!G1 -> EN | I3: =Stats!H1 -> FT | J3: =Stats!I1 -> PC | ... L3: =Stats!K1 -> PB | N3: ='Attack Rolls'!C25+'Attack Rolls'!D25+'Attack Rolls'!G25 -> 0 | O3: ='Attack Rolls'!E25+'Attack Rolls'!F25+'Attack Rolls'!H25 -> 0 | P3: =Combat!$C$1&Combat!$C$2 | Q3: =Bonuses!$BL$3&"% to "&Bonuses!$BL$2 -> 0% to Reaction Checks
C4: =Stats!B3 -> 15 | D4: =Stats!C3 -> 13 | E4: =Stats!D3 -> 11 | F4: =Stats!E3 -> 15 | G4: =Stats!F3 -> 15 | H4: =Stats!G3 -> 15 | I4: =Stats!H3 -> 20 | J4: =Stats!I3 -> 5 | ... L4: =Stats!K3 -> 15 | N4: Damage Protection Breakdown | Q4: =Bonuses!$BH$3&"% to "&Bonuses!$BH$2 -> 0% to Infection Chance
B5: =Stats!A4 -> 1x | C5: =Stats!B4 -> 15 | D5: =Stats!C4 -> 13 | E5: =Stats!D4 -> 11 | F5: =Stats!E4 -> 15 | G5: =Stats!F4 -> 15 | H5: =Stats!G4 -> 15 | J5: =Stats!I4 -> 5 | L5: Combat | N5: =Bonuses!$AN$3&" "&Bonuses!$AN$2 -> 5 Armour Protection vs Fatigue dmg | Q5: =Bonuses!$BF$3&" "&Bonuses!$BF$2 -> 0 Bleeding dmg/pulse Mod
B6: =Stats!A5 -> 2x | C6: =Stats!B5 -> 30 | D6: =Stats!C5 -> 26 | E6: =Stats!D5 -> 22 | F6: =Stats!E5 -> 30 | G6: =Stats!F5 -> 30 | H6: =Stats!G5 -> 30 | J6: =Stats!I5 -> 10 | L6: Encum | N6: =Bonuses!$AO$3&" "&Bonuses!$AO$2 -> 0 Armour Protection vs Endurance dmg | Q6: =Bonuses!$BG$3&" "&Bonuses!$BG$2 -> 0 Poison dmg/pulse Mod
B7: =Stats!A6 -> 3x | C7: =Stats!B6 -> 45 | D7: =Stats!C6 -> 39 | E7: =Stats!D6 -> 33 | F7: =Stats!E6 -> 45 | G7: =Stats!F6 -> 45 | H7: =Stats!G6 -> 45 | J7: =Stats!I6 -> 15 | L7: =ROUND(Bonuses!$C$3,1)&" lbs" -> 25 lbs | N7: =Bonuses!$AQ$3&" "&Bonuses!$AQ$2 -> 0 Damage Reduction vs Physical
B8: =Stats!A7 -> 4x | C8: =Stats!B7 -> 60 | D8: =Stats!C7 -> 52 | E8: =Stats!D7 -> 44 | F8: =Stats!E7 -> 60 | G8: =Stats!F7 -> 60 | H8: =Stats!G7 -> 60 | J8: =Stats!I7 -> 20 | K8: =IF(ISERROR(Combat!$L$1*1),"",Combat!$K$1) | L8: =IF(ISERROR(Combat!$L$1*1),"",Combat!$L$1) | N8: =Bonuses!$AP$3&" "&Bonuses!$AP$2 -> 0 Damage Reduction vs All
B9: =Stats!A8 -> 5x | C9: =Stats!B8 -> 75 | D9: =Stats!C8 -> 65 | E9: =Stats!D8 -> 55 | F9: =Stats!E8 -> 75 | G9: =Stats!F8 -> 75 | H9: =Stats!G8 -> 75 | J9: =Stats!I8 -> 25 | K9: =IF(ISERROR(Combat!$L$2*1),"",Combat!$K$2) | L9: =IF(ISERROR(Combat!$L$2*1),"",Combat!$L$2) | N9: =Bonuses!$V$3&" "&Bonuses!$V$2 -> 0 Damage Reduction vs Magic | Q9: =Bonuses!$BI$3&"% "&Bonuses!$BI$2 -> 0% Fear Resistance Rolls
A10: Magic Resistance % | B10: =Combat!$I$1 -> 35 | C10: =IF(Bonuses!U3<>0,"+"&Bonuses!U3&" v Dem.","") | E10: =Combat!$E$2 -> Dmg to Stun: | F10: =Combat!$G$2 -> 6 | H10: =Combat!$E$1 -> Stun Rec % | I10: =Combat!$G$1 -> 50 | K10: Parry | L10: ="+"&Combat!W1 -> +0 | N10: =Bonuses!$BK$3&" "&Bonuses!$BK$2 -> 0 Necrogeny | Q10: =Bonuses!$BJ$3&"% "&Bonuses!$BJ$2 -> 0% Fear Table Roll
A11: =Combat!$A$5 -> Armour (AP) Ft/En | B11: =Combat!$B$5 -> 5 / 0 | E11: =Combat!$E$3 -> Dmg to -1: | F11: =Combat!$G$3 -> 35 | H11: =Combat!H2 -> Die At | I11: =Combat!$I$2 -> -8 | N11: =Bonuses!$W$3&" "&Bonuses!$W$2 -> 0 Damage Reduction vs Elemental
A12: =Combat!$A$3 -> Unengaged IV | B12: =Combat!$B$3 -> 5 + D10 | E12: =Combat!$H$3 -> .. to kill | F12: =Combat!$I$3 -> 43 | J12: =Combat!J3 -> (Shield) | K12: =Combat!K3 -> (Evade) | N12: =Bonuses!$X$3&" "&Bonuses!$X$2 -> 0 Damage Reduction vs Cold/Ice | Q12: =Bonuses!$AA$3+(Bonuses!$Z$3*5)&"°C Cold Protection ("&Bonuses!$AA$3&"°C & "&Bonuses!$Z$3&" Gauges)" -> 0°C Cold Protection (0°C & 0 Gauges)
A13: =Combat!A4 -> Defence | B13: =Combat!B4 -> 11 | D13: =Combat!D4 -> 11 | E13: =Combat!E4 -> 11 | F13: =Combat!$F$4 -> +10-10 | G13: =Combat!G4 -> 11 | I13: =Combat!I4 -> 11 | J13: =Combat!J4 -> 11 | K13: =Combat!K4 -> +20 | N13: =Bonuses!$Y$3&" "&Bonuses!$Y$2 -> 0 Damage Reduction vs Fire/Heat | Q13: =Bonuses!$AC$3+(Bonuses!$AB$3*5)&"°C Heat Protection ("&Bonuses!$AC$3&"°C & "&Bonuses!$AB$3&" Gauges)" -> 0°C Heat Protection (0°C & 0 Gauges)
C14: =Combat!C5 -> Melee | E14: =Combat!E5 -> (Shield) | F14: =Combat!F5 -> (Evade) | G14: =Combat!G5 -> Close | I14: =Combat!I5 -> Ranged
A15: =Combat!A6 -> Weapon | B15: =Combat!B6 -> Rk | C15: =Combat!C6 -> IV | D15: =Combat!D6 -> SC% | E15: =Combat!E6 -> Dam | F15: =Combat!F6 -> Class | G15: =Combat!G6 -> IV | H15: =Combat!H6 -> SC | ... L15: =Combat!L6 -> Evade+ | Q15: FT Recovery (per hour or meal) | R15: ="+ "&(IF(Stats!$G$3>20,CEILING((Stats!$G$3-20)/20,0.5),0)) -> + 0
A16: =Combat!A7 -> Unarmed | B16: =Combat!B7 -> Un | C16: =Combat!C7 -> 16 | D16: =Combat!D7 -> 22 | E16: =Combat!E7 -> -4 | F16: =Combat!F7 -> C | G16: =Combat!G7 -> 16 | H16: =Combat!H7 -> 22 | ... L16: =Combat!L7 -> 10 | Q16: FT per hour of Sleep | R16: =(3+IF(Stats!$G$3>20,CEILING((Stats!$G$3-20)/20,0.5),0))*IF(Bonuses!$A$118="Y",1.1,1) -> 3
A17: =Combat!A8&IF(Combat!Z8>""," ("&Combat!Z8&")","") -> Small Round | B17: =Combat!B8 -> Un | C17: =Combat!C8 -> 16 | D17: =Combat!D8 -> 40 | E17: =Combat!E8 -> -1 | F17: =Combat!F8 -> C | G17: =Combat!G8 | H17: =Combat!H8 | I17: =Combat!I8 | ... L17: =Combat!L8 -> 10 | Q17: Hours sleep to recover full FT: | R17: =I4/R16 -> 6.6666667
A18: =Combat!A9&IF(Combat!Z9>""," ("&Combat!Z9&")","") -> Battle Axe (1-2) | B18: =Combat!B9 -> Un | C18: =Combat!C9 -> 16 | D18: =Combat!D9 -> 60 | E18: =Combat!E9 -> 4 | F18: =Combat!F9 -> B | G18: =Combat!G9 | H18: =Combat!H9 | I18: =Combat!I9 -> 6 hx | ... L18: =Combat!L9 -> 10
A19: =Combat!A10&IF(Combat!Z10>""," ("&Combat!Z10&")","") -> Falchion | B19: =Combat!B10 -> Un | C19: =Combat!C10 -> 16 | D19: =Combat!D10 -> 50 | E19: =Combat!E10 -> 2 | F19: =Combat!F10 -> B | G19: =Combat!G10 | H19: =Combat!H10 | I19: =Combat!I10 | ... L19: =Combat!L10 -> 10
A20: =Combat!A11&IF(Combat!Z11>""," ("&Combat!Z11&")","") -> Dagger | B20: =Combat!B11 -> Un | C20: =Combat!C11 -> 16 | D20: =Combat!D11 -> 40 | E20: =Combat!E11 -> 1 | F20: =Combat!F11 -> A | G20: =Combat!G11 -> 16 | H20: =Combat!H11 -> 40 | I20: =Combat!I11 -> 8 hx | ... L20: =Combat!L11 -> 10
A21: =Combat!A12&IF(Combat!Z12>""," ("&Combat!Z12&")","") -> Tulwar | B21: =Combat!B12 -> Un | C21: =Combat!C12 -> 16 | D21: =Combat!D12 -> 50 | E21: =Combat!E12 -> 4 | F21: =Combat!F12 -> B | G21: =Combat!G12 | H21: =Combat!H12 | I21: =Combat!I12 | ... L21: =Combat!L12 -> 10
A22: =Combat!A13&IF(Combat!Z13>""," ("&Combat!Z13&")","") -> Sabre | B22: =Combat!B13 -> Un | C22: =Combat!C13 -> 16 | D22: =Combat!D13 -> 60 | E22: =Combat!E13 -> 3 | F22: =Combat!F13 -> B | G22: =Combat!G13 | H22: =Combat!H13 | I22: =Combat!I13 | ... L22: =Combat!L13 -> 10
A23: =Combat!A14&IF(Combat!Z14>""," ("&Combat!Z14&")","") -> Broadsword | B23: =Combat!B14 -> Un | C23: =Combat!C14 -> 16 | D23: =Combat!D14 -> 55 | E23: =Combat!E14 -> 4 | F23: =Combat!F14 -> B | G23: =Combat!G14 | H23: =Combat!H14 | I23: =Combat!I14 | ... L23: =Combat!L14 -> 10
A24: =Combat!A15&IF(Combat!Z15>""," ("&Combat!Z15&")","") -> Estoc | B24: =Combat!B15 -> Un | C24: =Combat!C15 -> 16 | D24: =Combat!D15 -> 45 | E24: =Combat!E15 -> 5 | F24: =Combat!F15 -> A | G24: =Combat!G15 | H24: =Combat!H15 | I24: =Combat!I15 | ... L24: =Combat!L15 -> 10
A25: =Combat!A16&IF(Combat!Z16>""," ("&Combat!Z16&")","") -> War Hammer | B25: =Combat!B16 -> Un | C25: =Combat!C16 -> 16 | D25: =Combat!D16 -> 45 | E25: =Combat!E16 -> 3 | F25: =Combat!F16 -> C | G25: =Combat!G16 | H25: =Combat!H16 | I25: =Combat!I16 -> 6 hx | ... L25: =Combat!L16 -> 10
A26: =Combat!A17&IF(Combat!Z17>""," ("&Combat!Z17&")","") -> Javelin | B26: =Combat!B17 -> Un | C26: =Combat!C17 -> 16 | D26: =Combat!D17 -> 45 | E26: =Combat!E17 -> 2 | F26: =Combat!F17 -> A | G26: =Combat!G17 | H26: =Combat!H17 | I26: =Combat!I17 -> 12 hx | ... L26: =Combat!L17 -> 10
A27: =Combat!A18&IF(Combat!Z18>""," ("&Combat!Z18&")","") -> Quarterstaff (2) | B27: =Combat!B18 -> Un | C27: =Combat!C18 -> 16 | D27: =Combat!D18 -> 55 | E27: =Combat!E18 -> 2 | F27: =Combat!F18 -> C | G27: =Combat!G18 | H27: =Combat!H18 | I27: =Combat!I18 | ... L27: =Combat!L18 -> 10
A28: =Combat!A19&IF(Combat!Z19>""," ("&Combat!Z19&")","") -> Flail | B28: =Combat!B19 -> Un | C28: =Combat!C19 -> 16 | D28: =Combat!D19 -> 50 | E28: =Combat!E19 -> 2 | F28: =Combat!F19 -> C | G28: =Combat!G19 | H28: =Combat!H19 | I28: =Combat!I19 | ... L28: =Combat!L19 -> 10
A29: =Combat!A20&IF(Combat!Z20>""," ("&Combat!Z20&")","") -> Hand & a Half (1-2) | B29: =Combat!B20 -> Un | C29: =Combat!C20 -> 16 | D29: =Combat!D20 -> 60 | E29: =Combat!E20 -> 3 | F29: =Combat!F20 -> B | G29: =Combat!G20 | H29: =Combat!H20 | I29: =Combat!I20 | ... L29: =Combat!L20 -> 10
A31: =INDIRECT("Magic!B"&ROW()-30,TRUE) -> E&E (Thaumaturgy) | B31: Rk | C31: % | D31: Dbl | E31: Trp | F31: Range | H31: Duration | J31: Effect
A32: =INDIRECT("Magic!A"&ROW()-30)&". "&INDIRECT("Magic!B"&ROW()-30) -> T1. Wizardsight | B32: =INDIRECT("Magic!C"&ROW()-30) -> 0 | C32: =INDIRECT("Magic!D"&ROW()-30) -> 0 | D32: =INDIRECT("Magic!E"&ROW()-30) -> 0 | E32: =INDIRECT("Magic!F"&ROW()-30) -> 0 | F32: =INDIRECT("Magic!G"&ROW()-30) -> 75/150 Feet | H32: =INDIRECT("Magic!H"&ROW()-30) -> 0 | J32: =INDIRECT("Magic!I"&ROW()-30) -> 0
A33: =INDIRECT("Magic!A"&ROW()-30)&". "&INDIRECT("Magic!B"&ROW()-30) -> G1. Charming | B33: =INDIRECT("Magic!C"&ROW()-30) -> 0 | C33: =INDIRECT("Magic!D"&ROW()-30) -> 15 | D33: =INDIRECT("Magic!E"&ROW()-30) -> 2.25 | E33: =INDIRECT("Magic!F"&ROW()-30) -> 0.75 | F33: =INDIRECT("Magic!G"&ROW()-30) -> 15 Feet | H33: =INDIRECT("Magic!H"&ROW()-30) -> 1 Hours | J33: =INDIRECT("Magic!I"&ROW()-30) -> 0
A34: =INDIRECT("Magic!A"&ROW()-30)&". "&INDIRECT("Magic!B"&ROW()-30) -> G2. Telekinesis | B34: =INDIRECT("Magic!C"&ROW()-30) -> 0 | C34: =INDIRECT("Magic!D"&ROW()-30) -> 20 | D34: =INDIRECT("Magic!E"&ROW()-30) -> 3 | E34: =INDIRECT("Magic!F"&ROW()-30) -> 1 | F34: =INDIRECT("Magic!G"&ROW()-30) -> 15 Feet | H34: =INDIRECT("Magic!H"&ROW()-30) -> 10 Secs | J34: =INDIRECT("Magic!I"&ROW()-30) -> Mv 2 lbs @ 2 TMR +0 lbs/0 TMR.
A35: =INDIRECT("Magic!A"&ROW()-30)&". "&INDIRECT("Magic!B"&ROW()-30) -> G3. Enchanted Sleep | B35: =INDIRECT("Magic!C"&ROW()-30) -> 0 | C35: =INDIRECT("Magic!D"&ROW()-30) -> 15 | D35: =INDIRECT("Magic!E"&ROW()-30) -> 2.25 | E35: =INDIRECT("Magic!F"&ROW()-30) -> 0.75 | F35: =INDIRECT("Magic!G"&ROW()-30) -> 15 Feet | H35: =INDIRECT("Magic!H"&ROW()-30) -> 1 Hours | J35: =INDIRECT("Magic!I"&ROW()-30) -> 0
A36: =INDIRECT("Magic!A"&ROW()-30)&". "&INDIRECT("Magic!B"&ROW()-30) -> G4. Walking Unseen | B36: =INDIRECT("Magic!C"&ROW()-30) -> 0 | C36: =INDIRECT("Magic!D"&ROW()-30) -> 40 | D36: =INDIRECT("Magic!E"&ROW()-30) -> 6 | E36: =INDIRECT("Magic!F"&ROW()-30) -> 2 | F36: =INDIRECT("Magic!G"&ROW()-30) -> 1 Feet | H36: =INDIRECT("Magic!H"&ROW()-30) -> 1 Hours | J36: =INDIRECT("Magic!I"&ROW()-30) -> 0
A37: =INDIRECT("Magic!A"&ROW()-30)&". "&INDIRECT("Magic!B"&ROW()-30) -> G5. Speaking to Enchanted Creatures | B37: =INDIRECT("Magic!C"&ROW()-30) -> 0 | C37: =INDIRECT("Magic!D"&ROW()-30) -> 40 | D37: =INDIRECT("Magic!E"&ROW()-30) -> 6 | E37: =INDIRECT("Magic!F"&ROW()-30) -> 2 | F37: =INDIRECT("Magic!G"&ROW()-30) -> 15 Feet | H37: =INDIRECT("Magic!H"&ROW()-30) -> 10 Mins | J37: =INDIRECT("Magic!I"&ROW()-30) -> 0
A38: =INDIRECT("Magic!A"&ROW()-30)&". "&INDIRECT("Magic!B"&ROW()-30) -> G6. Location | B38: =INDIRECT("Magic!C"&ROW()-30) -> 0 | C38: =INDIRECT("Magic!D"&ROW()-30) -> 15 | D38: =INDIRECT("Magic!E"&ROW()-30) -> 2.25 | E38: =INDIRECT("Magic!F"&ROW()-30) -> 0.75 | F38: =INDIRECT("Magic!G"&ROW()-30) -> 10 Miles | H38: =INDIRECT("Magic!H"&ROW()-30) -> 1 Hours | J38: =INDIRECT("Magic!I"&ROW()-30) -> 0
A39: =INDIRECT("Magic!A"&ROW()-30)&". "&INDIRECT("Magic!B"&ROW()-30) -> G7. Mass Charming | B39: =INDIRECT("Magic!C"&ROW()-30) -> 0 | C39: =INDIRECT("Magic!D"&ROW()-30) -> 5 | D39: =INDIRECT("Magic!E"&ROW()-30) -> 0.75 | E39: =INDIRECT("Magic!F"&ROW()-30) -> 0.25 | F39: =INDIRECT("Magic!G"&ROW()-30) -> 15 Feet | H39: =INDIRECT("Magic!H"&ROW()-30) -> Conc. No Max | J39: =INDIRECT("Magic!I"&ROW()-30) -> Charms Up to 1 Entities
A40: =INDIRECT("Magic!A"&ROW()-30)&". "&INDIRECT("Magic!B"&ROW()-30) -> G8. Invisibility | B40: =INDIRECT("Magic!C"&ROW()-30) -> 0 | C40: =INDIRECT("Magic!D"&ROW()-30) -> 45 | D40: =INDIRECT("Magic!E"&ROW()-30) -> 6.75 | E40: =INDIRECT("Magic!F"&ROW()-30) -> 2.25 | F40: =INDIRECT("Magic!G"&ROW()-30) -> 15 Feet | H40: =INDIRECT("Magic!H"&ROW()-30) -> 5 Mins | J40: =INDIRECT("Magic!I"&ROW()-30) -> 0
A41: =INDIRECT("Magic!A"&ROW()-30)&". "&INDIRECT("Magic!B"&ROW()-30) -> G9. Evil Eye | B41: =INDIRECT("Magic!C"&ROW()-30) -> 0 | C41: =INDIRECT("Magic!D"&ROW()-30) -> 20 | D41: =INDIRECT("Magic!E"&ROW()-30) -> 3 | E41: =INDIRECT("Magic!F"&ROW()-30) -> 1 | F41: =INDIRECT("Magic!G"&ROW()-30) -> 15 Feet | H41: =INDIRECT("Magic!H"&ROW()-30) -> 1 Days | J41: =INDIRECT("Magic!I"&ROW()-30) -> -1 from BC% & SC%
A42: =INDIRECT("Magic!A"&ROW()-30)&". "&INDIRECT("Magic!B"&ROW()-30) -> Gcs. E&E General Counterspell | B42: =INDIRECT("Magic!C"&ROW()-30) -> 0 | C42: =INDIRECT("Magic!D"&ROW()-30) -> 40 | D42: =INDIRECT("Magic!E"&ROW()-30) -> 6 | E42: =INDIRECT("Magic!F"&ROW()-30) -> 2 | F42: =INDIRECT("Magic!G"&ROW()-30) -> 25 Feet | H42: =INDIRECT("Magic!H"&ROW()-30) -> D+5 Mins | J42: =INDIRECT("Magic!I"&ROW()-30) -> +30 to MR.
A43: =INDIRECT("Magic!A"&ROW()-30)&". "&INDIRECT("Magic!B"&ROW()-30) -> Gcs. E&E Special Counterspell | B43: =INDIRECT("Magic!C"&ROW()-30) -> 0 | C43: =INDIRECT("Magic!D"&ROW()-30) -> 40 | D43: =INDIRECT("Magic!E"&ROW()-30) -> 6 | E43: =INDIRECT("Magic!F"&ROW()-30) -> 2 | F43: =INDIRECT("Magic!G"&ROW()-30) -> 25 Feet | H43: =INDIRECT("Magic!H"&ROW()-30) -> D+5 Mins | J43: =INDIRECT("Magic!I"&ROW()-30) -> +30 to MR.
... A69: =INDIRECT("Magic!A"&ROW()-30)&". "&INDIRECT("Magic!B"&ROW()-30) -> G4. Invisibility | B69: =INDIRECT("Magic!C"&ROW()-30) -> 0 | C69: =INDIRECT("Magic!D"&ROW()-30) -> 30 | D69: =INDIRECT("Magic!E"&ROW()-30) -> 4.5 | E69: =INDIRECT("Magic!F"&ROW()-30) -> 1.5 | F69: =INDIRECT("Magic!G"&ROW()-30) -> 15 Feet | H69: =INDIRECT("Magic!H"&ROW()-30) -> 5 Mins | J69: =INDIRECT("Magic!I"&ROW()-30) -> 0
A71: =Skills!A1 -> Skill | B71: =Skills!B1 -> Rk | C71: =Skills!C1 -> BC% | D71: =Skills!D1 -> Ability / Notes
A72: =IF(Skills!A2<>"",Skills!A2,"") -> Alchemist | B72: =IF(Skills!B2<>"",Skills!B2&IF(AND(Skills!B2<>Skills!H2,Skills!H2>=0)," ("&Skills!H2&")",""),"") -> Un | C72: =IF(Skills!C2<>"",Skills!C2,"") | D72: =IF(Skills!D2<>"",Skills!D2,"") | E72: =IF(Skills!E2>"",Skills!E2,"") | F72: =IF(Skills!I2>"",Skills!I2,"") | G72: =IF(Skills!L2>"",Skills!L2,"") | H72: =IF(Skills!M2>"",Skills!M2,"") | I72: =IF(Skills!N2>"",Skills!N2,"") | J72: =IF(Skills!O2>"",Skills!O2,"") | K72: =IF(Skills!P2>"",Skills!P2,"") | L72: =IF(Skills!Q2>"",Skills!Q2,"")
A73: =IF(Skills!A3<>"",Skills!A3,"") | B73: =IF(Skills!B3<>"",Skills!B3&IF(AND(Skills!B3<>Skills!H3,Skills!H3>=0)," ("&Skills!H3&")",""),"") | C73: =IF(Skills!C3<>"",Skills!C3,"") | D73: =IF(Skills!D3<>"",Skills!D3,"") | E73: =IF(Skills!E3>"",Skills!E3,"") | F73: =IF(Skills!I3>"",Skills!I3,"") | G73: =IF(Skills!L3>"",Skills!L3,"") | H73: =IF(Skills!M3>"",Skills!M3,"") | I73: =IF(Skills!N3>"",Skills!N3,"") | J73: =IF(Skills!O3>"",Skills!O3,"") | K73: =IF(Skills!P3>"",Skills!P3,"") | L73: =IF(Skills!Q3>"",Skills!Q3,"")
A74: =IF(Skills!A4<>"",Skills!A4,"") -> Armourer | B74: =IF(Skills!B4<>"",Skills!B4&IF(AND(Skills!B4<>Skills!H4,Skills!H4>=0)," ("&Skills!H4&")",""),"") -> Un | C74: =IF(Skills!C4<>"",Skills!C4,"") | D74: =IF(Skills!D4<>"",Skills!D4,"") -> Selected categories? | E74: =IF(Skills!E4>"",Skills!E4,"") | F74: =IF(Skills!I4>"",Skills!I4,"") | G74: =IF(Skills!L4>"",Skills!L4,"") | H74: =IF(Skills!M4>"",Skills!M4,"") | I74: =IF(Skills!N4>"",Skills!N4,"") | J74: =IF(Skills!O4>"",Skills!O4,"") | K74: =IF(Skills!P4>"",Skills!P4,"") | L74: =IF(Skills!Q4>"",Skills!Q4,"")
A75: =IF(Skills!A5<>"",Skills!A5,"") | B75: =IF(Skills!B5<>"",Skills!B5&IF(AND(Skills!B5<>Skills!H5,Skills!H5>=0)," ("&Skills!H5&")",""),"") | C75: =IF(Skills!C5<>"",Skills!C5,"") | D75: =IF(Skills!D5<>"",Skills!D5,"") | E75: =IF(Skills!E5>"",Skills!E5,"") | F75: =IF(Skills!I5>"",Skills!I5,"") | G75: =IF(Skills!L5>"",Skills!L5,"") | H75: =IF(Skills!M5>"",Skills!M5,"") | I75: =IF(Skills!N5>"",Skills!N5,"") | J75: =IF(Skills!O5>"",Skills!O5,"") | K75: =IF(Skills!P5>"",Skills!P5,"") | L75: =IF(Skills!Q5>"",Skills!Q5,"")
A76: =IF(Skills!A6<>"",Skills!A6,"") -> Assassin | B76: =IF(Skills!B6<>"",Skills!B6&IF(AND(Skills!B6<>Skills!H6,Skills!H6>=0)," ("&Skills!H6&")",""),"") -> Un | C76: =IF(Skills!C6<>"",Skills!C6,"") | D76: =IF(Skills!D6<>"",Skills!D6,"") | E76: =IF(Skills!E6>"",Skills!E6,"") | F76: =IF(Skills!I6>"",Skills!I6,"") | G76: =IF(Skills!L6>"",Skills!L6,"") | H76: =IF(Skills!M6>"",Skills!M6,"") | I76: =IF(Skills!N6>"",Skills!N6,"") | J76: =IF(Skills!O6>"",Skills!O6,"") | K76: =IF(Skills!P6>"",Skills!P6,"") | L76: =IF(Skills!Q6>"",Skills!Q6,"")
A77: =IF(Skills!A7<>"",Skills!A7,"") | B77: =IF(Skills!B7<>"",Skills!B7&IF(AND(Skills!B7<>Skills!H7,Skills!H7>=0)," ("&Skills!H7&")",""),"") | C77: =IF(Skills!C7<>"",Skills!C7,"") | D77: =IF(Skills!D7<>"",Skills!D7,"") | E77: =IF(Skills!E7>"",Skills!E7,"") | F77: =IF(Skills!I7>"",Skills!I7,"") | G77: =IF(Skills!L7>"",Skills!L7,"") | H77: =IF(Skills!M7>"",Skills!M7,"") | I77: =IF(Skills!N7>"",Skills!N7,"") | J77: =IF(Skills!O7>"",Skills!O7,"") | K77: =IF(Skills!P7>"",Skills!P7,"") | L77: =IF(Skills!Q7>"",Skills!Q7,"")
A78: =IF(Skills!A8<>"",Skills!A8,"") -> Astrologer | B78: =IF(Skills!B8<>"",Skills!B8&IF(AND(Skills!B8<>Skills!H8,Skills!H8>=0)," ("&Skills!H8&")",""),"") -> Un | C78: =IF(Skills!C8<>"",Skills!C8,"") | D78: =IF(Skills!D8<>"",Skills!D8,"") | E78: =IF(Skills!E8>"",Skills!E8,"") | F78: =IF(Skills!I8>"",Skills!I8,"") | G78: =IF(Skills!L8>"",Skills!L8,"") | H78: =IF(Skills!M8>"",Skills!M8,"") | I78: =IF(Skills!N8>"",Skills!N8,"") | J78: =IF(Skills!O8>"",Skills!O8,"") | K78: =IF(Skills!P8>"",Skills!P8,"") | L78: =IF(Skills!Q8>"",Skills!Q8,"")
A79: =IF(Skills!A9<>"",Skills!A9,"") | B79: =IF(Skills!B9<>"",Skills!B9&IF(AND(Skills!B9<>Skills!H9,Skills!H9>=0)," ("&Skills!H9&")",""),"") | C79: =IF(Skills!C9<>"",Skills!C9,"") | D79: =IF(Skills!D9<>"",Skills!D9,"") | E79: =IF(Skills!E9>"",Skills!E9,"") | F79: =IF(Skills!I9>"",Skills!I9,"") | G79: =IF(Skills!L9>"",Skills!L9,"") | H79: =IF(Skills!M9>"",Skills!M9,"") | I79: =IF(Skills!N9>"",Skills!N9,"") | J79: =IF(Skills!O9>"",Skills!O9,"") | K79: =IF(Skills!P9>"",Skills!P9,"") | L79: =IF(Skills!Q9>"",Skills!Q9,"")
A80: =IF(Skills!A10<>"",Skills!A10,"") -> Beastmaster | B80: =IF(Skills!B10<>"",Skills!B10&IF(AND(Skills!B10<>Skills!H10,Skills!H10>=0)," ("&Skills!H10&")",""),"") -> Un | C80: =IF(Skills!C10<>"",Skills!C10,"") | D80: =IF(Skills!D10<>"",Skills!D10,"") -> Selected Animal Types? | E80: =IF(Skills!E10>"",Skills!E10,"") | F80: =IF(Skills!I10>"",Skills!I10,"") | G80: =IF(Skills!L10>"",Skills!L10,"") | H80: =IF(Skills!M10>"",Skills!M10,"") | I80: =IF(Skills!N10>"",Skills!N10,"") | J80: =IF(Skills!O10>"",Skills!O10,"") | K80: =IF(Skills!P10>"",Skills!P10,"") | L80: =IF(Skills!Q10>"",Skills!Q10,"")
A81: =IF(Skills!A11<>"",Skills!A11,"") | B81: =IF(Skills!B11<>"",Skills!B11&IF(AND(Skills!B11<>Skills!H11,Skills!H11>=0)," ("&Skills!H11&")",""),"") | C81: =IF(Skills!C11<>"",Skills!C11,"") | D81: =IF(Skills!D11<>"",Skills!D11,"") | E81: =IF(Skills!E11>"",Skills!E11,"") | F81: =IF(Skills!I11>"",Skills!I11,"") | G81: =IF(Skills!L11>"",Skills!L11,"") | H81: =IF(Skills!M11>"",Skills!M11,"") | I81: =IF(Skills!N11>"",Skills!N11,"") | J81: =IF(Skills!O11>"",Skills!O11,"") | K81: =IF(Skills!P11>"",Skills!P11,"") | L81: =IF(Skills!Q11>"",Skills!Q11,"")
A82: =IF(Skills!A12<>"",Skills!A12,"") -> Courtier | B82: =IF(Skills!B12<>"",Skills!B12&IF(AND(Skills!B12<>Skills!H12,Skills!H12>=0)," ("&Skills!H12&")",""),"") -> Un | C82: =IF(Skills!C12<>"",Skills!C12,"") | D82: =IF(Skills!D12<>"",Skills!D12,"") -> Selected abilities? | E82: =IF(Skills!E12>"",Skills!E12,"") | F82: =IF(Skills!I12>"",Skills!I12,"") | G82: =IF(Skills!L12>"",Skills!L12,"") | H82: =IF(Skills!M12>"",Skills!M12,"") | I82: =IF(Skills!N12>"",Skills!N12,"") | J82: =IF(Skills!O12>"",Skills!O12,"") | K82: =IF(Skills!P12>"",Skills!P12,"") | L82: =IF(Skills!Q12>"",Skills!Q12,"")
A83: =IF(Skills!A13<>"",Skills!A13,"") | B83: =IF(Skills!B13<>"",Skills!B13&IF(AND(Skills!B13<>Skills!H13,Skills!H13>=0)," ("&Skills!H13&")",""),"") | C83: =IF(Skills!C13<>"",Skills!C13,"") | D83: =IF(Skills!D13<>"",Skills!D13,"") | E83: =IF(Skills!E13>"",Skills!E13,"") | F83: =IF(Skills!I13>"",Skills!I13,"") | G83: =IF(Skills!L13>"",Skills!L13,"") | H83: =IF(Skills!M13>"",Skills!M13,"") | I83: =IF(Skills!N13>"",Skills!N13,"") | J83: =IF(Skills!O13>"",Skills!O13,"") | K83: =IF(Skills!P13>"",Skills!P13,"") | L83: =IF(Skills!Q13>"",Skills!Q13,"")
... A141: =IF(Skills!A71<>"",Skills!A71,"") -> Artisan ? | B141: =IF(Skills!B71<>"",Skills!B71&IF(AND(Skills!B71<>Skills!H71,Skills!H71>=0)," ("&Skills!H71&")",""),"") -> Un | C141: =IF(Skills!C71<>"",Skills!C71,"") | D141: =IF(Skills!D71<>"",Skills!D71,"") | E141: =IF(Skills!E71>"",Skills!E71,"") | F141: =IF(Skills!I71>"",Skills!I71,"") | G141: =IF(Skills!L71>"",Skills!L71,"") | H141: =IF(Skills!M71>"",Skills!M71,"") | I141: =IF(Skills!N71>"",Skills!N71,"") | J141: =IF(Skills!O71>"",Skills!O71,"") | K141: =IF(Skills!P71>"",Skills!P71,"") | L141: =IF(Skills!Q71>"",Skills!Q71,"")
A142: =IF(Skills!A73<>"",Skills!A73,"") | B142: =IF(Skills!B73<>"",Skills!B73&IF(AND(Skills!B73<>Skills!H73,Skills!H73>=0)," ("&Skills!H73&")",""),"") | C142: =IF(Skills!C73<>"",Skills!C73,"") | D142: =IF(Skills!D73<>"",Skills!D73,"") | E142: =IF(Skills!E73>"",Skills!E73,"") | F142: =IF(Skills!I73>"",Skills!I73,"") | G142: =IF(Skills!L73>"",Skills!L73,"") | H142: =IF(Skills!M73>"",Skills!M73,"") | I142: =IF(Skills!N73>"",Skills!N73,"") | J142: =IF(Skills!O73>"",Skills!O73,"") | K142: =IF(Skills!P73>"",Skills!P73,"") | L142: =IF(Skills!Q73>"",Skills!Q73,"")
A143: =Skills!A74 -> Adventuring Skills
A144: =Skills!A75 -> Climbing | B144: =IF(Skills!B75<>"",Skills!B75&IF(AND(Skills!B75<>Skills!H75,Skills!H75>=0)," ("&Skills!H75&")",""),"") -> 0 | C144: =Skills!C75 -> 52 | D144: =IF(Skills!D75<>"",Skills!D75,"") -> -1% per 10' check every 20' | E144: =IF(Skills!E75>"",Skills!E75,"") | F144: =IF(Skills!I75>"",Skills!I75,"") | G144: =IF(Skills!L75>"",Skills!L75,"") | H144: =IF(Skills!M75>"",Skills!M75,"") | I144: =IF(Skills!N75>"",Skills!N75,"") | J144: =IF(Skills!O75>"",Skills!O75,"") | K144: =IF(Skills!P75>"",Skills!P75,"") | L144: =IF(Skills!Q75>"",Skills!Q75,"")
A145: =Skills!A76 -> Flying | B145: =IF(Skills!B76<>"",Skills!B76&IF(AND(Skills!B76<>Skills!H76,Skills!H76>=0)," ("&Skills!H76&")",""),"") -> 0 | C145: =Skills!C76 -> 33 | D145: =IF(Skills!D76<>"",Skills!D76,"") -> Weapon use: 1H | E145: =IF(Skills!E76>"",Skills!E76,"") | F145: =IF(Skills!I76>"",Skills!I76,"") | G145: =IF(Skills!L76>"",Skills!L76,"") | H145: =IF(Skills!M76>"",Skills!M76,"") | I145: =IF(Skills!N76>"",Skills!N76,"") | J145: =IF(Skills!O76>"",Skills!O76,"") | K145: =IF(Skills!P76>"",Skills!P76,"") | L145: =IF(Skills!Q76>"",Skills!Q76,"")
A146: =Skills!A77 -> Horsemanship | B146: =IF(Skills!B77<>"",Skills!B77&IF(AND(Skills!B77<>Skills!H77,Skills!H77>=0)," ("&Skills!H77&")",""),"") -> 0 | C146: =Skills!C77 -> 13 | D146: =IF(Skills!D77<>"",Skills!D77,"") -> Weapon use: 1H | E146: =IF(Skills!E77>"",Skills!E77,"") | F146: =IF(Skills!I77>"",Skills!I77,"") | G146: =IF(Skills!L77>"",Skills!L77,"") | H146: =IF(Skills!M77>"",Skills!M77,"") | I146: =IF(Skills!N77>"",Skills!N77,"") | J146: =IF(Skills!O77>"",Skills!O77,"") | K146: =IF(Skills!P77>"",Skills!P77,"") | L146: =IF(Skills!Q77>"",Skills!Q77,"")
A147: =Skills!A78 -> Stealth | B147: =IF(Skills!B78<>"",Skills!B78&IF(AND(Skills!B78<>Skills!H78,Skills!H78>=0)," ("&Skills!H78&")",""),"") -> 0 | C147: =Skills!C78 -> 33 | D147: =Skills!D78 -> Outdoors: 33 | E147: =Skills!E78 -> 0 | F147: =Skills!I78 -> 7 | G147: =Skills!L78 -> 500 | H147: =Skills!M78 -> 0 | I147: =Skills!N78 -> 500 | J147: =Skills!O78 -> 1000 | K147: =Skills!P78 -> 1500 | L147: =Skills!Q78 -> 2000
A148: =Skills!A79 -> Swimming | B148: =IF(Skills!B79<>"",Skills!B79&IF(AND(Skills!B79<>Skills!H79,Skills!H79>=0)," ("&Skills!H79&")",""),"") -> 0 | C148: =Skills!C79 -> 16 | D148: =IF(Skills!D79<>"",Skills!D79,"") -> Swim TMR: 1 | E148: =IF(Skills!E79>"",Skills!E79,"") | F148: =IF(Skills!I79>"",Skills!I79,"") | G148: =IF(Skills!L79>"",Skills!L79,"") | H148: =IF(Skills!M79>"",Skills!M79,"") | I148: =IF(Skills!N79>"",Skills!N79,"") | J148: =IF(Skills!O79>"",Skills!O79,"") | K148: =IF(Skills!P79>"",Skills!P79,"") | L148: =IF(Skills!Q79>"",Skills!Q79,"")
A149: =Skills!A80 -> Languages | B149: Eff Rk | E149: Languages | G149: Eff Rk | I149: Languages | K149: Eff Rk
A150: =Skills!A81 -> Common | B150: =IF(A150<>"",VLOOKUP(A150,Languages!$A$3:$C$95,3,FALSE),"") -> 8 | C150: =IF(Skills!D81<>"",Skills!D81,"") -> Westron | E150: Akinrosi | G150: =IF(LEN(E150)>1,SUBSTITUTE(VLOOKUP(E150,Languages!$A$3:$C$95,3,FALSE),"-1","",1),"") | H150: =_xlfn.IFNA(VLOOKUP(E150,Skills!$A$81:$D$106,4,0),"") | I150: Drow | K150: =IF(LEN(I150)>1,SUBSTITUTE(VLOOKUP(I150,Languages!$A$3:$C$95,3,FALSE),"-1","",1),"") | L150: =_xlfn.IFNA(VLOOKUP(I150,Skills!$A$81:$D$106,4,0),"")
A151: =Skills!A82 -> Dwarvish | B151: =IF(LEN(A151)>1,SUBSTITUTE(VLOOKUP(A151,Languages!$A$3:$C$95,3,FALSE),"-1","",1),"") | C151: =IF(Skills!D82<>"",Skills!D82,"") | E151: Alman | G151: =IF(LEN(E151)>1,SUBSTITUTE(VLOOKUP(E151,Languages!$A$3:$C$95,3,FALSE),"-1","",1),"") | H151: =_xlfn.IFNA(VLOOKUP(E151,Skills!$A$81:$D$106,4,0),"") | I151: Eldaran | K151: =IF(LEN(I151)>1,SUBSTITUTE(VLOOKUP(I151,Languages!$A$3:$C$95,3,FALSE),"-1","",1),"") | L151: =_xlfn.IFNA(VLOOKUP(I151,Skills!$A$81:$D$106,4,0),"")
A152: =Skills!A83 -> Elvish | B152: =IF(LEN(A152)>1,SUBSTITUTE(VLOOKUP(A152,Languages!$A$3:$C$95,3,FALSE),"-1","",1),"") | C152: =IF(Skills!D83<>"",Skills!D83,"") | E152: Arabiq | G152: =IF(LEN(E152)>1,SUBSTITUTE(VLOOKUP(E152,Languages!$A$3:$C$95,3,FALSE),"-1","",1),"") | H152: =_xlfn.IFNA(VLOOKUP(E152,Skills!$A$81:$D$106,4,0),"") | I152: Eloran | K152: =IF(LEN(I152)>1,SUBSTITUTE(VLOOKUP(I152,Languages!$A$3:$C$95,3,FALSE),"-1","",1),"") | L152: =_xlfn.IFNA(VLOOKUP(I152,Skills!$A$81:$D$106,4,0),"")
A153: =Skills!A84 -> Halfling | B153: =IF(LEN(A153)>1,SUBSTITUTE(VLOOKUP(A153,Languages!$A$3:$C$95,3,FALSE),"-1","",1),"") | C153: =IF(Skills!D84<>"",Skills!D84,"") | E153: Brett | G153: =IF(LEN(E153)>1,SUBSTITUTE(VLOOKUP(E153,Languages!$A$3:$C$95,3,FALSE),"-1","",1),"") | H153: =_xlfn.IFNA(VLOOKUP(E153,Skills!$A$81:$D$106,4,0),"") | I153: Erelheine | K153: =IF(LEN(I153)>1,SUBSTITUTE(VLOOKUP(I153,Languages!$A$3:$C$95,3,FALSE),"-1","",1),"") | L153: =_xlfn.IFNA(VLOOKUP(I153,Skills!$A$81:$D$106,4,0),"")
A154: =Skills!A85 -> Hill Giant | B154: =IF(LEN(A154)>1,SUBSTITUTE(VLOOKUP(A154,Languages!$A$3:$C$95,3,FALSE),"-1","",1),"") | C154: =IF(Skills!D85<>"",Skills!D85,"") | E154: Destinian | G154: =IF(LEN(E154)>1,SUBSTITUTE(VLOOKUP(E154,Languages!$A$3:$C$95,3,FALSE),"-1","",1),"") | H154: =_xlfn.IFNA(VLOOKUP(E154,Skills!$A$81:$D$106,4,0),"") | I154: Quenchan | K154: =IF(LEN(I154)>1,SUBSTITUTE(VLOOKUP(I154,Languages!$A$3:$C$95,3,FALSE),"-1","",1),"") | L154: =_xlfn.IFNA(VLOOKUP(I154,Skills!$A$81:$D$106,4,0),"")
A155: =Skills!A86 -> Orcish | B155: =IF(LEN(A155)>1,SUBSTITUTE(VLOOKUP(A155,Languages!$A$3:$C$95,3,FALSE),"-1","",1),"") | C155: =IF(Skills!D86<>"",Skills!D86,"") | E155: Domani | G155: =IF(LEN(E155)>1,SUBSTITUTE(VLOOKUP(E155,Languages!$A$3:$C$95,3,FALSE),"-1","",1),"") | H155: =_xlfn.IFNA(VLOOKUP(E155,Skills!$A$81:$D$106,4,0),"") | I155: Terranovan Drow | K155: =IF(LEN(I155)>1,SUBSTITUTE(VLOOKUP(I155,Languages!$A$3:$C$95,3,FALSE),"-1","",1),"") | L155: =_xlfn.IFNA(VLOOKUP(I155,Skills!$A$81:$D$106,4,0),"")
A156: =Skills!A87 -> Silent Tongue | B156: =IF(LEN(A156)>1,SUBSTITUTE(VLOOKUP(A156,Languages!$A$3:$C$95,3,FALSE),"-1","",1),"") | C156: =IF(Skills!D87<>"",Skills!D87,"") | E156: Draknbrger | G156: =IF(LEN(E156)>1,SUBSTITUTE(VLOOKUP(E156,Languages!$A$3:$C$95,3,FALSE),"-1","",1),"") | H156: =_xlfn.IFNA(VLOOKUP(E156,Skills!$A$81:$D$106,4,0),"") | K156: =IF(LEN(I156)>1,SUBSTITUTE(VLOOKUP(I156,Languages!$A$3:$C$95,3,FALSE),"-1","",1),"") | L156: =_xlfn.IFNA(VLOOKUP(I156,Skills!$A$81:$D$106,4,0),"")
A157: =Skills!A88 -> 0 | B157: =IF(LEN(A157)>1,SUBSTITUTE(VLOOKUP(A157,Languages!$A$3:$C$95,3,FALSE),"-1","",1),"") | C157: =IF(Skills!D88<>"",Skills!D88,"") | E157: Ebolan | G157: =IF(LEN(E157)>1,SUBSTITUTE(VLOOKUP(E157,Languages!$A$3:$C$95,3,FALSE),"-1","",1),"") | H157: =_xlfn.IFNA(VLOOKUP(E157,Skills!$A$81:$D$106,4,0),"") | I157: Cloud Giant | K157: =IF(LEN(I157)>1,SUBSTITUTE(VLOOKUP(I157,Languages!$A$3:$C$95,3,FALSE),"-1","",1),"") | L157: =_xlfn.IFNA(VLOOKUP(I157,Skills!$A$81:$D$106,4,0),"")
A158: =Skills!A89 -> 0 | B158: =IF(LEN(A158)>1,SUBSTITUTE(VLOOKUP(A158,Languages!$A$3:$C$95,3,FALSE),"-1","",1),"") | C158: =IF(Skills!D89<>"",Skills!D89,"") | E158: Ellenic | G158: =IF(LEN(E158)>1,SUBSTITUTE(VLOOKUP(E158,Languages!$A$3:$C$95,3,FALSE),"-1","",1),"") | H158: =_xlfn.IFNA(VLOOKUP(E158,Skills!$A$81:$D$106,4,0),"") | I158: Fire Giant | K158: =IF(LEN(I158)>1,SUBSTITUTE(VLOOKUP(I158,Languages!$A$3:$C$95,3,FALSE),"-1","",1),"") | L158: =_xlfn.IFNA(VLOOKUP(I158,Skills!$A$81:$D$106,4,0),"")
A159: =Skills!A90 -> 0 | B159: =IF(LEN(A159)>1,SUBSTITUTE(VLOOKUP(A159,Languages!$A$3:$C$95,3,FALSE),"-1","",1),"") | C159: =IF(Skills!D90<>"",Skills!D90,"") | E159: Five Sisters | G159: =IF(LEN(E159)>1,SUBSTITUTE(VLOOKUP(E159,Languages!$A$3:$C$95,3,FALSE),"-1","",1),"") | H159: =_xlfn.IFNA(VLOOKUP(E159,Skills!$A$81:$D$106,4,0),"") | I159: Frost Giant | K159: =IF(LEN(I159)>1,SUBSTITUTE(VLOOKUP(I159,Languages!$A$3:$C$95,3,FALSE),"-1","",1),"") | L159: =_xlfn.IFNA(VLOOKUP(I159,Skills!$A$81:$D$106,4,0),"")
A160: =Skills!A91 -> 0 | B160: =IF(LEN(A160)>1,SUBSTITUTE(VLOOKUP(A160,Languages!$A$3:$C$95,3,FALSE),"-1","",1),"") | C160: =IF(Skills!D91<>"",Skills!D91,"") | E160: Folksprach | G160: =IF(LEN(E160)>1,SUBSTITUTE(VLOOKUP(E160,Languages!$A$3:$C$95,3,FALSE),"-1","",1),"") | H160: =_xlfn.IFNA(VLOOKUP(E160,Skills!$A$81:$D$106,4,0),"") | I160: Stone Giant | K160: =IF(LEN(I160)>1,SUBSTITUTE(VLOOKUP(I160,Languages!$A$3:$C$95,3,FALSE),"-1","",1),"") | L160: =_xlfn.IFNA(VLOOKUP(I160,Skills!$A$81:$D$106,4,0),"")
A161: =Skills!A92 -> 0 | B161: =IF(LEN(A161)>1,SUBSTITUTE(VLOOKUP(A161,Languages!$A$3:$C$95,3,FALSE),"-1","",1),"") | C161: =IF(Skills!D92<>"",Skills!D92,"") | E161: Hindian | G161: =IF(LEN(E161)>1,SUBSTITUTE(VLOOKUP(E161,Languages!$A$3:$C$95,3,FALSE),"-1","",1),"") | H161: =_xlfn.IFNA(VLOOKUP(E161,Skills!$A$81:$D$106,4,0),"") | I161: Storm Giant | K161: =IF(LEN(I161)>1,SUBSTITUTE(VLOOKUP(I161,Languages!$A$3:$C$95,3,FALSE),"-1","",1),"") | L161: =_xlfn.IFNA(VLOOKUP(I161,Skills!$A$81:$D$106,4,0),"")
A162: =Skills!A93 -> 0 | B162: =IF(LEN(A162)>1,SUBSTITUTE(VLOOKUP(A162,Languages!$A$3:$C$95,3,FALSE),"-1","",1),"") | C162: =IF(Skills!D93<>"",Skills!D93,"") | E162: Jhavanese | G162: =IF(LEN(E162)>1,SUBSTITUTE(VLOOKUP(E162,Languages!$A$3:$C$95,3,FALSE),"-1","",1),"") | H162: =_xlfn.IFNA(VLOOKUP(E162,Skills!$A$81:$D$106,4,0),"") | I162: Titan | K162: =IF(LEN(I162)>1,SUBSTITUTE(VLOOKUP(I162,Languages!$A$3:$C$95,3,FALSE),"-1","",1),"") | L162: =_xlfn.IFNA(VLOOKUP(I162,Skills!$A$81:$D$106,4,0),"")
A163: =Skills!A94 -> 0 | B163: =IF(LEN(A163)>1,SUBSTITUTE(VLOOKUP(A163,Languages!$A$3:$C$95,3,FALSE),"-1","",1),"") | C163: =IF(Skills!D94<>"",Skills!D94,"") | E163: Kipchak | G163: =IF(LEN(E163)>1,SUBSTITUTE(VLOOKUP(E163,Languages!$A$3:$C$95,3,FALSE),"-1","",1),"") | H163: =_xlfn.IFNA(VLOOKUP(E163,Skills!$A$81:$D$106,4,0),"") | I163: Draconic | K163: =IF(LEN(I163)>1,SUBSTITUTE(VLOOKUP(I163,Languages!$A$3:$C$95,3,FALSE),"-1","",1),"") | L163: =_xlfn.IFNA(VLOOKUP(I163,Skills!$A$81:$D$106,4,0),"")
A164: =Skills!A95 -> 0 | B164: =IF(LEN(A164)>1,SUBSTITUTE(VLOOKUP(A164,Languages!$A$3:$C$95,3,FALSE),"-1","",1),"") | C164: =IF(Skills!D95<>"",Skills!D95,"") | E164: Kravonian | G164: =IF(LEN(E164)>1,SUBSTITUTE(VLOOKUP(E164,Languages!$A$3:$C$95,3,FALSE),"-1","",1),"") | H164: =_xlfn.IFNA(VLOOKUP(E164,Skills!$A$81:$D$106,4,0),"") | I164: Nagan | K164: =IF(LEN(I164)>1,SUBSTITUTE(VLOOKUP(I164,Languages!$A$3:$C$95,3,FALSE),"-1","",1),"") | L164: =_xlfn.IFNA(VLOOKUP(I164,Skills!$A$81:$D$106,4,0),"")
A165: =Skills!A96 -> 0 | B165: =IF(LEN(A165)>1,SUBSTITUTE(VLOOKUP(A165,Languages!$A$3:$C$95,3,FALSE),"-1","",1),"") | C165: =IF(Skills!D96<>"",Skills!D96,"") | E165: Lalange | G165: =IF(LEN(E165)>1,SUBSTITUTE(VLOOKUP(E165,Languages!$A$3:$C$95,3,FALSE),"-1","",1),"") | H165: =_xlfn.IFNA(VLOOKUP(E165,Skills!$A$81:$D$106,4,0),"") | I165: Draconic | K165: =IF(LEN(I165)>1,SUBSTITUTE(VLOOKUP(I165,Languages!$A$3:$C$95,3,FALSE),"-1","",1),"") | L165: =_xlfn.IFNA(VLOOKUP(I165,Skills!$A$81:$D$106,4,0),"")
A166: =Skills!A97 -> 0 | B166: =IF(LEN(A166)>1,SUBSTITUTE(VLOOKUP(A166,Languages!$A$3:$C$95,3,FALSE),"-1","",1),"") | C166: =IF(Skills!D97<>"",Skills!D97,"") | E166: Lunar Empire | G166: =IF(LEN(E166)>1,SUBSTITUTE(VLOOKUP(E166,Languages!$A$3:$C$95,3,FALSE),"-1","",1),"") | H166: =_xlfn.IFNA(VLOOKUP(E166,Skills!$A$81:$D$106,4,0),"") | I166: Nagan | K166: =IF(LEN(I166)>1,SUBSTITUTE(VLOOKUP(I166,Languages!$A$3:$C$95,3,FALSE),"-1","",1),"") | L166: =_xlfn.IFNA(VLOOKUP(I166,Skills!$A$81:$D$106,4,0),"")
A167: =Skills!A98 -> 0 | B167: =IF(LEN(A167)>1,SUBSTITUTE(VLOOKUP(A167,Languages!$A$3:$C$95,3,FALSE),"-1","",1),"") | C167: =IF(Skills!D98<>"",Skills!D98,"") | E167: Madyrese | G167: =IF(LEN(E167)>1,SUBSTITUTE(VLOOKUP(E167,Languages!$A$3:$C$95,3,FALSE),"-1","",1),"") | H167: =_xlfn.IFNA(VLOOKUP(E167,Skills!$A$81:$D$106,4,0),"") | K167: =IF(LEN(I167)>1,SUBSTITUTE(VLOOKUP(I167,Languages!$A$3:$C$95,3,FALSE),"-1","",1),"") | L167: =_xlfn.IFNA(VLOOKUP(I167,Skills!$A$81:$D$106,4,0),"")
A168: =Skills!A99 -> 0 | B168: =IF(LEN(A168)>1,SUBSTITUTE(VLOOKUP(A168,Languages!$A$3:$C$95,3,FALSE),"-1","",1),"") | C168: =IF(Skills!D99<>"",Skills!D99,"") | E168: Mylae | G168: =IF(LEN(E168)>1,SUBSTITUTE(VLOOKUP(E168,Languages!$A$3:$C$95,3,FALSE),"-1","",1),"") | H168: =_xlfn.IFNA(VLOOKUP(E168,Skills!$A$81:$D$106,4,0),"") | I168: Gnomish | K168: =IF(LEN(I168)>1,SUBSTITUTE(VLOOKUP(I168,Languages!$A$3:$C$95,3,FALSE),"-1","",1),"") | L168: =_xlfn.IFNA(VLOOKUP(I168,Skills!$A$81:$D$106,4,0),"")
A169: =Skills!A100 -> 0 | B169: =IF(LEN(A169)>1,SUBSTITUTE(VLOOKUP(A169,Languages!$A$3:$C$95,3,FALSE),"-1","",1),"") | C169: =IF(Skills!D100<>"",Skills!D100,"") | E169: Panjari | G169: =IF(LEN(E169)>1,SUBSTITUTE(VLOOKUP(E169,Languages!$A$3:$C$95,3,FALSE),"-1","",1),"") | H169: =_xlfn.IFNA(VLOOKUP(E169,Skills!$A$81:$D$106,4,0),"") | I169: Goblin | K169: =IF(LEN(I169)>1,SUBSTITUTE(VLOOKUP(I169,Languages!$A$3:$C$95,3,FALSE),"-1","",1),"") | L169: =_xlfn.IFNA(VLOOKUP(I169,Skills!$A$81:$D$106,4,0),"")
A170: =Skills!A101 -> 0 | B170: =IF(LEN(A170)>1,SUBSTITUTE(VLOOKUP(A170,Languages!$A$3:$C$95,3,FALSE),"-1","",1),"") | C170: =IF(Skills!D101<>"",Skills!D101,"") | E170: Pasifikan | G170: =IF(LEN(E170)>1,SUBSTITUTE(VLOOKUP(E170,Languages!$A$3:$C$95,3,FALSE),"-1","",1),"") | H170: =_xlfn.IFNA(VLOOKUP(E170,Skills!$A$81:$D$106,4,0),"") | I170: Hobgoblin | K170: =IF(LEN(I170)>1,SUBSTITUTE(VLOOKUP(I170,Languages!$A$3:$C$95,3,FALSE),"-1","",1),"") | L170: =_xlfn.IFNA(VLOOKUP(I170,Skills!$A$81:$D$106,4,0),"")
A171: =Skills!A102 -> 0 | B171: =IF(LEN(A171)>1,SUBSTITUTE(VLOOKUP(A171,Languages!$A$3:$C$95,3,FALSE),"-1","",1),"") | C171: =IF(Skills!D102<>"",Skills!D102,"") | E171: Raniterran | G171: =IF(LEN(E171)>1,SUBSTITUTE(VLOOKUP(E171,Languages!$A$3:$C$95,3,FALSE),"-1","",1),"") | H171: =_xlfn.IFNA(VLOOKUP(E171,Skills!$A$81:$D$106,4,0),"") | I171: Kobold | K171: =IF(LEN(I171)>1,SUBSTITUTE(VLOOKUP(I171,Languages!$A$3:$C$95,3,FALSE),"-1","",1),"") | L171: =_xlfn.IFNA(VLOOKUP(I171,Skills!$A$81:$D$106,4,0),"")
A172: =Skills!A103 -> 0 | B172: =IF(LEN(A172)>1,SUBSTITUTE(VLOOKUP(A172,Languages!$A$3:$C$95,3,FALSE),"-1","",1),"") | C172: =IF(Skills!D103<>"",Skills!D103,"") | E172: Reichspiel | G172: =IF(LEN(E172)>1,SUBSTITUTE(VLOOKUP(E172,Languages!$A$3:$C$95,3,FALSE),"-1","",1),"") | H172: =_xlfn.IFNA(VLOOKUP(E172,Skills!$A$81:$D$106,4,0),"") | I172: Ogre | K172: =IF(LEN(I172)>1,SUBSTITUTE(VLOOKUP(I172,Languages!$A$3:$C$95,3,FALSE),"-1","",1),"") | L172: =_xlfn.IFNA(VLOOKUP(I172,Skills!$A$81:$D$106,4,0),"")
A173: =Skills!A104 -> 0 | B173: =IF(LEN(A173)>1,SUBSTITUTE(VLOOKUP(A173,Languages!$A$3:$C$95,3,FALSE),"-1","",1),"") | C173: =IF(Skills!D104<>"",Skills!D104,"") | E173: Ruskan | G173: =IF(LEN(E173)>1,SUBSTITUTE(VLOOKUP(E173,Languages!$A$3:$C$95,3,FALSE),"-1","",1),"") | H173: =_xlfn.IFNA(VLOOKUP(E173,Skills!$A$81:$D$106,4,0),"") | I173: Troll | K173: =IF(LEN(I173)>1,SUBSTITUTE(VLOOKUP(I173,Languages!$A$3:$C$95,3,FALSE),"-1","",1),"") | L173: =_xlfn.IFNA(VLOOKUP(I173,Skills!$A$81:$D$106,4,0),"")
A174: =Skills!A105 -> 0 | B174: =IF(LEN(A174)>1,SUBSTITUTE(VLOOKUP(A174,Languages!$A$3:$C$95,3,FALSE),"-1","",1),"") | C174: =IF(Skills!D105<>"",Skills!D105,"") | E174: Sanddweller | G174: =IF(LEN(E174)>1,SUBSTITUTE(VLOOKUP(E174,Languages!$A$3:$C$95,3,FALSE),"-1","",1),"") | H174: =_xlfn.IFNA(VLOOKUP(E174,Skills!$A$81:$D$106,4,0),"") | I174: Gnoll | K174: =IF(LEN(I174)>1,SUBSTITUTE(VLOOKUP(I174,Languages!$A$3:$C$95,3,FALSE),"-1","",1),"") | L174: =_xlfn.IFNA(VLOOKUP(I174,Skills!$A$81:$D$106,4,0),"")
A175: =Skills!A106 -> 0 | B175: =IF(LEN(A175)>1,SUBSTITUTE(VLOOKUP(A175,Languages!$A$3:$C$95,3,FALSE),"-1","",1),"") | C175: =IF(Skills!D106<>"",Skills!D106,"") | E175: Saxony | G175: =IF(LEN(E175)>1,SUBSTITUTE(VLOOKUP(E175,Languages!$A$3:$C$95,3,FALSE),"-1","",1),"") | H175: =_xlfn.IFNA(VLOOKUP(E175,Skills!$A$81:$D$106,4,0),"") | I175: Saurime | K175: =IF(LEN(I175)>1,SUBSTITUTE(VLOOKUP(I175,Languages!$A$3:$C$95,3,FALSE),"-1","",1),"") | L175: =_xlfn.IFNA(VLOOKUP(I175,Skills!$A$81:$D$106,4,0),"")
A176: =Skills!A107 -> 0 | B176: =IF(LEN(A176)>1,SUBSTITUTE(VLOOKUP(A176,Languages!$A$3:$C$95,3,FALSE),"-1","",1),"") | C176: =IF(Skills!D107<>"",Skills!D107,"") | E176: Sea of Grass | G176: =IF(LEN(E176)>1,SUBSTITUTE(VLOOKUP(E176,Languages!$A$3:$C$95,3,FALSE),"-1","",1),"") | H176: =_xlfn.IFNA(VLOOKUP(E176,Skills!$A$81:$D$106,4,0),"") | I176: Merfolk | K176: =IF(LEN(I176)>1,SUBSTITUTE(VLOOKUP(I176,Languages!$A$3:$C$95,3,FALSE),"-1","",1),"") | L176: =_xlfn.IFNA(VLOOKUP(I176,Skills!$A$81:$D$106,4,0),"")
A177: =Skills!A108 -> 0 | B177: =IF(LEN(A177)>1,SUBSTITUTE(VLOOKUP(A177,Languages!$A$3:$C$95,3,FALSE),"-1","",1),"") | C177: =IF(Skills!D108<>"",Skills!D108,"") | E177: Themiskryan | G177: =IF(LEN(E177)>1,SUBSTITUTE(VLOOKUP(E177,Languages!$A$3:$C$95,3,FALSE),"-1","",1),"") | H177: =_xlfn.IFNA(VLOOKUP(E177,Skills!$A$81:$D$106,4,0),"") | K177: =IF(LEN(I177)>1,SUBSTITUTE(VLOOKUP(I177,Languages!$A$3:$C$95,3,FALSE),"-1","",1),"") | L177: =_xlfn.IFNA(VLOOKUP(I177,Skills!$A$81:$D$106,4,0),"")
A179: ="NB All of the above numbers are calculated based on a combat Encumbrance of "&Bonuses!$C$3&" lbs." -> NB All of the above numbers are calculated based on a combat Encumbrance of 25 lbs. | K179: NC: | L179: ="+"&Bonuses!$D$3&" lbs" -> +34.8 lbs
C180: lbs | D180: lbs (NC) | K180: lbs | L180: lbs (NC)
A181: =Bonuses!B16 -> Hard Leather Armour AP 5 Wt 3 AG -1 | C181: =Bonuses!C16 -> 18 | D181: =Bonuses!D16 -> 0 | F181: =Bonuses!B34 -> 0 Wiccan Amulets | K181: =Bonuses!C34 -> 0 | L181: =Bonuses!D34 -> 0
A182: =Bonuses!B17 -> 2nd Armour/Protection | C182: =Bonuses!C17 -> 0 | D182: =Bonuses!D17 -> 0 | F182: =Bonuses!B35 -> 0 | K182: =Bonuses!C35 -> 0 | L182: =Bonuses!D35 -> 0
A183: =Bonuses!B18 -> 3rd Armour/Protection | C183: =Bonuses!C18 -> 0 | D183: =Bonuses!D18 -> 0 | F183: =Bonuses!B36 -> 0 | K183: =Bonuses!C36 -> 0 | L183: =Bonuses!D36 -> 0
A184: =Bonuses!B19 -> 0 | C184: =Bonuses!C19 -> 0 | D184: =Bonuses!D19 -> 0 | F184: =Bonuses!B37 -> Newhaven Starter Kit: | K184: =Bonuses!C37 -> 0 | L184: =Bonuses!D37 -> 0
A185: =Bonuses!B20 -> 0 | C185: =Bonuses!C20 -> 0 | D185: =Bonuses!D20 -> 0 | F185: =Bonuses!B38 -> Silvered Dagger | K185: =Bonuses!C38 -> 1 | L185: =Bonuses!D38 -> 0
...

Sheet Attack Rolls
A1: Situational Dice Modifiers | B1: 0 | C1: SC% Mod | E1: Dice Mod: | F1: =-1-B1+S15 -> -1 | G1: (Lesser & Situational) | S1: Assassin
A2: Front | B2: IV | C2: % Roll | D2: D10(s) | E2: Hit By | F2: Dmg | G2: Def EN | H2: Def SG | J2: SC% | K2: Mod % Roll | L2: Dmg+ | M2: EN % | N2: SG % | Q2: Hex-Facing Modifiers: | R2: SC% | S2: Dice Mod | T2: Damage
A3: Melee: | C3: 0 | Q3: Front | R3: 0 | S3: =S4 -> 0 | T3: =T4 -> 0
A4: Unarmed | B4: =VLOOKUP($A4,'Summary (P)'!$A$16:$E$35,3,0) -> 16 | E4: =IF(C4="","",$J4-$K4) | F4: =IF(D4="","",D4+L4+$F$3+$T$15) | G4: =IF(C4="","",MAX(0,$J4-TRUNC($K4/$M4,0))) | H4: =IF(C4="","",MAX(0,$J4-($K4/$N4))) | I4: =VLOOKUP($A4,'Summary (P)'!$A$16:$E$35,5,0) -> -4 | J4: =VLOOKUP($A4,'Summary (P)'!$A$16:$E$35,4,0)+$C$3+$R$15 -> 22 | K4: =MAX(1,'Attack Rolls'!C4+$F$1) -> 1 | L4: =RIGHT(VLOOKUP($A4,'Summary (P)'!$A$16:$E$35,5,0),2) -> -4 | M4: 0.15 | N4: 0.05 | Q4: Flank | R4: 10 | S4: =TRUNC(S5/3,0) -> 0 | T4: =TRUNC(T5/3,0) -> 0
A5: ='Summary (P)'!A17 -> Small Round | B5: =VLOOKUP($A5,'Summary (P)'!$A$16:$E$35,3,0) -> 16 | E5: =IF(C5="","",$J5-$K5) | F5: =IF(D5="","",D5+L5+$F$3+$T$15) | G5: =IF(C5="","",MAX(0,$J5-TRUNC($K5/$M5,0))) | H5: =IF(C5="","",MAX(0,$J5-($K5/$N5))) | I5: =VLOOKUP($A5,'Summary (P)'!$A$16:$E$35,5,0) -> -1 | J5: =VLOOKUP($A5,'Summary (P)'!$A$16:$E$35,4,0)+$C$3+$R$15 -> 40 | K5: =MAX(1,'Attack Rolls'!C5+$F$1) -> 1 | L5: =RIGHT(VLOOKUP($A5,'Summary (P)'!$A$16:$E$35,5,0),2) -> -1 | M5: 0.15 | N5: 0.05 | Q5: Rear | R5: 30 | S5: ='Spec Grev'!$J$2*-1 -> 0 | T5: ='Spec Grev'!$J$2*1 -> 0
A6: ='Summary (P)'!A18 -> Battle Axe (1-2) | B6: =VLOOKUP($A6,'Summary (P)'!$A$16:$E$35,3,0) -> 16 | E6: =IF(C6="","",$J6-$K6) | F6: =IF(D6="","",D6+L6+$F$3+$T$15) | G6: =IF(C6="","",MAX(0,$J6-TRUNC($K6/$M6,0))) | H6: =IF(C6="","",MAX(0,$J6-($K6/$N6))) | I6: =VLOOKUP($A6,'Summary (P)'!$A$16:$E$35,5,0) -> 4 | J6: =VLOOKUP($A6,'Summary (P)'!$A$16:$E$35,4,0)+$C$3+$R$15 -> 60 | K6: =MAX(1,'Attack Rolls'!C6+$F$1) -> 1 | L6: =RIGHT(VLOOKUP($A6,'Summary (P)'!$A$16:$E$35,5,0),2) -> 4 | M6: 0.15 | N6: 0.05 | Q6: Surprise Front | R6: 0 | S6: ='Spec Grev'!$J$2*-2 -> 0 | T6: ='Spec Grev'!$J$2*2 -> 0
A7: ='Summary (P)'!A19 -> Falchion | B7: =VLOOKUP($A7,'Summary (P)'!$A$16:$E$35,3,0) -> 16 | E7: =IF(C7="","",$J7-$K7) | F7: =IF(D7="","",D7+L7+$F$3+$T$15) | G7: =IF(C7="","",MAX(0,$J7-TRUNC($K7/$M7,0))) | H7: =IF(C7="","",MAX(0,$J7-($K7/$N7))) | I7: =VLOOKUP($A7,'Summary (P)'!$A$16:$E$35,5,0) -> 2 | J7: =VLOOKUP($A7,'Summary (P)'!$A$16:$E$35,4,0)+$C$3+$R$15 -> 50 | K7: =MAX(1,'Attack Rolls'!C7+$F$1) -> 1 | L7: =RIGHT(VLOOKUP($A7,'Summary (P)'!$A$16:$E$35,5,0),2) -> 2 | M7: 0.15 | N7: 0.05 | Q7: Surprise Flank | R7: 10 | S7: =S6 -> 0 | T7: =T6 -> 0
A8: ='Summary (P)'!A20 -> Dagger | B8: =VLOOKUP($A8,'Summary (P)'!$A$16:$E$35,3,0) -> 16 | E8: =IF(C8="","",$J8-$K8) | F8: =IF(D8="","",D8+L8+$F$3+$T$15) | G8: =IF(C8="","",MAX(0,$J8-TRUNC($K8/$M8,0))) | H8: =IF(C8="","",MAX(0,$J8-($K8/$N8))) | I8: =VLOOKUP($A8,'Summary (P)'!$A$16:$E$35,5,0) -> 1 | J8: =VLOOKUP($A8,'Summary (P)'!$A$16:$E$35,4,0)+$C$3+$R$15 -> 40 | K8: =MAX(1,'Attack Rolls'!C8+$F$1) -> 1 | L8: =RIGHT(VLOOKUP($A8,'Summary (P)'!$A$16:$E$35,5,0),2) -> 1 | M8: 0.15 | N8: 0.05 | Q8: Surprise Rear | R8: 30 | S8: =S7 -> 0 | T8: =T7 -> 0
A9: ='Summary (P)'!A21 -> Tulwar | B9: =VLOOKUP($A9,'Summary (P)'!$A$16:$E$35,3,0) -> 16 | E9: =IF(C9="","",$J9-$K9) | F9: =IF(D9="","",D9+L9+$F$3+$T$15) | G9: =IF(C9="","",MAX(0,$J9-TRUNC($K9/$M9,0))) | H9: =IF(C9="","",MAX(0,$J9-($K9/$N9))) | I9: =VLOOKUP($A9,'Summary (P)'!$A$16:$E$35,5,0) -> 4 | J9: =VLOOKUP($A9,'Summary (P)'!$A$16:$E$35,4,0)+$C$3+$R$15 -> 50 | K9: =MAX(1,'Attack Rolls'!C9+$F$1) -> 1 | L9: =RIGHT(VLOOKUP($A9,'Summary (P)'!$A$16:$E$35,5,0),2) -> 4 | M9: 0.15 | N9: 0.05
A10: ='Summary (P)'!A22 -> Sabre | B10: =VLOOKUP($A10,'Summary (P)'!$A$16:$E$35,3,0) -> 16 | E10: =IF(C10="","",$J10-$K10) | F10: =IF(D10="","",D10+L10+$F$3+$T$15) | G10: =IF(C10="","",MAX(0,$J10-TRUNC($K10/$M10,0))) | H10: =IF(C10="","",MAX(0,$J10-($K10/$N10))) | I10: =VLOOKUP($A10,'Summary (P)'!$A$16:$E$35,5,0) -> 3 | J10: =VLOOKUP($A10,'Summary (P)'!$A$16:$E$35,4,0)+$C$3+$R$15 -> 60 | K10: =MAX(1,'Attack Rolls'!C10+$F$1) -> 1 | L10: =RIGHT(VLOOKUP($A10,'Summary (P)'!$A$16:$E$35,5,0),2) -> 3 | M10: 0.15 | N10: 0.05
A11: ='Summary (P)'!A23 -> Broadsword | B11: =VLOOKUP($A11,'Summary (P)'!$A$16:$E$35,3,0) -> 16 | E11: =IF(C11="","",$J11-$K11) | F11: =IF(D11="","",D11+L11+$F$3+$T$15) | G11: =IF(C11="","",MAX(0,$J11-TRUNC($K11/$M11,0))) | H11: =IF(C11="","",MAX(0,$J11-($K11/$N11))) | I11: =VLOOKUP($A11,'Summary (P)'!$A$16:$E$35,5,0) -> 4 | J11: =VLOOKUP($A11,'Summary (P)'!$A$16:$E$35,4,0)+$C$3+$R$15 -> 55 | K11: =MAX(1,'Attack Rolls'!C11+$F$1) -> 1 | L11: =RIGHT(VLOOKUP($A11,'Summary (P)'!$A$16:$E$35,5,0),2) -> 4 | M11: 0.15 | N11: 0.05
A12: ='Summary (P)'!A24 -> Estoc | B12: =VLOOKUP($A12,'Summary (P)'!$A$16:$E$35,3,0) -> 16 | E12: =IF(C12="","",$J12-$K12) | F12: =IF(D12="","",D12+L12+$F$3+$T$15) | G12: =IF(C12="","",MAX(0,$J12-TRUNC($K12/$M12,0))) | H12: =IF(C12="","",MAX(0,$J12-($K12/$N12))) | I12: =VLOOKUP($A12,'Summary (P)'!$A$16:$E$35,5,0) -> 5 | J12: =VLOOKUP($A12,'Summary (P)'!$A$16:$E$35,4,0)+$C$3+$R$15 -> 45 | K12: =MAX(1,'Attack Rolls'!C12+$F$1) -> 1 | L12: =RIGHT(VLOOKUP($A12,'Summary (P)'!$A$16:$E$35,5,0),2) -> 5 | M12: 0.15 | N12: 0.05
A13: ='Summary (P)'!A25 -> War Hammer | B13: =VLOOKUP($A13,'Summary (P)'!$A$16:$E$35,3,0) -> 16 | E13: =IF(C13="","",$J13-$K13) | F13: =IF(D13="","",D13+L13+$F$3+$T$15) | G13: =IF(C13="","",MAX(0,$J13-TRUNC($K13/$M13,0))) | H13: =IF(C13="","",MAX(0,$J13-($K13/$N13))) | I13: =VLOOKUP($A13,'Summary (P)'!$A$16:$E$35,5,0) -> 3 | J13: =VLOOKUP($A13,'Summary (P)'!$A$16:$E$35,4,0)+$C$3+$R$15 -> 45 | K13: =MAX(1,'Attack Rolls'!C13+$F$1) -> 1 | L13: =RIGHT(VLOOKUP($A13,'Summary (P)'!$A$16:$E$35,5,0),2) -> 3 | M13: 0.15 | N13: 0.05
A14: ='Summary (P)'!A26 -> Javelin | B14: =VLOOKUP($A14,'Summary (P)'!$A$16:$E$35,3,0) -> 16 | E14: =IF(C14="","",$J14-$K14) | F14: =IF(D14="","",D14+L14+$F$3+$T$15) | G14: =IF(C14="","",MAX(0,$J14-TRUNC($K14/$M14,0))) | H14: =IF(C14="","",MAX(0,$J14-($K14/$N14))) | I14: =VLOOKUP($A14,'Summary (P)'!$A$16:$E$35,5,0) -> 2 | J14: =VLOOKUP($A14,'Summary (P)'!$A$16:$E$35,4,0)+$C$3+$R$15 -> 45 | K14: =MAX(1,'Attack Rolls'!C14+$F$1) -> 1 | L14: =RIGHT(VLOOKUP($A14,'Summary (P)'!$A$16:$E$35,5,0),2) -> 2 | M14: 0.15 | N14: 0.05
A15: Close: | C15: 0 | F15: 0 | Q15: Effective: | R15: =IFERROR(VLOOKUP($A$2,$Q$3:$T$9,2,FALSE),0) -> 0 | S15: =IFERROR(VLOOKUP($A$2,$Q$3:$T$9,3,FALSE),0) -> 0 | T15: =IFERROR(VLOOKUP($A$2,$Q$3:$T$9,4,FALSE),0) -> 0
A16: Unarmed | B16: =VLOOKUP($A16,'Summary (P)'!$A$16:$K$35,7,0) -> 16 | E16: =IF(C16="","",$J16-$K16) | F16: =IF(D16="","",D16+L16+$F$15+$T$15) | G16: =IF(C16="","",MAX(0,$J16-TRUNC($K16/$M16,0))) | H16: =IF(C16="","",MAX(0,$J16-($K16/$N16))) | I16: =VLOOKUP($A16,'Summary (P)'!$A$16:$E$35,5,0) -> -4 | J16: =VLOOKUP($A16,'Summary (P)'!$A$16:$K$35,8,0)+$C$15+$R$15 -> 22 | K16: =MAX(1,'Attack Rolls'!C16+$F$1) -> 1 | L16: =RIGHT(VLOOKUP($A16,'Summary (P)'!$A$16:$E$35,5,0),2) -> -4 | M16: 0.15 | N16: 0.05
A17: Dagger | B17: =VLOOKUP($A17,'Summary (P)'!$A$16:$K$35,7,0) -> 16 | E17: =IF(C17="","",$J17-$K17) | F17: =IF(D17="","",D17+L17+$F$15+$T$15) | G17: =IF(C17="","",MAX(0,$J17-TRUNC($K17/$M17,0))) | H17: =IF(C17="","",MAX(0,$J17-($K17/$N17))) | I17: =VLOOKUP($A17,'Summary (P)'!$A$16:$E$35,5,0) -> 1 | J17: =VLOOKUP($A17,'Summary (P)'!$A$16:$K$35,8,0)+$C$15+$R$15 -> 40 | K17: =MAX(1,'Attack Rolls'!C17+$F$1) -> 1 | L17: =RIGHT(VLOOKUP($A17,'Summary (P)'!$A$16:$E$35,5,0),2) -> 1 | M17: 0.15 | N17: 0.05
A18: Dagger | B18: =VLOOKUP($A18,'Summary (P)'!$A$16:$K$35,7,0) -> 16 | E18: =IF(C18="","",$J18-$K18) | F18: =IF(D18="","",D18+L18+$F$15+$T$15) | G18: =IF(C18="","",MAX(0,$J18-TRUNC($K18/$M18,0))) | H18: =IF(C18="","",MAX(0,$J18-($K18/$N18))) | I18: =VLOOKUP($A18,'Summary (P)'!$A$16:$E$35,5,0) -> 1 | J18: =VLOOKUP($A18,'Summary (P)'!$A$16:$K$35,8,0)+$C$15+$R$15 -> 40 | K18: =MAX(1,'Attack Rolls'!C18+$F$1) -> 1 | L18: =RIGHT(VLOOKUP($A18,'Summary (P)'!$A$16:$E$35,5,0),2) -> 1 | M18: 0.15 | N18: 0.05
A19: Ranged: | C19: 0 | F19: 0
A20: Crossbow (2) | B20: =VLOOKUP($A20,'Summary (P)'!$A$16:$K$35,10,0) -> #N/A | E20: =IF(C20="","",$J20-$K20) | F20: =IF(D20="","",D20+L20+$F$19+$T$15) | G20: =IF(C20="","",MAX(0,$J20-TRUNC($K20/$M20,0))) | H20: =IF(C20="","",MAX(0,$J20-($K20/$N20))) | I20: =VLOOKUP($A20,'Summary (P)'!$A$16:$E$35,5,0) -> #N/A | J20: =VLOOKUP($A20,'Summary (P)'!$A$16:$K$35,11,0)+$C$19+$R$15 -> #N/A | K20: =MAX(1,'Attack Rolls'!C20+$F$1) -> 1 | L20: =RIGHT(VLOOKUP($A20,'Summary (P)'!$A$16:$E$35,5,0),2) -> #N/A | M20: 0.15 | N20: 0.05
A21: Rock | B21: =VLOOKUP($A21,'Summary (P)'!$A$16:$K$35,10,0) -> #N/A | E21: =IF(C21="","",$J21-$K21) | F21: =IF(D21="","",D21+L21+$F$19+$T$15) | G21: =IF(C21="","",MAX(0,$J21-TRUNC($K21/$M21,0))) | H21: =IF(C21="","",MAX(0,$J21-($K21/$N21))) | I21: =VLOOKUP($A21,'Summary (P)'!$A$16:$E$35,5,0) -> #N/A | J21: =VLOOKUP($A21,'Summary (P)'!$A$16:$K$35,11,0)+$C$19+$R$15 -> #N/A | K21: =MAX(1,'Attack Rolls'!C21+$F$1) -> 1 | L21: =RIGHT(VLOOKUP($A21,'Summary (P)'!$A$16:$E$35,5,0),2) -> #N/A | M21: 0.15 | N21: 0.05
A22: Grenado | B22: =VLOOKUP($A22,'Summary (P)'!$A$16:$K$35,10,0) -> #N/A | E22: =IF(C22="","",$J22-$K22) | F22: =IF(D22="","",D22+L22+$F$19+$T$15) | G22: =IF(C22="","",MAX(0,$J22-TRUNC($K22/$M22,0))) | H22: =IF(C22="","",MAX(0,$J22-($K22/$N22))) | I22: =VLOOKUP($A22,'Summary (P)'!$A$16:$E$35,5,0) -> #N/A | J22: =VLOOKUP($A22,'Summary (P)'!$A$16:$K$35,11,0)+$C$19+$R$15 -> #N/A | K22: =MAX(1,'Attack Rolls'!C22+$F$1) -> 1 | L22: =RIGHT(VLOOKUP($A22,'Summary (P)'!$A$16:$E$35,5,0),2) -> #N/A | M22: 0.15 | N22: 0.05
A24: Damage Tracking | C24: Tired | D24: FT Dmg | E24: EN Dmg | F24: SG Dmg | G24: FT Drain | H24: EN Drain | K24: BETA | L24: This tab should be considered in Beta mode, still working out the bugs and design flaws
A25: Running Total | C25: =SUM(C26:C40) -> 0 | D25: =SUM(D26:D40) -> 0 | E25: =SUM(E26:E40) -> 0 | F25: =SUM(F26:F40) -> 0 | G25: =SUM(G26:G40) -> 0 | H25: =SUM(H26:H40) -> 0 | I25: ='Summary (P)'!P3 | L25: It is designed to help with combat, doing the lookups and math so you just enter your dice rolls and any situational modifiers.
A26: Tired/Spell Casting | C26: 0 | L26: For the strike rolls, it will display the amount of defence required for it not to be a SG/EN/Hit
A27: 10/20 Gut Busters x | C27: =B27*-20 -> 0 | E27: =B27*10 -> 0 | L27: Also trialling the Damage Tracking
A28: Guild Healing Potions (10pt) | D28: 0 | E28: 0
A29: Trollskin (pulses) x | E29: =B29*-1 -> 0
A30: Wounds: | D30: 0 | E30: 0 | F30: 0 | G30: 0 | H30: 0

Sheet Spec Grev
A1: Base Chance | C1: End Dbl | D1: SG Trp | E1: Aim End | F1: Aim SG | G1: Ass. Front | H1: Ass. Rear | I1: Ass. Surp. | J1: Ass. Rk. | L1: Bow Ranges | O1: SC% Pen. | P1: Max Range for: | R1: Roll | S1: Location | T1: Results | U1: Recovery
A2: 1 | B2: 9 | C2: =ROUND($B2*0.15,0) -> 1 | D2: =ROUND($B2*0.05,0) -> 0 | E2: =ROUND($B2*0.2,0) -> 2 | F2: =ROUND($B2*0.1,0) -> 1 | G2: =ROUND($B2*(5+TRUNC($J$2/3,0))/100,0) -> 0 | H2: =ROUND($B2*(5+$J$2)/100,0) -> 0 | I2: =ROUND($B2*(5+$J$2*2)/100,0) -> 0 | J2: =SUMIF(Skills!$A$1:$A$86,"Assassin",Skills!$B$1:$B$86) -> 0 | L2: Hex | M2: Yard | N2: Feet | R2: 01–05 | S2: Arm, Primary | T2: +1 EN Dmg, Bleed 1 EN per pulse. | U2: Healer rk 0 to staunch.
A3: =B2+1 -> 10 | B3: 16 | C3: =ROUND(B3*0.15,0) -> 2 | D3: =ROUND(B3*0.05,0) -> 1 | E3: =ROUND($B3*0.2,0) -> 3 | F3: =ROUND($B3*0.1,0) -> 2 | G3: =ROUND($B3*(5+TRUNC($J$2/3,0))/100,0) -> 1 | H3: =ROUND($B3*(5+$J$2)/100,0) -> 1 | I3: =ROUND($B3*(5+$J$2*2)/100,0) -> 1 | L3: 5 | M3: =ROUND(N3/3,0) -> 8 | N3: 25 | O3: 0 | R3: 06–07 | S3: Arm, Secondary, Elbow | T3: +2 EN Dmg, Arm useless (Weapon tip broken off in elbow joint). +30 to infection. | U3: Healer rk 3 to remove sliver.
A4: =B3+1 -> 17 | B4: 23 | C4: =ROUND(B4*0.15,0) -> 3 | D4: =ROUND(B4*0.05,0) -> 1 | E4: =ROUND($B4*0.2,0) -> 5 | F4: =ROUND($B4*0.1,0) -> 2 | G4: =ROUND($B4*(5+TRUNC($J$2/3,0))/100,0) -> 1 | H4: =ROUND($B4*(5+$J$2)/100,0) -> 1 | I4: =ROUND($B4*(5+$J$2*2)/100,0) -> 1 | L4: =L3+5 -> 10 | M4: =ROUND(N4/3,0) -> 17 | N4: =N3+25 -> 50 | O4: =O3-3 -> -3 | R4: 08–08 | S4: Groin puncture | T4: +3 EN Dmg, -2 TMR. +30 to infection.
A5: =B4+1 -> 24 | B5: 29 | C5: =ROUND(B5*0.15,0) -> 4 | D5: =ROUND(B5*0.05,0) -> 1 | E5: =ROUND($B5*0.2,0) -> 6 | F5: =ROUND($B5*0.1,0) -> 3 | G5: =ROUND($B5*(5+TRUNC($J$2/3,0))/100,0) -> 1 | H5: =ROUND($B5*(5+$J$2)/100,0) -> 1 | I5: =ROUND($B5*(5+$J$2*2)/100,0) -> 1 | L5: =L4+5 -> 15 | M5: =ROUND(N5/3,0) -> 25 | N5: =N4+25 -> 75 | O5: =O4-3 -> -6 | P5: S Thrower | R5: 09–10 | S5: Arm, Secondary | T5: +2 EN Dmg, drop anything in hand.
A6: =B5+1 -> 30 | B6: 36 | C6: =ROUND(B6*0.15,0) -> 5 | D6: =ROUND(B6*0.05,0) -> 2 | E6: =ROUND($B6*0.2,0) -> 7 | F6: =ROUND($B6*0.1,0) -> 4 | G6: =ROUND($B6*(5+TRUNC($J$2/3,0))/100,0) -> 2 | H6: =ROUND($B6*(5+$J$2)/100,0) -> 2 | I6: =ROUND($B6*(5+$J$2*2)/100,0) -> 2 | L6: =L5+5 -> 20 | M6: =ROUND(N6/3,0) -> 33 | N6: =N5+25 -> 100 | O6: =O5-3 -> -9 | R6: 11–11 | S6: Chest, Severed Aorta | T6: Dead
A7: =B6+1 -> 37 | B7: 43 | C7: =ROUND(B7*0.15,0) -> 6 | D7: =ROUND(B7*0.05,0) -> 2 | E7: =ROUND($B7*0.2,0) -> 9 | F7: =ROUND($B7*0.1,0) -> 4 | G7: =ROUND($B7*(5+TRUNC($J$2/3,0))/100,0) -> 2 | H7: =ROUND($B7*(5+$J$2)/100,0) -> 2 | I7: =ROUND($B7*(5+$J$2*2)/100,0) -> 2 | L7: =L6+5 -> 25 | M7: =ROUND(N7/3,0) -> 42 | N7: =N6+25 -> 125 | O7: =O6-3 -> -12 | R7: 12–12 | S7: Torso, Stomach puncture | T7: +3 EN Dmg ,-2 TMR. Stunned for the next pulse, after which you may recover. +20 to infection.
A8: =B7+1 -> 44 | B8: 49 | C8: =ROUND(B8*0.15,0) -> 7 | D8: =ROUND(B8*0.05,0) -> 2 | E8: =ROUND($B8*0.2,0) -> 10 | F8: =ROUND($B8*0.1,0) -> 5 | G8: =ROUND($B8*(5+TRUNC($J$2/3,0))/100,0) -> 2 | H8: =ROUND($B8*(5+$J$2)/100,0) -> 2 | I8: =ROUND($B8*(5+$J$2*2)/100,0) -> 2 | L8: =L7+5 -> 30 | M8: =ROUND(N8/3,0) -> 50 | N8: =N7+25 -> 150 | O8: =O7-3 -> -15 | P8: Self Bow | R8: 13–13 | S8: Eye (1 Brain 2–5 Left 6–10 Right) | T8: 1 = Dead. Eye blinded: +2 EN Dmg, -1 MD, -2 PB, -4 PC, -30% SC missile or thrown.
A9: =B8+1 -> 50 | B9: 56 | C9: =ROUND(B9*0.15,0) -> 8 | D9: =ROUND(B9*0.05,0) -> 3 | E9: =ROUND($B9*0.2,0) -> 11 | F9: =ROUND($B9*0.1,0) -> 6 | G9: =ROUND($B9*(5+TRUNC($J$2/3,0))/100,0) -> 3 | H9: =ROUND($B9*(5+$J$2)/100,0) -> 3 | I9: =ROUND($B9*(5+$J$2*2)/100,0) -> 3 | L9: =L8+5 -> 35 | M9: =ROUND(N9/3,0) -> 58 | N9: =N8+25 -> 175 | O9: =O8-3 -> -18 | R9: 14–18 | S9: Torso, Solid viscera | T9: +3 EN Dmg, Bleed 1 EN per pulse. +30 to infection. | U9: Healer rk 2 to staunch.
A10: =B9+1 -> 57 | B10: 63 | C10: =ROUND(B10*0.15,0) -> 9 | D10: =ROUND(B10*0.05,0) -> 3 | E10: =ROUND($B10*0.2,0) -> 13 | F10: =ROUND($B10*0.1,0) -> 6 | G10: =ROUND($B10*(5+TRUNC($J$2/3,0))/100,0) -> 3 | H10: =ROUND($B10*(5+$J$2)/100,0) -> 3 | I10: =ROUND($B10*(5+$J$2*2)/100,0) -> 3 | L10: =L9+5 -> 40 | M10: =ROUND(N10/3,0) -> 67 | N10: =N9+25 -> 200 | O10: =O9-3 -> -21 | R10: 19–20 | S10: Leg - thigh muscle | T10: +1 EN Dmg, -1 TMR
A11: =B10+1 -> 64 | B11: 69 | C11: =ROUND(B11*0.15,0) -> 10 | D11: =ROUND(B11*0.05,0) -> 3 | E11: =ROUND($B11*0.2,0) -> 14 | F11: =ROUND($B11*0.1,0) -> 7 | G11: =ROUND($B11*(5+TRUNC($J$2/3,0))/100,0) -> 3 | H11: =ROUND($B11*(5+$J$2)/100,0) -> 3 | I11: =ROUND($B11*(5+$J$2*2)/100,0) -> 3 | L11: =L10+5 -> 45 | M11: =ROUND(N11/3,0) -> 75 | N11: =N10+25 -> 225 | O11: =O10-3 -> -24 | P11: Giant Bow | R11: 21–25 | S11: Chest, ribs | T11: +2 EN Dmg, -1 TMR Weapon caught rib cage, wrenched from their grasp.
A12: =B11+1 -> 70 | B12: 76 | C12: =ROUND(B12*0.15,0) -> 11 | D12: =ROUND(B12*0.05,0) -> 4 | E12: =ROUND($B12*0.2,0) -> 15 | F12: =ROUND($B12*0.1,0) -> 8 | G12: =ROUND($B12*(5+TRUNC($J$2/3,0))/100,0) -> 4 | H12: =ROUND($B12*(5+$J$2)/100,0) -> 4 | I12: =ROUND($B12*(5+$J$2*2)/100,0) -> 4 | L12: =L11+5 -> 50 | M12: =ROUND(N12/3,0) -> 83 | N12: =N11+25 -> 250 | O12: =O11-3 -> -27 | R12: 26–27 | S12: Hand, Secondary severed at wrist | T12: +2 EN Dmg, Bleed 1 FT per pulse, -2 MD | U12: Healer rk 0 to staunch.
A13: =B12+1 -> 77 | B13: 83 | C13: =ROUND(B13*0.15,0) -> 12 | D13: =ROUND(B13*0.05,0) -> 4 | E13: =ROUND($B13*0.2,0) -> 17 | F13: =ROUND($B13*0.1,0) -> 8 | G13: =ROUND($B13*(5+TRUNC($J$2/3,0))/100,0) -> 4 | H13: =ROUND($B13*(5+$J$2)/100,0) -> 4 | I13: =ROUND($B13*(5+$J$2*2)/100,0) -> 4 | L13: =L12+5 -> 55 | M13: =ROUND(N13/3,0) -> 92 | N13: =N12+25 -> 275 | O13: =O12-3 -> -30 | R13: 28–30 | S13: Hand, Primary severed at wrist | T13: +2 EN Dmg, Bleed 1 FT per pulse, -2 MD | U13: Healer rk 0 to staunch.
A14: =B13+1 -> 84 | B14: 89 | C14: =ROUND(B14*0.15,0) -> 13 | D14: =ROUND(B14*0.05,0) -> 4 | E14: =ROUND($B14*0.2,0) -> 18 | F14: =ROUND($B14*0.1,0) -> 9 | G14: =ROUND($B14*(5+TRUNC($J$2/3,0))/100,0) -> 4 | H14: =ROUND($B14*(5+$J$2)/100,0) -> 4 | I14: =ROUND($B14*(5+$J$2*2)/100,0) -> 4 | L14: =L13+5 -> 60 | M14: =ROUND(N14/3,0) -> 100 | N14: =N13+25 -> 300 | O14: =O13-3 -> -33 | P14: Short, Sling | R14: 31–34 | S14: Head, Face slash | T14: -4 PB
A15: =B14+1 -> 90 | B15: 96 | C15: =ROUND(B15*0.15,0) -> 14 | D15: =ROUND(B15*0.05,0) -> 5 | E15: =ROUND($B15*0.2,0) -> 19 | F15: =ROUND($B15*0.1,0) -> 10 | G15: =ROUND($B15*(5+TRUNC($J$2/3,0))/100,0) -> 5 | H15: =ROUND($B15*(5+$J$2)/100,0) -> 5 | I15: =ROUND($B15*(5+$J$2*2)/100,0) -> 5 | L15: =L14+5 -> 65 | M15: =ROUND(N15/3,0) -> 108 | N15: =N14+25 -> 325 | O15: =O14-3 -> -36 | R15: 35–35 | S15: Arm, Secondary severed at shoulder | T15: +5 EN Dmg, Bleed 1 FT per pulse, -2 MD, -1 AG | U15: Healer rk 1 to staunch.
A16: =B15+1 -> 97 | B16: 103 | C16: =ROUND(B16*0.15,0) -> 15 | D16: =ROUND(B16*0.05,0) -> 5 | E16: =ROUND($B16*0.2,0) -> 21 | F16: =ROUND($B16*0.1,0) -> 10 | G16: =ROUND($B16*(5+TRUNC($J$2/3,0))/100,0) -> 5 | H16: =ROUND($B16*(5+$J$2)/100,0) -> 5 | I16: =ROUND($B16*(5+$J$2*2)/100,0) -> 5 | L16: =L15+5 -> 70 | M16: =ROUND(N16/3,0) -> 117 | N16: =N15+25 -> 350 | O16: =O15-3 -> -39 | R16: 36–36 | S16: Arm, Primary severed at shoulder | T16: +5 EN Dmg, Bleed 1 FT per pulse, -2 MD, -1 AG | U16: Healer rk 1 to staunch.
A17: =B16+1 -> 104 | B17: 109 | C17: =ROUND(B17*0.15,0) -> 16 | D17: =ROUND(B17*0.05,0) -> 5 | E17: =ROUND($B17*0.2,0) -> 22 | F17: =ROUND($B17*0.1,0) -> 11 | G17: =ROUND($B17*(5+TRUNC($J$2/3,0))/100,0) -> 5 | H17: =ROUND($B17*(5+$J$2)/100,0) -> 5 | I17: =ROUND($B17*(5+$J$2*2)/100,0) -> 5 | L17: =L16+5 -> 75 | M17: =ROUND(N17/3,0) -> 125 | N17: =N16+25 -> 375 | O17: =O16-3 -> -42 | R17: 37–40 | S17: Torso, Eviscerated | T17: +4 EN Dmg, Bleed 1 FT per pulse. +40 to infection. | U17: Healer rk 2 to staunch.
A18: =B17+1 -> 110 | B18: 116 | C18: =ROUND(B18*0.15,0) -> 17 | D18: =ROUND(B18*0.05,0) -> 6 | E18: =ROUND($B18*0.2,0) -> 23 | F18: =ROUND($B18*0.1,0) -> 12 | G18: =ROUND($B18*(5+TRUNC($J$2/3,0))/100,0) -> 6 | H18: =ROUND($B18*(5+$J$2)/100,0) -> 6 | I18: =ROUND($B18*(5+$J$2*2)/100,0) -> 6 | L18: =L17+5 -> 80 | M18: =ROUND(N18/3,0) -> 133 | N18: =N17+25 -> 400 | O18: =O17-3 -> -45 | P18: X-Bow | R18: 41–42 | S18: Head, scalp & sever one ear | T18: +2 EN Dmg, -2 PC
A19: =B18+1 -> 117 | B19: 123 | C19: =ROUND(B19*0.15,0) -> 18 | D19: =ROUND(B19*0.05,0) -> 6 | E19: =ROUND($B19*0.2,0) -> 25 | F19: =ROUND($B19*0.1,0) -> 12 | G19: =ROUND($B19*(5+TRUNC($J$2/3,0))/100,0) -> 6 | H19: =ROUND($B19*(5+$J$2)/100,0) -> 6 | I19: =ROUND($B19*(5+$J$2*2)/100,0) -> 6 | L19: =L18+5 -> 85 | M19: =ROUND(N19/3,0) -> 142 | N19: =N18+25 -> 425 | O19: =O18-3 -> -48 | R19: 43–43 | S19: Head, cheek & jaw | T19: Take an automatic pass action next pulse due to the shock of the blow. +1 PB
A20: =B19+1 -> 124 | B20: 129 | C20: =ROUND(B20*0.15,0) -> 19 | D20: =ROUND(B20*0.05,0) -> 6 | E20: =ROUND($B20*0.2,0) -> 26 | F20: =ROUND($B20*0.1,0) -> 13 | G20: =ROUND($B20*(5+TRUNC($J$2/3,0))/100,0) -> 6 | H20: =ROUND($B20*(5+$J$2)/100,0) -> 6 | I20: =ROUND($B20*(5+$J$2*2)/100,0) -> 6 | L20: =L19+5 -> 90 | M20: =ROUND(N20/3,0) -> 150 | N20: =N19+25 -> 450 | O20: =O19-3 -> -51 | P20: H X-Bow | R20: 44–50 | S20: Arm slash | T20: +2 EN Dmg, Bleed 1 FT per pulse. | U20: Healer rk 1 to staunch.
A21: =B20+1 -> 130 | B21: 136 | C21: =ROUND(B21*0.15,0) -> 20 | D21: =ROUND(B21*0.05,0) -> 7 | E21: =ROUND($B21*0.2,0) -> 27 | F21: =ROUND($B21*0.1,0) -> 14 | G21: =ROUND($B21*(5+TRUNC($J$2/3,0))/100,0) -> 7 | H21: =ROUND($B21*(5+$J$2)/100,0) -> 7 | I21: =ROUND($B21*(5+$J$2*2)/100,0) -> 7 | L21: =L20+5 -> 95 | M21: =ROUND(N21/3,0) -> 158 | N21: =N20+25 -> 475 | O21: =O20-3 -> -54 | R21: 51–52 | S21: Leg Hamstrung (1-4 left 5-10 right) | T21: +4 EN Dmg, fall prone - may not stand unassisted. -3 AG
A22: =B21+1 -> 137 | B22: 143 | C22: =ROUND(B22*0.15,0) -> 21 | D22: =ROUND(B22*0.05,0) -> 7 | E22: =ROUND($B22*0.2,0) -> 29 | F22: =ROUND($B22*0.1,0) -> 14 | G22: =ROUND($B22*(5+TRUNC($J$2/3,0))/100,0) -> 7 | H22: =ROUND($B22*(5+$J$2)/100,0) -> 7 | I22: =ROUND($B22*(5+$J$2*2)/100,0) -> 7 | L22: =L21+5 -> 100 | M22: =ROUND(N22/3,0) -> 167 | N22: =N21+25 -> 500 | O22: =O21-3 -> -57 | R22: 53–60 | S22: Arm, Primary crippled | T22: +2 EN Dmg, drop anything in hand. Arm unusable.
A23: =B22+1 -> 144 | B23: 149 | C23: =ROUND(B23*0.15,0) -> 22 | D23: =ROUND(B23*0.05,0) -> 7 | E23: =ROUND($B23*0.2,0) -> 30 | F23: =ROUND($B23*0.1,0) -> 15 | G23: =ROUND($B23*(5+TRUNC($J$2/3,0))/100,0) -> 7 | H23: =ROUND($B23*(5+$J$2)/100,0) -> 7 | I23: =ROUND($B23*(5+$J$2*2)/100,0) -> 7 | L23: =L22+5 -> 105 | M23: =ROUND(N23/3,0) -> 175 | N23: =N22+25 -> 525 | O23: =O22-3 -> -60 | R23: 61–67 | S23: Arm, Secondary crippled | T23: +2 EN Dmg, drop anything in hand. Arm unusable.
A24: =B23+1 -> 150 | B24: 156 | C24: =ROUND(B24*0.15,0) -> 23 | D24: =ROUND(B24*0.05,0) -> 8 | E24: =ROUND($B24*0.2,0) -> 31 | F24: =ROUND($B24*0.1,0) -> 16 | G24: =ROUND($B24*(5+TRUNC($J$2/3,0))/100,0) -> 8 | H24: =ROUND($B24*(5+$J$2)/100,0) -> 8 | I24: =ROUND($B24*(5+$J$2*2)/100,0) -> 8 | L24: =L23+5 -> 110 | M24: =ROUND(N24/3,0) -> 183 | N24: =N23+25 -> 550 | O24: =O23-3 -> -63 | R24: 68–69 | S24: Shoulder/neck (1–3 head 4–6 sec 7–10 prim) | T24: Head severed = Dead. Or collar bone crushed +4 EN Dmg, drop anything in hand. Arm unusable.
A25: =B24+1 -> 157 | B25: 163 | C25: =ROUND(B25*0.15,0) -> 24 | D25: =ROUND(B25*0.05,0) -> 8 | E25: =ROUND($B25*0.2,0) -> 33 | F25: =ROUND($B25*0.1,0) -> 16 | G25: =ROUND($B25*(5+TRUNC($J$2/3,0))/100,0) -> 8 | H25: =ROUND($B25*(5+$J$2)/100,0) -> 8 | I25: =ROUND($B25*(5+$J$2*2)/100,0) -> 8 | L25: =L24+5 -> 115 | M25: =ROUND(N25/3,0) -> 192 | N25: =N24+25 -> 575 | O25: =O24-3 -> -66 | R25: 70–74 | S25: Head, helmet concussion | T25: +3 EN Dmg, -4 MD, -4 AG
A26: =B25+1 -> 164 | B26: 169 | C26: =ROUND(B26*0.15,0) -> 25 | D26: =ROUND(B26*0.05,0) -> 8 | E26: =ROUND($B26*0.2,0) -> 34 | F26: =ROUND($B26*0.1,0) -> 17 | G26: =ROUND($B26*(5+TRUNC($J$2/3,0))/100,0) -> 8 | H26: =ROUND($B26*(5+$J$2)/100,0) -> 8 | I26: =ROUND($B26*(5+$J$2*2)/100,0) -> 8 | L26: =L25+5 -> 120 | M26: =ROUND(N26/3,0) -> 200 | N26: =N25+25 -> 600 | O26: =O25-3 -> -69 | R26: 75–80 | S26: Chest (broken ribs, crushed tissue) | T26: +5 EN Dmg, -3 MD, -3 AG, +10 to infection.
A27: =B26+1 -> 170 | B27: 176 | C27: =ROUND(B27*0.15,0) -> 26 | D27: =ROUND(B27*0.05,0) -> 9 | E27: =ROUND($B27*0.2,0) -> 35 | F27: =ROUND($B27*0.1,0) -> 18 | G27: =ROUND($B27*(5+TRUNC($J$2/3,0))/100,0) -> 9 | H27: =ROUND($B27*(5+$J$2)/100,0) -> 9 | I27: =ROUND($B27*(5+$J$2*2)/100,0) -> 9 | L27: =L26+5 -> 125 | M27: =ROUND(N27/3,0) -> 208 | N27: =N26+25 -> 625 | O27: =O26-3 -> -72 | R27: 81–84 | S27: Torso (smashes tissue, internal injuries) | T27: +2 EN Dmg, Bleed 1 FT per pulse. | U27: Healer rk 2 to staunch.
A28: =B27+1 -> 177 | B28: 183 | C28: =ROUND(B28*0.15,0) -> 27 | D28: =ROUND(B28*0.05,0) -> 9 | E28: =ROUND($B28*0.2,0) -> 37 | F28: =ROUND($B28*0.1,0) -> 18 | G28: =ROUND($B28*(5+TRUNC($J$2/3,0))/100,0) -> 9 | H28: =ROUND($B28*(5+$J$2)/100,0) -> 9 | I28: =ROUND($B28*(5+$J$2*2)/100,0) -> 9 | L28: =L27+5 -> 130 | M28: =ROUND(N28/3,0) -> 217 | N28: =N27+25 -> 650 | O28: =O27-3 -> -75 | R28: 85–87 | S28: Arm, Primary (Shoulder) | T28: +2 EN Dmg, Arm useless D10 pulses, drop anything in hand.
A29: =B28+1 -> 184 | B29: 189 | C29: =ROUND(B29*0.15,0) -> 28 | D29: =ROUND(B29*0.05,0) -> 9 | E29: =ROUND($B29*0.2,0) -> 38 | F29: =ROUND($B29*0.1,0) -> 19 | G29: =ROUND($B29*(5+TRUNC($J$2/3,0))/100,0) -> 9 | H29: =ROUND($B29*(5+$J$2)/100,0) -> 9 | I29: =ROUND($B29*(5+$J$2*2)/100,0) -> 9 | L29: =L28+5 -> 135 | M29: =ROUND(N29/3,0) -> 225 | N29: =N28+25 -> 675 | O29: =O28-3 -> -78 | R29: 88–89 | S29: Arm, Secondary (Shoulder) | T29: +2 EN Dmg, Arm useless D10 pulses, drop anything in hand.
A30: =B29+1 -> 190 | B30: 196 | C30: =ROUND(B30*0.15,0) -> 29 | D30: =ROUND(B30*0.05,0) -> 10 | E30: =ROUND($B30*0.2,0) -> 39 | F30: =ROUND($B30*0.1,0) -> 20 | G30: =ROUND($B30*(5+TRUNC($J$2/3,0))/100,0) -> 10 | H30: =ROUND($B30*(5+$J$2)/100,0) -> 10 | I30: =ROUND($B30*(5+$J$2*2)/100,0) -> 10 | L30: =L29+5 -> 140 | M30: =ROUND(N30/3,0) -> 233 | N30: =N29+25 -> 700 | O30: =O29-3 -> -81 | R30: 90–92 | S30: Hip, Right smashed | T30: +5 EN Dmg, fall prone, unable to walk, -1 TMR -2AG.
A31: =B30+1 -> 197 | B31: 203 | C31: =ROUND(B31*0.15,0) -> 30 | D31: =ROUND(B31*0.05,0) -> 10 | E31: =ROUND($B31*0.2,0) -> 41 | F31: =ROUND($B31*0.1,0) -> 20 | G31: =ROUND($B31*(5+TRUNC($J$2/3,0))/100,0) -> 10 | H31: =ROUND($B31*(5+$J$2)/100,0) -> 10 | I31: =ROUND($B31*(5+$J$2*2)/100,0) -> 10 | L31: =L30+5 -> 145 | M31: =ROUND(N31/3,0) -> 242 | N31: =N30+25 -> 725 | O31: =O30-3 -> -84 | R31: 93–94 | S31: Hip, Left smashed | T31: +5 EN Dmg, fall prone, unable to walk, -1 TMR -2AG.
A32: =B31+1 -> 204 | B32: 209 | C32: =ROUND(B32*0.15,0) -> 31 | D32: =ROUND(B32*0.05,0) -> 10 | E32: =ROUND($B32*0.2,0) -> 42 | F32: =ROUND($B32*0.1,0) -> 21 | G32: =ROUND($B32*(5+TRUNC($J$2/3,0))/100,0) -> 10 | H32: =ROUND($B32*(5+$J$2)/100,0) -> 10 | I32: =ROUND($B32*(5+$J$2*2)/100,0) -> 10 | L32: =L31+5 -> 150 | M32: =ROUND(N32/3,0) -> 250 | N32: =N31+25 -> 750 | O32: =O31-3 -> -87 | R32: 95–97 | S32: Head, skull fracture | T32: +8 EN Dmg, fall prone, unconscious, -2 AG, -2 MD, -2 PC.
A33: =B32+1 -> 210 | B33: 216 | C33: =ROUND(B33*0.15,0) -> 32 | D33: =ROUND(B33*0.05,0) -> 11 | E33: =ROUND($B33*0.2,0) -> 43 | F33: =ROUND($B33*0.1,0) -> 22 | G33: =ROUND($B33*(5+TRUNC($J$2/3,0))/100,0) -> 11 | H33: =ROUND($B33*(5+$J$2)/100,0) -> 11 | I33: =ROUND($B33*(5+$J$2*2)/100,0) -> 11 | L33: =L32+5 -> 155 | M33: =ROUND(N33/3,0) -> 258 | N33: =N32+25 -> 775 | O33: =O32-3 -> -90 | R33: 98–00 | S33: Pelvis (broken bone/tissue) | T33: +7 EN Dmg, fall prone, WP check to stay conscious. Unable to move.
A34: =B33+1 -> 217 | B34: 223 | C34: =ROUND(B34*0.15,0) -> 33 | D34: =ROUND(B34*0.05,0) -> 11 | E34: =ROUND($B34*0.2,0) -> 45 | F34: =ROUND($B34*0.1,0) -> 22 | G34: =ROUND($B34*(5+TRUNC($J$2/3,0))/100,0) -> 11 | H34: =ROUND($B34*(5+$J$2)/100,0) -> 11 | I34: =ROUND($B34*(5+$J$2*2)/100,0) -> 11 | L34: =L33+5 -> 160 | M34: =ROUND(N34/3,0) -> 267 | N34: =N33+25 -> 800 | O34: =O33-3 -> -93
A35: =B34+1 -> 224 | B35: 229 | C35: =ROUND(B35*0.15,0) -> 34 | D35: =ROUND(B35*0.05,0) -> 11 | E35: =ROUND($B35*0.2,0) -> 46 | F35: =ROUND($B35*0.1,0) -> 23 | G35: =ROUND($B35*(5+TRUNC($J$2/3,0))/100,0) -> 11 | H35: =ROUND($B35*(5+$J$2)/100,0) -> 11 | I35: =ROUND($B35*(5+$J$2*2)/100,0) -> 11 | L35: =L34+5 -> 165 | M35: =ROUND(N35/3,0) -> 275 | N35: =N34+25 -> 825 | O35: =O34-3 -> -96
A36: =B35+1 -> 230 | B36: 236 | C36: =ROUND(B36*0.15,0) -> 35 | D36: =ROUND(B36*0.05,0) -> 12 | E36: =ROUND($B36*0.2,0) -> 47 | F36: =ROUND($B36*0.1,0) -> 24 | G36: =ROUND($B36*(5+TRUNC($J$2/3,0))/100,0) -> 12 | H36: =ROUND($B36*(5+$J$2)/100,0) -> 12 | I36: =ROUND($B36*(5+$J$2*2)/100,0) -> 12 | L36: =L35+5 -> 170 | M36: =ROUND(N36/3,0) -> 283 | N36: =N35+25 -> 850 | O36: =O35-3 -> -99
A37: =B36+1 -> 237 | B37: 243 | C37: =ROUND(B37*0.15,0) -> 36 | D37: =ROUND(B37*0.05,0) -> 12 | E37: =ROUND($B37*0.2,0) -> 49 | F37: =ROUND($B37*0.1,0) -> 24 | G37: =ROUND($B37*(5+TRUNC($J$2/3,0))/100,0) -> 12 | H37: =ROUND($B37*(5+$J$2)/100,0) -> 12 | I37: =ROUND($B37*(5+$J$2*2)/100,0) -> 12 | L37: =L36+5 -> 175 | M37: =ROUND(N37/3,0) -> 292 | N37: =N36+25 -> 875 | O37: =O36-3 -> -102
A38: =B37+1 -> 244 | B38: 249 | C38: =ROUND(B38*0.15,0) -> 37 | D38: =ROUND(B38*0.05,0) -> 12 | E38: =ROUND($B38*0.2,0) -> 50 | F38: =ROUND($B38*0.1,0) -> 25 | G38: =ROUND($B38*(5+TRUNC($J$2/3,0))/100,0) -> 12 | H38: =ROUND($B38*(5+$J$2)/100,0) -> 12 | I38: =ROUND($B38*(5+$J$2*2)/100,0) -> 12 | L38: =L37+5 -> 180 | M38: =ROUND(N38/3,0) -> 300 | N38: =N37+25 -> 900 | O38: =O37-3 -> -105 | P38: Longbow
A39: =B38+1 -> 250 | B39: 256 | C39: =ROUND(B39*0.15,0) -> 38 | D39: =ROUND(B39*0.05,0) -> 13 | E39: =ROUND($B39*0.2,0) -> 51 | F39: =ROUND($B39*0.1,0) -> 26 | G39: =ROUND($B39*(5+TRUNC($J$2/3,0))/100,0) -> 13 | H39: =ROUND($B39*(5+$J$2)/100,0) -> 13 | I39: =ROUND($B39*(5+$J$2*2)/100,0) -> 13 | L39: =L38+5 -> 185 | M39: =ROUND(N39/3,0) -> 308 | N39: =N38+25 -> 925 | O39: =O38-3 -> -108
A40: =B39+1 -> 257 | B40: 263 | C40: =ROUND(B40*0.15,0) -> 39 | D40: =ROUND(B40*0.05,0) -> 13 | E40: =ROUND($B40*0.2,0) -> 53 | F40: =ROUND($B40*0.1,0) -> 26 | G40: =ROUND($B40*(5+TRUNC($J$2/3,0))/100,0) -> 13 | H40: =ROUND($B40*(5+$J$2)/100,0) -> 13 | I40: =ROUND($B40*(5+$J$2*2)/100,0) -> 13 | L40: =L39+5 -> 190 | M40: =ROUND(N40/3,0) -> 317 | N40: =N39+25 -> 950 | O40: =O39-3 -> -111
A41: =B40+1 -> 264 | B41: 269 | C41: =ROUND(B41*0.15,0) -> 40 | D41: =ROUND(B41*0.05,0) -> 13 | E41: =ROUND($B41*0.2,0) -> 54 | F41: =ROUND($B41*0.1,0) -> 27 | G41: =ROUND($B41*(5+TRUNC($J$2/3,0))/100,0) -> 13 | H41: =ROUND($B41*(5+$J$2)/100,0) -> 13 | I41: =ROUND($B41*(5+$J$2*2)/100,0) -> 13 | L41: =L40+5 -> 195 | M41: =ROUND(N41/3,0) -> 325 | N41: =N40+25 -> 975 | O41: =O40-3 -> -114
L42: =L41+5 -> 200 | M42: =ROUND(N42/3,0) -> 333 | N42: =N41+25 -> 1000 | O42: =O41-3 -> -117
L43: =L42+5 -> 205 | M43: =ROUND(N43/3,0) -> 342 | N43: =N42+25 -> 1025 | O43: =O42-3 -> -120
L44: =L43+5 -> 210 | M44: =ROUND(N44/3,0) -> 350 | N44: =N43+25 -> 1050 | O44: =O43-3 -> -123
L45: =L44+5 -> 215 | M45: =ROUND(N45/3,0) -> 358 | N45: =N44+25 -> 1075 | O45: =O44-3 -> -126
L46: =L45+5 -> 220 | M46: =ROUND(N46/3,0) -> 367 | N46: =N45+25 -> 1100 | O46: =O45-3 -> -129
L47: =L46+5 -> 225 | M47: =ROUND(N47/3,0) -> 375 | N47: =N46+25 -> 1125 | O47: =O46-3 -> -132 | P47: Composite

Sheet Bonuses
B1: Modifiers | C1: Encum. | F1: Character Statistics | P1: Greater Enchantment | T1: Magic Resistance and Protections | AD1: Adventuring Skills | AI1: Combat | AM1: Protection (Def & Armour) | AR1: Melee Only | AU1: Close Only | AX1: Ranged Only | BA1: Other Protections | BL1: Other Bonuses | BO1: Magic use | BW1: Stat Checks
A2: Mark with 'Y' to activate | C2: lbs | D2: NC lbs | E2: Value (sp) | F2: PS | G2: MD | H2: AG | I2: MA | J2: WP | K2: EN | L2: FT | M2: PC | N2: TMR | O2: PB | P2: Combat | Q2: Magic | R2: Skills & Stats | S2: Resistance | T2: Magic Resistance | U2: Magic Resistance vs Demonics | V2: Damage Reduction vs Magic | W2: Damage Reduction vs Elemental | X2: Damage Reduction vs Cold/Ice | Y2: Damage Reduction vs Fire/Heat | Z2: Cold Protection (Temp Gauge) | AA2: Cold Protection (Degrees) | AB2: Heat Protection (Temp Gauge) | AC2: Heat Protection (Degrees) | AD2: Stealth | AE2: Climbing | AF2: Flying | AG2: Horsemanship | AH2: Swimming | AI2: IV Unengaged | AJ2: IV Engaged | AK2: Strike Chance % (All) | AL2: Damage (extra dmg on all weapons) | AM2: Defence % (Base) | AN2: Armour Protection vs Fatigue dmg | AO2: Armour Protection vs Endurance dmg | AP2: Damage Reduction vs All | AQ2: Damage Reduction vs Physical | AR2: IV Melee | AS2: SC Melee | AT2: Def % Melee | AU2: IV Close | AV2: SC Close | AW2: Def % Close | AX2: IV Ranged | AY2: SC Ranged | AZ2: Def % Ranged | BA2: Stun Recovery % | BB2: Dmg required to Stun | BC2: Dmg to -1 in one blow | BD2: Dmg to Kill in one blow | BE2: Death Point (-ve EN) | BF2: Bleeding dmg/pulse Mod | BG2: Poison dmg/pulse Mod | BH2: Infection Chance | BI2: Fear Resistance Rolls | BJ2: Fear Table Roll | BK2: Necrogeny | BL2: Reaction Checks | BM2: Detect Ambush | BN2: Detect Traps | BO2: Spell % | BP2: Talent % | BQ2: Ritual % | BR2: Talent Rks | BS2: Gen Spell Rks | BT2: Gen Ritual Rks | BU2: Spec Spell Rks | BV2: Spec Ritual Rks | BW2: PS Check % | BX2: MD Check % | BY2: AG Check % | BZ2: MA Check % | CA2: WP Check % | CB2: EN Check % | CC2: PC Check %
B3: Current Bonuses | C3: =ROUND(SUMIF($A$4:$A$131,"Y",C$4:C$131),1) -> 25 | D3: =ROUND(SUMIF($A$4:$A$131,"Y",D$4:D$131),1) -> 34.8 | E3: =ROUND(SUMIF($A$4:$A$131,"Y",E$4:E$131),1) -> 862 | F3: =ROUND(SUMIF($A$4:$A$131,"Y",F$4:F$131),1) -> 0 | G3: =ROUND(SUMIF($A$4:$A$131,"Y",G$4:G$131),1) -> -2 | H3: =ROUND(SUMIF($A$4:$A$131,"Y",H$4:H$131),1) -> -1 | I3: =ROUND(SUMIF($A$4:$A$131,"Y",I$4:I$131),1) -> 0 | J3: =ROUND(SUMIF($A$4:$A$131,"Y",J$4:J$131),1) -> 0 | ... CC3: =ROUND(SUMIF($A$4:$A$131,"Y",CC$4:CC$131),1) -> 0
A4: Y | B4: Racial Mods | N4: =VLOOKUP(Setup!$B$3,Setup!$A$30:$N$37,11,FALSE) -> 0 | T4: =VLOOKUP(Setup!$B$3,Setup!$A$30:$N$37,12,FALSE) -> 0 | AD4: =VLOOKUP(Setup!$B$3,Setup!$A$30:$Q$37,17,FALSE) -> 0 | AN4: =VLOOKUP(Setup!$B$3,Setup!$A$30:$N$37,13,FALSE) -> 0
A5: Y | B5: College | I5: =TRUNC(MAX(SUMIF(Magic!B:B,"Purification",Magic!K:K),0)/5,0) -> 0 | T5: =IF(Setup!B4="",20,MAX(SUMIF(Magic!B:B,"Purification",Magic!K:K),0)) -> 20
A6: Y | B6: Always On
A7: Y | B7: Greater Enchantment | T7: =S7 -> 0 | AK7: =P7 -> 0 | BO7: =Q7 -> 0 | BP7: =Q7 -> 0 | BQ7: =Q7 -> 0 | BW7: =$R7 -> 0 | BX7: =$R7 -> 0 | BY7: =$R7 -> 0 | BZ7: =$R7 -> 0 | CA7: =$R7 -> 0 | CB7: =$R7 -> 0 | CC7: =$R7 -> 0
A8: Y | B8: Party Buffs
A9: =Combat!$V$4 -> Y | B9: ="Equipped Shield: "&Combat!$Q$4 -> Equipped Shield: Small Round | C9: =Combat!$T$4 -> 5 | G9: =Combat!$U$4 -> -2
A10: Y | B10: Defence Spell…
B11: Unique talents/abilities that provide bonuses...
B12: ..
B13: ..
B14: ..
B15: Equipment List - the first 36 items show on the Summary
A16: Y | B16: Hard Leather Armour AP 5 Wt 3 AG -1 | C16: =3*Setup!$B$12 -> 18 | E16: 250 | H16: -1 | AD16: 0 | AN16: 5
A17: Y | B17: 2nd Armour/Protection
A18: Y | B18: 3rd Armour/Protection
A19: Y
A20: Y
A21: Y
A22: Y
A23: Y
A24: Y
A25: Y
A26: Y
A27: Y
A28: Y
A29: Y
A30: Y
... A33: Y
B34: =COUNTIF(A118:A131,"Y")&" Wiccan Amulets" -> 0 Wiccan Amulets | C34: =SUMIF($A118:$A131,"Y",C118:C131) -> 0 | D34: =SUMIF($A118:$A131,"Y",D118:D131) -> 0 | E34: =SUMIF($A118:$A131,"Y",E118:E131) -> 0
A35: Y
A36: Y
A37: Y | B37: Newhaven Starter Kit:
A38: Y | B38: Silvered Dagger | C38: 1 | E38: =10*10 -> 100
A39: Y | B39: Waters of Healing D-5+8 2 1 | C39: =0.5*2 -> 1 | E39: =200*2 -> 400
A40: Y | B40: Small Backpack, Leather 20lb capacity | D40: 2 | E40: 6
A41: Y | B41: 50' 1/2" Hemp Rope | D41: 3 | E41: 10
A42: Y | B42: Light blanket | D42: 2 | E42: 25
A43: Y | B43: Flint & Steel | D43: 0.5 | E43: 3
A44: Y | B44: Hand Axe | D44: 2 | E44: 15
A45: Y | B45: Small fry pan | D45: 2 | E45: 9
A46: Y | B46: Waterskin, 1 gallon | D46: 9 | E46: 8
A47: Y | B47: Tallow Candles (1 hr) x 12 | D47: =12*3/16 -> 2.25 | E47: =12*0.5 -> 6
A48: Y | B48: Canvas Tarp | D48: 8 | E48: 12
A49: Y | B49: Large Sack, 40lb capacity | D49: 1 | E49: 3
A50: Y | B50: Pair of Walking Boots | E50: 12
A51: Y | B51: Pitch torches x 3 | D51: =1*3 -> 3 | E51: =1*3 -> 3
A52: Y
A53: Y
A54: Y
A55: Y
A56: Y
A57: Y
A58: Y
A59: Y
A60: Y
A61: Y
A62: Y
A63: Y
... A115: Y
B117: Wiccan Amulets:
B118: Amethyst (+10% FT from sleep) | C118: =1/16 -> 0.0625 | E118: =3000*1.25 -> 3750
B119: Aquilegius (-10 on Fear Table) | C119: =1/16 -> 0.0625 | E119: =2400*1.25 -> 3000 | BJ119: -10
B120: Beryl (+5% Detect Traps/Ambushes) | C120: =1/16 -> 0.0625 | E120: =4000*1.25 -> 5000 | BM120: 5 | BN120: 5
B121: Betony (-15% Infection chance) | C121: =1/16 -> 0.0625 | E121: =2200*1.25 -> 2750 | BH121: -15
B122: Bloodstone (-20% Infection chance, Prevent Miscarriage) | C122: =1/16 -> 0.0625 | E122: =3000*1.25 -> 3750 | BH122: -20
B123: Carbuncle (-2 Poison damage per pulse/day) | C123: =1/16 -> 0.0625 | E123: =9600*1.25 -> 12000 | BG123: -2
B124: Chalcedony (Undead 10') | C124: =1/16 -> 0.0625 | E124: =4800*1.25 -> 6000
B125: Diamonds (+2% Strike Chance) | C125: =1/16 -> 0.0625 | E125: =8000*1.25 -> 10000 | AK125: 2
B126: Elder Flowers (Protects from Evil Eye) | C126: =1/16 -> 0.0625 | E126: =400*1.25 -> 500
B127: Hypericum (+10% MR vs Demonics) | C127: =1/16 -> 0.0625 | E127: =800*1.25 -> 1000 | U127: 10
B128: Iron (Demonics 10') | C128: =1/16 -> 0.0625 | E128: =4000*1.25 -> 5000
B129: Jade (Undead 30') | C129: =1/16 -> 0.0625 | E129: =4000*1.25 -> 5000
B130: Jet (Demonics 50') | C130: =1/16 -> 0.0625 | E130: =4800*1.25 -> 6000
B131: Luck (+3% MR, +2% Def) | C131: =1/16 -> 0.0625 | E131: =2400*1.25 -> 3000 | T131: 3 | AM131: 2

Sheet Combat
A1: FT Dam | B1: ='Summary (P)'!N3 -> 0 | C1: =IF(Stats!H3<=Combat!B1,"OoF! ","") | E1: Stun Rec % | G1: =Stats!$F$3*2+Bonuses!$P$3+Stats!$H$3-$B1+Bonuses!BA3 -> 50 | H1: MR% | I1: =Stats!$F$3+Bonuses!$T$3&"" -> 35 | K1: Warrior | L1: =IF(Skills!$H$58<0,"Un",Skills!$H$58) -> Un | M1: W. IV | N1: =IF(ISERROR($L$1*1),0,$L$1) -> 0 | O1: W. SC | P1: =IF(ISERROR($L$1*1),0,2+$L$1*2) -> 0 | Q1: W. DM | R1: =IF(ISERROR($L$1*1),0,TRUNC($L$1/5,0)) -> 0 | S1: W. Def | T1: =IF(ISERROR($L$1*1),0,2+$L$1*2) -> 0 | V1: Parry: | W1: =IF(ISERROR($L$1*1),0,TRUNC($L$1/4,0)) -> 0 | AA1: Weapon Spell | AB1: Rk | AC1: %+ | AD1: Dmg+ | AE1: Alt Dmg+
A2: EN Dam | B2: ='Summary (P)'!O3 -> 0 | C2: =IF(Stats!$G$3-B2<=I2,"Dead",IF(Stats!$G$3-B2<1,"Uncon.",IF(AND(Stats!$G$3-B2<5,Stats!$G$3>B2),Stats!$G$3-B2&"*WP",""))) | E2: Dmg to Stun: | G2: =TRUNC(Stats!$G$3/3,0)+1+Bonuses!BB3 -> 6 | H2: Die At | I2: =ROUND(Stats!$G$3*-0.5,0)+Bonuses!BE3 -> -8 | J2: (EN) | K2: Mil Sci | L2: =IF(Skills!$H$27<0,"Un",Skills!$H$27) -> Un | AA2: Weapon of Flames | AC2: =IF(AB2<>"",AB2+1,0) -> 0 | AD2: =ROUND(AB2/2,0) -> 0 | AE2: =AB2 -> 0
A3: Unengaged IV | B3: =Stats!$I$3+IF(ISERROR(L2*2),0,L2*2)+Bonuses!$AI$3&" + D10" -> 5 + D10 | E3: Dmg to -1: | G3: =Stats!$H$3+Stats!$G$3+Bonuses!BC3 -> 35 | H3: .. to kill | I3: =Stats!$H$3+ROUND(Stats!$G$3*1.5,0)+Bonuses!BD3 -> 43 | J3: (Shield) | K3: (Evade) | R3: Equipped Shield | S3: Def | T3: Weight | U3: MD | V3: In Use? | AA3: Ench/Spectral Weapon | AC3: =IF(AB3<>"",AB3+1,0) -> 0 | AD3: =CEILING(AB3/3,1) -> 0
A4: Defence | B4: =Stats!$D$3+Bonuses!$AM$3 -> 11 | D4: =B4+Bonuses!$AT$3+$T$1 -> 11 | E4: =$D4+$S4 -> 11 | F4: ="+"&MIN(L7:L15)&"-"&MAX(L7:L15) -> +10-10 | G4: =$B4+Bonuses!$AW$3+$T$1 -> 11 | I4: =$B4+Bonuses!$AZ$3 -> 11 | J4: =$I4+$S4 -> 11 | K4: +20 | Q4: Small Round | S4: =IF(Q4>"",OFFSET(AA6,MATCH(Q4,AA7:AA20,0),2),0) -> 0 | T4: =IFERROR(VLOOKUP($Q$4,$AA$7:$AJ$20,10,FALSE),0) -> 5 | U4: =IFERROR(VLOOKUP($Q$4,$AA$7:$AI$20,9,FALSE),0) -> -2 | V4: Y | AA4: Light/Dark Sword | AC4: =IF(AB4<>"",AB4+1,0) -> 0 | AD4: =IF(AB4<>"",1+CEILING(AB4/3,1),0) -> 0 | AE4: 0
A5: Armour (AP) Ft/En | B5: =Bonuses!$AN$3+Bonuses!AP3+Bonuses!AQ3&" / "&Bonuses!$AO$3+Bonuses!AP3+Bonuses!AQ3 -> 5 / 0 | C5: Melee | E5: (Shield) | F5: (Evade) | G5: Close | I5: Ranged | AA5: Weapon of Cold | AC5: =IF(AB5<>"",AB5+1,0) -> 0 | AD5: =IF(AB5<>"",1+TRUNC(AB5/3,0),0) -> 0 | AE5: =AD5*3 -> 0
A6: Weapon | B6: Rk | C6: IV | D6: SC% | E6: Dam | F6: Class | G6: IV | H6: SC | I6: Rng | J6: IV | K6: SC | L6: Evade+ | M6: Use | N6: % ± | O6: ±Dam | P6: ±IV | Q6: ± Rk | R6: Base Weapon | S6: Rank | T6: Warrior Eff Rk | U6: MD | V6: Diff | W6: PS | X6: Diff | Y6: PS/Rk Dam | Z6: Hands | AA6: Shields | AB6: Rk | AC6: Def | AD6: Base Def | AE6: Def/Rk | AF6: ± Rk | AG6: Weapon | AH6: Rk | AI6: MD Mod | AJ6: Wgt
A7: Unarmed | B7: =IF(ISERROR(S7*1),IF(ISERROR(T7*1),IF(Q7>0,Q7-1,"Un"),T7+Q7),IF(ISERROR(T7*1),S7+Q7,MAX(S7:T7)+Q7)) -> Un | C7: =IF(ISERROR(SEARCH("M",$M7)),"",Stats!$D$3+Stats!$I$3+IF(ISERROR($B7*1),0,$B7)+Bonuses!$AJ$3+Bonuses!$AR$3+$N$1+$P7) -> 16 | D7: =IF(ISERROR(SEARCH("M",$M7)),"",OFFSET(Weapons!$A$1,MATCH($R7,Weapons!$A$1:$A$199,0)-1,4)+IF(ISERROR(1*$B7),0,Stats!$C$3+4*$B7)+Bonuses!$AK$3+Bonuses!$AS$3+$P$1+$N7) -> 22 | E7: =OFFSET(Weapons!$A$1,MATCH($R7,Weapons!$A$1:$A$199,0)-1,7)+IF(Stats!$B$3>15,TRUNC((Stats!$B$3-15)/3),0)+IF(ISERROR(B7*1),0,TRUNC(B7/4))+$R$1+O7+Bonuses!$AL$3 -> -4 | F7: =OFFSET(Weapons!$A$1,MATCH($R7,Weapons!$A$1:$A$199,0)-1,1) -> C | G7: =IF(ISERROR(SEARCH("C",$M7)),"",Stats!$D$3+Stats!$I$3+IF(ISERROR($B7*1),0,$B7)+Bonuses!$AJ$3+Bonuses!$AU$3+$N$1+$P7) -> 16 | H7: =IF(ISERROR(SEARCH("C",$M7)),"",OFFSET(Weapons!$A$1,MATCH($R7,Weapons!$A$1:$A$199,0)-1,4)+IF(ISERROR(1*$B7),0,Stats!$C$3+4*$B7)+Bonuses!$AK$3+Bonuses!$AV$3+$P$1+$N7) -> 22 | I7: =IF(ISERROR(SEARCH("R",$M7)),"",OFFSET(Weapons!$A$1,MATCH($R7,Weapons!$A$1:$A$199,0)-1,2)&" hx") | J7: =IF(ISERROR(SEARCH("R",$M7)),"",Stats!$D$3+Stats!$I$3+IF(ISERROR($B7*1),0,$B7)+Bonuses!$AJ$3+Bonuses!$AX$3+$N$1+$P7) | K7: =IF(ISERROR(SEARCH("R",$M7)),"",OFFSET(Weapons!$A$1,MATCH($R7,Weapons!$A$1:$A$199,0)-1,4)+IF(ISERROR(1*$B7),0,Stats!$C$3+4*$B7)+Bonuses!$AK$3+Bonuses!$AY$3+$P$1+$N7) | L7: =10+IF(ISERROR($B7*1),0,$B7*4) -> 10 | M7: =OFFSET(Weapons!$A$1,MATCH($R7,Weapons!$A$1:$A$199,0)-1,3) -> MC | R7: Unarmed | S7: =OFFSET(Weapons!$A$1,MATCH($R7,Weapons!$A$1:$A$199,0)-1,9) -> Un | T7: =OFFSET(Weapons!$P$2,MATCH($R7,Weapons!$N$1:$N$199,0)-3,0) -> Un | U7: =OFFSET(Weapons!$A$1,MATCH($R7,Weapons!$A$1:$A$199,0)-1,6) -> 1 | V7: =Stats!$C$3-U7 -> 12 | W7: =OFFSET(Weapons!$A$1,MATCH($R7,Weapons!$A$1:$A$199,0)-1,5) -> 1 | X7: =Stats!$B$3-W7 -> 14 | Z7: =OFFSET(Weapons!$A$1,MATCH($R7,Weapons!$A$1:$A$199,0)-1,11) -> 0 | AA7: Main-Gauche | AB7: =IF(ISERROR(AH7*1),"Un",AH7+AF7) -> Un | AC7: =IF(ISERROR(AB7*1),0,AD7+AE7*(1+AB7)) -> 0 | AD7: 0 | AE7: 2 | AG7: Main-Gauche | AH7: =OFFSET(Weapons!$A$1,MATCH($AG7,Weapons!$A$1:$A$199,0)-1,9) -> Un | AI7: 0 | AJ7: 1
A8: =IF(V4="Y",Q4,"Shield Not Equipped") -> Small Round | B8: =IF(ISERROR(S8*1),IF(ISERROR(T8*1),IF(Q8>0,Q8-1,"Un"),T8+Q8),IF(ISERROR(T8*1),S8+Q8,MAX(S8:T8)+Q8)) -> Un | C8: =IF(ISERROR(SEARCH("M",$M8)),"",Stats!$D$3+Stats!$I$3+IF(ISERROR($B8*1),0,$B8)+Bonuses!$AJ$3+Bonuses!$AR$3+$N$1+$P8) -> 16 | D8: =IF(ISERROR(SEARCH("M",$M8)),"",OFFSET(Weapons!$A$1,MATCH($R8,Weapons!$A$1:$A$199,0)-1,4)+IF(ISERROR(1*$B8),0,Stats!$C$3+4*$B8)+Bonuses!$AK$3+Bonuses!$AS$3+$P$1+$N8) -> 40 | E8: =OFFSET(Weapons!$A$1,MATCH($R8,Weapons!$A$1:$A$199,0)-1,7)+Y8+IF("R"=$M8,0,$R$1)+O8+Bonuses!$AL$3 -> -1 | F8: =OFFSET(Weapons!$A$1,MATCH($R8,Weapons!$A$1:$A$199,0)-1,1) -> C | G8: =IF(ISERROR(SEARCH("C",$M8)),"",Stats!$D$3+Stats!$I$3+IF(ISERROR($B8*1),0,$B8)+Bonuses!$AJ$3+Bonuses!$AU$3+$N$1+$P8) | H8: =IF(ISERROR(SEARCH("C",$M8)),"",OFFSET(Weapons!$A$1,MATCH($R8,Weapons!$A$1:$A$199,0)-1,4)+IF(ISERROR(1*$B8),0,Stats!$C$3+4*$B8)+Bonuses!$AK$3+Bonuses!$AV$3+$P$1+$N8) | I8: =IF(ISERROR(SEARCH("R",$M8)),"",OFFSET(Weapons!$A$1,MATCH($R8,Weapons!$A$1:$A$199,0)-1,2)&" hx") | J8: =IF(ISERROR(SEARCH("R",$M8)),"",Stats!$D$3+Stats!$I$3+IF(ISERROR($B8*1),0,$B8)+Bonuses!$AJ$3+Bonuses!$AX$3+$N$1+$P8) | K8: =IF(ISERROR(SEARCH("R",$M8)),"",OFFSET(Weapons!$A$1,MATCH($R8,Weapons!$A$1:$A$199,0)-1,4)+IF(ISERROR(1*$B8),0,Stats!$C$3+4*$B8)+Bonuses!$AK$3+Bonuses!$AY$3+$P$1+$N8) | L8: =10+IF(ISERROR($B8*1),0,$B8*4) -> 10 | M8: =OFFSET(Weapons!$A$1,MATCH($R8,Weapons!$A$1:$A$199,0)-1,3) -> M | R8: Shield | S8: =OFFSET(Weapons!$A$1,MATCH($R8,Weapons!$A$1:$A$199,0)-1,9) -> Un | T8: =OFFSET(Weapons!$P$2,MATCH($R8,Weapons!$N$1:$N$199,0)-3,0) -> Un | U8: =OFFSET(Weapons!$A$1,MATCH($R8,Weapons!$A$1:$A$199,0)-1,6) -> 12 | V8: =Stats!$C$3-U8 -> 1 | W8: =OFFSET(Weapons!$A$1,MATCH($R8,Weapons!$A$1:$A$199,0)-1,5) -> 10 | X8: =Stats!$B$3-W8 -> 5 | Y8: =MAX(TRUNC(X8/5,0),IF(ISERROR(B8*1),0,TRUNC(B8/4,0)))+MIN(0,X8) -> 1 | Z8: =OFFSET(Weapons!$A$1,MATCH($R8,Weapons!$A$1:$A$199,0)-1,11) -> 0 | AA8: Buckler | AB8: =IF(ISERROR(AH8*1),"Un",AH8+AF8) -> Un | AC8: =IF(ISERROR(AB8*1),0,AD8+AE8*(1+AB8)) -> 0 | AD8: 0 | AE8: 2 | AG8: Shield | AH8: =OFFSET(Weapons!$A$1,MATCH($AG8,Weapons!$A$1:$A$199,0)-1,9) -> Un | AI8: 0 | AJ8: 3
A9: =R9 -> Battle Axe | B9: =IF(ISERROR(S9*1),IF(ISERROR(T9*1),IF(Q9>0,Q9-1,"Un"),T9+Q9),IF(ISERROR(T9*1),S9+Q9,MAX(S9:T9)+Q9)) -> Un | C9: =IF(ISERROR(SEARCH("M",$M9)),"",Stats!$D$3+Stats!$I$3+IF(ISERROR($B9*1),0,$B9)+Bonuses!$AJ$3+Bonuses!$AR$3+$N$1+$P9) -> 16 | D9: =IF(ISERROR(SEARCH("M",$M9)),"",OFFSET(Weapons!$A$1,MATCH($R9,Weapons!$A$1:$A$199,0)-1,4)+IF(ISERROR(1*$B9),0,Stats!$C$3+4*$B9)+Bonuses!$AK$3+Bonuses!$AS$3+$P$1+$N9) -> 60 | E9: =OFFSET(Weapons!$A$1,MATCH($R9,Weapons!$A$1:$A$199,0)-1,7)+Y9+IF("R"=$M9,0,$R$1)+O9+Bonuses!$AL$3 -> 4 | F9: =OFFSET(Weapons!$A$1,MATCH($R9,Weapons!$A$1:$A$199,0)-1,1) -> B | G9: =IF(ISERROR(SEARCH("C",$M9)),"",Stats!$D$3+Stats!$I$3+IF(ISERROR($B9*1),0,$B9)+Bonuses!$AJ$3+Bonuses!$AU$3+$N$1+$P9) | H9: =IF(ISERROR(SEARCH("C",$M9)),"",OFFSET(Weapons!$A$1,MATCH($R9,Weapons!$A$1:$A$199,0)-1,4)+IF(ISERROR(1*$B9),0,Stats!$C$3+4*$B9)+Bonuses!$AK$3+Bonuses!$AV$3+$P$1+$N9) | I9: =IF(ISERROR(SEARCH("R",$M9)),"",OFFSET(Weapons!$A$1,MATCH($R9,Weapons!$A$1:$A$199,0)-1,2)&" hx") -> 6 hx | J9: =IF(ISERROR(SEARCH("R",$M9)),"",Stats!$D$3+Stats!$I$3+IF(ISERROR($B9*1),0,$B9)+Bonuses!$AJ$3+Bonuses!$AX$3+$N$1+$P9) -> 16 | K9: =IF(ISERROR(SEARCH("R",$M9)),"",OFFSET(Weapons!$A$1,MATCH($R9,Weapons!$A$1:$A$199,0)-1,4)+IF(ISERROR(1*$B9),0,Stats!$C$3+4*$B9)+Bonuses!$AK$3+Bonuses!$AY$3+$P$1+$N9) -> 60 | L9: =10+IF(ISERROR($B9*1),0,$B9*4) -> 10 | M9: =OFFSET(Weapons!$A$1,MATCH($R9,Weapons!$A$1:$A$199,0)-1,3) -> RM | R9: Battle Axe | S9: =OFFSET(Weapons!$A$1,MATCH($R9,Weapons!$A$1:$A$199,0)-1,9) -> Un | T9: =OFFSET(Weapons!$P$2,MATCH($R9,Weapons!$N$1:$N$199,0)-3,0) -> Un | U9: =OFFSET(Weapons!$A$1,MATCH($R9,Weapons!$A$1:$A$199,0)-1,6) -> 14 | V9: =Stats!$C$3-U9 -> -1 | W9: =OFFSET(Weapons!$A$1,MATCH($R9,Weapons!$A$1:$A$199,0)-1,5) -> 14 | X9: =Stats!$B$3-W9 -> 1 | Y9: =MAX(TRUNC(X9/5,0),IF(ISERROR(B9*1),0,TRUNC(B9/4,0)))+MIN(0,X9) -> 0 | Z9: =OFFSET(Weapons!$A$1,MATCH($R9,Weapons!$A$1:$A$199,0)-1,11) -> 1-2 | AA9: Small Round | AB9: =IF(ISERROR(AH9*1),"Un",AH9+AF9) -> Un | AC9: =IF(ISERROR(AB9*1),0,AD9+AE9*(1+AB9)) -> 0 | AD9: 0 | AE9: 3 | AG9: Shield | AH9: =OFFSET(Weapons!$A$1,MATCH($AG9,Weapons!$A$1:$A$199,0)-1,9) -> Un | AI9: -2 | AJ9: 5
A10: =R10 -> Falchion | B10: =IF(ISERROR(S10*1),IF(ISERROR(T10*1),IF(Q10>0,Q10-1,"Un"),T10+Q10),IF(ISERROR(T10*1),S10+Q10,MAX(S10:T10)+Q10)) -> Un | C10: =IF(ISERROR(SEARCH("M",$M10)),"",Stats!$D$3+Stats!$I$3+IF(ISERROR($B10*1),0,$B10)+Bonuses!$AJ$3+Bonuses!$AR$3+$N$1+$P10) -> 16 | D10: =IF(ISERROR(SEARCH("M",$M10)),"",OFFSET(Weapons!$A$1,MATCH($R10,Weapons!$A$1:$A$199,0)-1,4)+IF(ISERROR(1*$B10),0,Stats!$C$3+4*$B10)+Bonuses!$AK$3+Bonuses!$AS$3+$P$1+$N10) -> 50 | E10: =OFFSET(Weapons!$A$1,MATCH($R10,Weapons!$A$1:$A$199,0)-1,7)+Y10+IF("R"=$M10,0,$R$1)+O10+Bonuses!$AL$3 -> 2 | F10: =OFFSET(Weapons!$A$1,MATCH($R10,Weapons!$A$1:$A$199,0)-1,1) -> B | G10: =IF(ISERROR(SEARCH("C",$M10)),"",Stats!$D$3+Stats!$I$3+IF(ISERROR($B10*1),0,$B10)+Bonuses!$AJ$3+Bonuses!$AU$3+$N$1+$P10) | H10: =IF(ISERROR(SEARCH("C",$M10)),"",OFFSET(Weapons!$A$1,MATCH($R10,Weapons!$A$1:$A$199,0)-1,4)+IF(ISERROR(1*$B10),0,Stats!$C$3+4*$B10)+Bonuses!$AK$3+Bonuses!$AV$3+$P$1+$N10) | I10: =IF(ISERROR(SEARCH("R",$M10)),"",OFFSET(Weapons!$A$1,MATCH($R10,Weapons!$A$1:$A$199,0)-1,2)&" hx") | J10: =IF(ISERROR(SEARCH("R",$M10)),"",Stats!$D$3+Stats!$I$3+IF(ISERROR($B10*1),0,$B10)+Bonuses!$AJ$3+Bonuses!$AX$3+$N$1+$P10) | K10: =IF(ISERROR(SEARCH("R",$M10)),"",OFFSET(Weapons!$A$1,MATCH($R10,Weapons!$A$1:$A$199,0)-1,4)+IF(ISERROR(1*$B10),0,Stats!$C$3+4*$B10)+Bonuses!$AK$3+Bonuses!$AY$3+$P$1+$N10) | L10: =10+IF(ISERROR($B10*1),0,$B10*4) -> 10 | M10: =OFFSET(Weapons!$A$1,MATCH($R10,Weapons!$A$1:$A$199,0)-1,3) -> M | R10: Falchion | S10: =OFFSET(Weapons!$A$1,MATCH($R10,Weapons!$A$1:$A$199,0)-1,9) -> Un | T10: =OFFSET(Weapons!$P$2,MATCH($R10,Weapons!$N$1:$N$199,0)-3,0) -> Un | U10: =OFFSET(Weapons!$A$1,MATCH($R10,Weapons!$A$1:$A$199,0)-1,6) -> 11 | V10: =Stats!$C$3-U10 -> 2 | W10: =OFFSET(Weapons!$A$1,MATCH($R10,Weapons!$A$1:$A$199,0)-1,5) -> 12 | X10: =Stats!$B$3-W10 -> 3 | Y10: =MAX(TRUNC(X10/5,0),IF(ISERROR(B10*1),0,TRUNC(B10/4,0)))+MIN(0,X10) -> 0 | Z10: =OFFSET(Weapons!$A$1,MATCH($R10,Weapons!$A$1:$A$199,0)-1,11) -> 0 | AA10: Large Round | AB10: =IF(ISERROR(AH10*1),"Un",AH10+AF10) -> Un | AC10: =IF(ISERROR(AB10*1),0,AD10+AE10*(1+AB10)) -> 0 | AD10: 0 | AE10: 4 | AG10: Shield | AH10: =OFFSET(Weapons!$A$1,MATCH($AG10,Weapons!$A$1:$A$199,0)-1,9) -> Un | AI10: -3 | AJ10: 10
A11: =R11 -> Dagger | B11: =IF(ISERROR(S11*1),IF(ISERROR(T11*1),IF(Q11>0,Q11-1,"Un"),T11+Q11),IF(ISERROR(T11*1),S11+Q11,MAX(S11:T11)+Q11)) -> Un | C11: =IF(ISERROR(SEARCH("M",$M11)),"",Stats!$D$3+Stats!$I$3+IF(ISERROR($B11*1),0,$B11)+Bonuses!$AJ$3+Bonuses!$AR$3+$N$1+$P11) -> 16 | D11: =IF(ISERROR(SEARCH("M",$M11)),"",OFFSET(Weapons!$A$1,MATCH($R11,Weapons!$A$1:$A$199,0)-1,4)+IF(ISERROR(1*$B11),0,Stats!$C$3+4*$B11)+Bonuses!$AK$3+Bonuses!$AS$3+$P$1+$N11) -> 40 | E11: =OFFSET(Weapons!$A$1,MATCH($R11,Weapons!$A$1:$A$199,0)-1,7)+Y11+IF("R"=$M11,0,$R$1)+O11+Bonuses!$AL$3 -> 1 | F11: =OFFSET(Weapons!$A$1,MATCH($R11,Weapons!$A$1:$A$199,0)-1,1) -> A | G11: =IF(ISERROR(SEARCH("C",$M11)),"",Stats!$D$3+Stats!$I$3+IF(ISERROR($B11*1),0,$B11)+Bonuses!$AJ$3+Bonuses!$AU$3+$N$1+$P11) -> 16 | H11: =IF(ISERROR(SEARCH("C",$M11)),"",OFFSET(Weapons!$A$1,MATCH($R11,Weapons!$A$1:$A$199,0)-1,4)+IF(ISERROR(1*$B11),0,Stats!$C$3+4*$B11)+Bonuses!$AK$3+Bonuses!$AV$3+$P$1+$N11) -> 40 | I11: =IF(ISERROR(SEARCH("R",$M11)),"",OFFSET(Weapons!$A$1,MATCH($R11,Weapons!$A$1:$A$199,0)-1,2)&" hx") -> 8 hx | J11: =IF(ISERROR(SEARCH("R",$M11)),"",Stats!$D$3+Stats!$I$3+IF(ISERROR($B11*1),0,$B11)+Bonuses!$AJ$3+Bonuses!$AX$3+$N$1+$P11) -> 16 | K11: =IF(ISERROR(SEARCH("R",$M11)),"",OFFSET(Weapons!$A$1,MATCH($R11,Weapons!$A$1:$A$199,0)-1,4)+IF(ISERROR(1*$B11),0,Stats!$C$3+4*$B11)+Bonuses!$AK$3+Bonuses!$AY$3+$P$1+$N11) -> 40 | L11: =10+IF(ISERROR($B11*1),0,$B11*4) -> 10 | M11: =OFFSET(Weapons!$A$1,MATCH($R11,Weapons!$A$1:$A$199,0)-1,3) -> RMC | R11: Dagger | S11: =OFFSET(Weapons!$A$1,MATCH($R11,Weapons!$A$1:$A$199,0)-1,9) -> Un | T11: =OFFSET(Weapons!$P$2,MATCH($R11,Weapons!$N$1:$N$199,0)-3,0) -> Un | U11: =OFFSET(Weapons!$A$1,MATCH($R11,Weapons!$A$1:$A$199,0)-1,6) -> 10 | V11: =Stats!$C$3-U11 -> 3 | W11: =OFFSET(Weapons!$A$1,MATCH($R11,Weapons!$A$1:$A$199,0)-1,5) -> 7 | X11: =Stats!$B$3-W11 -> 8 | Y11: =MAX(TRUNC(X11/5,0),IF(ISERROR(B11*1),0,TRUNC(B11/4,0)))+MIN(0,X11) -> 1 | Z11: =OFFSET(Weapons!$A$1,MATCH($R11,Weapons!$A$1:$A$199,0)-1,11) -> 0 | AA11: Kite | AB11: =IF(ISERROR(AH11*1),"Un",AH11+AF11) -> Un | AC11: =IF(ISERROR(AB11*1),0,AD11+AE11*(1+AB11)) -> 0 | AD11: 0 | AE11: 5 | AG11: Shield | AH11: =OFFSET(Weapons!$A$1,MATCH($AG11,Weapons!$A$1:$A$199,0)-1,9) -> Un | AI11: -4 | AJ11: 15
A12: =R12 -> Tulwar | B12: =IF(ISERROR(S12*1),IF(ISERROR(T12*1),IF(Q12>0,Q12-1,"Un"),T12+Q12),IF(ISERROR(T12*1),S12+Q12,MAX(S12:T12)+Q12)) -> Un | C12: =IF(ISERROR(SEARCH("M",$M12)),"",Stats!$D$3+Stats!$I$3+IF(ISERROR($B12*1),0,$B12)+Bonuses!$AJ$3+Bonuses!$AR$3+$N$1+$P12) -> 16 | D12: =IF(ISERROR(SEARCH("M",$M12)),"",OFFSET(Weapons!$A$1,MATCH($R12,Weapons!$A$1:$A$199,0)-1,4)+IF(ISERROR(1*$B12),0,Stats!$C$3+4*$B12)+Bonuses!$AK$3+Bonuses!$AS$3+$P$1+$N12) -> 50 | E12: =OFFSET(Weapons!$A$1,MATCH($R12,Weapons!$A$1:$A$199,0)-1,7)+Y12+IF("R"=$M12,0,$R$1)+O12+Bonuses!$AL$3 -> 4 | F12: =OFFSET(Weapons!$A$1,MATCH($R12,Weapons!$A$1:$A$199,0)-1,1) -> B | G12: =IF(ISERROR(SEARCH("C",$M12)),"",Stats!$D$3+Stats!$I$3+IF(ISERROR($B12*1),0,$B12)+Bonuses!$AJ$3+Bonuses!$AU$3+$N$1+$P12) | H12: =IF(ISERROR(SEARCH("C",$M12)),"",OFFSET(Weapons!$A$1,MATCH($R12,Weapons!$A$1:$A$199,0)-1,4)+IF(ISERROR(1*$B12),0,Stats!$C$3+4*$B12)+Bonuses!$AK$3+Bonuses!$AV$3+$P$1+$N12) | I12: =IF(ISERROR(SEARCH("R",$M12)),"",OFFSET(Weapons!$A$1,MATCH($R12,Weapons!$A$1:$A$199,0)-1,2)&" hx") | J12: =IF(ISERROR(SEARCH("R",$M12)),"",Stats!$D$3+Stats!$I$3+IF(ISERROR($B12*1),0,$B12)+Bonuses!$AJ$3+Bonuses!$AX$3+$N$1+$P12) | K12: =IF(ISERROR(SEARCH("R",$M12)),"",OFFSET(Weapons!$A$1,MATCH($R12,Weapons!$A$1:$A$199,0)-1,4)+IF(ISERROR(1*$B12),0,Stats!$C$3+4*$B12)+Bonuses!$AK$3+Bonuses!$AY$3+$P$1+$N12) | L12: =10+IF(ISERROR($B12*1),0,$B12*4) -> 10 | M12: =OFFSET(Weapons!$A$1,MATCH($R12,Weapons!$A$1:$A$199,0)-1,3) -> M | R12: Tulwar | S12: =OFFSET(Weapons!$A$1,MATCH($R12,Weapons!$A$1:$A$199,0)-1,9) -> Un | T12: =OFFSET(Weapons!$P$2,MATCH($R12,Weapons!$N$1:$N$199,0)-3,0) -> Un | U12: =OFFSET(Weapons!$A$1,MATCH($R12,Weapons!$A$1:$A$199,0)-1,6) -> 15 | V12: =Stats!$C$3-U12 -> -2 | W12: =OFFSET(Weapons!$A$1,MATCH($R12,Weapons!$A$1:$A$199,0)-1,5) -> 13 | X12: =Stats!$B$3-W12 -> 2 | Y12: =MAX(TRUNC(X12/5,0),IF(ISERROR(B12*1),0,TRUNC(B12/4,0)))+MIN(0,X12) -> 0 | Z12: =OFFSET(Weapons!$A$1,MATCH($R12,Weapons!$A$1:$A$199,0)-1,11) -> 0 | AA12: Tower | AB12: =IF(ISERROR(AH12*1),"Un",AH12+AF12) -> Un | AC12: =IF(ISERROR(AB12*1),0,AD12+AE12*(1+AB12)) -> 0 | AD12: 0 | AE12: 6 | AG12: Shield | AH12: =OFFSET(Weapons!$A$1,MATCH($AG12,Weapons!$A$1:$A$199,0)-1,9) -> Un | AI12: -6 | AJ12: 25
A13: =R13 -> Sabre | B13: =IF(ISERROR(S13*1),IF(ISERROR(T13*1),IF(Q13>0,Q13-1,"Un"),T13+Q13),IF(ISERROR(T13*1),S13+Q13,MAX(S13:T13)+Q13)) -> Un | C13: =IF(ISERROR(SEARCH("M",$M13)),"",Stats!$D$3+Stats!$I$3+IF(ISERROR($B13*1),0,$B13)+Bonuses!$AJ$3+Bonuses!$AR$3+$N$1+$P13) -> 16 | D13: =IF(ISERROR(SEARCH("M",$M13)),"",OFFSET(Weapons!$A$1,MATCH($R13,Weapons!$A$1:$A$199,0)-1,4)+IF(ISERROR(1*$B13),0,Stats!$C$3+4*$B13)+Bonuses!$AK$3+Bonuses!$AS$3+$P$1+$N13) -> 60 | E13: =OFFSET(Weapons!$A$1,MATCH($R13,Weapons!$A$1:$A$199,0)-1,7)+Y13+IF("R"=$M13,0,$R$1)+O13+Bonuses!$AL$3 -> 3 | F13: =OFFSET(Weapons!$A$1,MATCH($R13,Weapons!$A$1:$A$199,0)-1,1) -> B | G13: =IF(ISERROR(SEARCH("C",$M13)),"",Stats!$D$3+Stats!$I$3+IF(ISERROR($B13*1),0,$B13)+Bonuses!$AJ$3+Bonuses!$AU$3+$N$1+$P13) | H13: =IF(ISERROR(SEARCH("C",$M13)),"",OFFSET(Weapons!$A$1,MATCH($R13,Weapons!$A$1:$A$199,0)-1,4)+IF(ISERROR(1*$B13),0,Stats!$C$3+4*$B13)+Bonuses!$AK$3+Bonuses!$AV$3+$P$1+$N13) | I13: =IF(ISERROR(SEARCH("R",$M13)),"",OFFSET(Weapons!$A$1,MATCH($R13,Weapons!$A$1:$A$199,0)-1,2)&" hx") | J13: =IF(ISERROR(SEARCH("R",$M13)),"",Stats!$D$3+Stats!$I$3+IF(ISERROR($B13*1),0,$B13)+Bonuses!$AJ$3+Bonuses!$AX$3+$N$1+$P13) | K13: =IF(ISERROR(SEARCH("R",$M13)),"",OFFSET(Weapons!$A$1,MATCH($R13,Weapons!$A$1:$A$199,0)-1,4)+IF(ISERROR(1*$B13),0,Stats!$C$3+4*$B13)+Bonuses!$AK$3+Bonuses!$AY$3+$P$1+$N13) | L13: =10+IF(ISERROR($B13*1),0,$B13*4) -> 10 | M13: =OFFSET(Weapons!$A$1,MATCH($R13,Weapons!$A$1:$A$199,0)-1,3) -> M | R13: Sabre | S13: =OFFSET(Weapons!$A$1,MATCH($R13,Weapons!$A$1:$A$199,0)-1,9) -> Un | T13: =OFFSET(Weapons!$P$2,MATCH($R13,Weapons!$N$1:$N$199,0)-3,0) -> Un | U13: =OFFSET(Weapons!$A$1,MATCH($R13,Weapons!$A$1:$A$199,0)-1,6) -> 15 | V13: =Stats!$C$3-U13 -> -2 | W13: =OFFSET(Weapons!$A$1,MATCH($R13,Weapons!$A$1:$A$199,0)-1,5) -> 14 | X13: =Stats!$B$3-W13 -> 1 | Y13: =MAX(TRUNC(X13/5,0),IF(ISERROR(B13*1),0,TRUNC(B13/4,0)))+MIN(0,X13) -> 0 | Z13: =OFFSET(Weapons!$A$1,MATCH($R13,Weapons!$A$1:$A$199,0)-1,11) -> 0 | AA13: Sai | AB13: =IF(ISERROR(AH13*1),"Un",AH13+AF13) -> Un | AC13: =IF(ISERROR(AB13*1),0,AD13+AE13*(1+AB13)) -> 0 | AD13: 0 | AE13: 2 | AG13: Sai | AH13: =OFFSET(Weapons!$A$1,MATCH($AG13,Weapons!$A$1:$A$199,0)-1,9) -> Un | AI13: 0 | AJ13: 1
A14: =R14 -> Broadsword | B14: =IF(ISERROR(S14*1),IF(ISERROR(T14*1),IF(Q14>0,Q14-1,"Un"),T14+Q14),IF(ISERROR(T14*1),S14+Q14,MAX(S14:T14)+Q14)) -> Un | C14: =IF(ISERROR(SEARCH("M",$M14)),"",Stats!$D$3+Stats!$I$3+IF(ISERROR($B14*1),0,$B14)+Bonuses!$AJ$3+Bonuses!$AR$3+$N$1+$P14) -> 16 | D14: =IF(ISERROR(SEARCH("M",$M14)),"",OFFSET(Weapons!$A$1,MATCH($R14,Weapons!$A$1:$A$199,0)-1,4)+IF(ISERROR(1*$B14),0,Stats!$C$3+4*$B14)+Bonuses!$AK$3+Bonuses!$AS$3+$P$1+$N14) -> 55 | E14: =OFFSET(Weapons!$A$1,MATCH($R14,Weapons!$A$1:$A$199,0)-1,7)+Y14+IF("R"=$M14,0,$R$1)+O14+Bonuses!$AL$3 -> 4 | F14: =OFFSET(Weapons!$A$1,MATCH($R14,Weapons!$A$1:$A$199,0)-1,1) -> B | G14: =IF(ISERROR(SEARCH("C",$M14)),"",Stats!$D$3+Stats!$I$3+IF(ISERROR($B14*1),0,$B14)+Bonuses!$AJ$3+Bonuses!$AU$3+$N$1+$P14) | H14: =IF(ISERROR(SEARCH("C",$M14)),"",OFFSET(Weapons!$A$1,MATCH($R14,Weapons!$A$1:$A$199,0)-1,4)+IF(ISERROR(1*$B14),0,Stats!$C$3+4*$B14)+Bonuses!$AK$3+Bonuses!$AV$3+$P$1+$N14) | I14: =IF(ISERROR(SEARCH("R",$M14)),"",OFFSET(Weapons!$A$1,MATCH($R14,Weapons!$A$1:$A$199,0)-1,2)&" hx") | J14: =IF(ISERROR(SEARCH("R",$M14)),"",Stats!$D$3+Stats!$I$3+IF(ISERROR($B14*1),0,$B14)+Bonuses!$AJ$3+Bonuses!$AX$3+$N$1+$P14) | K14: =IF(ISERROR(SEARCH("R",$M14)),"",OFFSET(Weapons!$A$1,MATCH($R14,Weapons!$A$1:$A$199,0)-1,4)+IF(ISERROR(1*$B14),0,Stats!$C$3+4*$B14)+Bonuses!$AK$3+Bonuses!$AY$3+$P$1+$N14) | L14: =10+IF(ISERROR($B14*1),0,$B14*4) -> 10 | M14: =OFFSET(Weapons!$A$1,MATCH($R14,Weapons!$A$1:$A$199,0)-1,3) -> M | R14: Broadsword | S14: =OFFSET(Weapons!$A$1,MATCH($R14,Weapons!$A$1:$A$199,0)-1,9) -> Un | T14: =OFFSET(Weapons!$P$2,MATCH($R14,Weapons!$N$1:$N$199,0)-3,0) -> Un | U14: =OFFSET(Weapons!$A$1,MATCH($R14,Weapons!$A$1:$A$199,0)-1,6) -> 15 | V14: =Stats!$C$3-U14 -> -2 | W14: =OFFSET(Weapons!$A$1,MATCH($R14,Weapons!$A$1:$A$199,0)-1,5) -> 15 | X14: =Stats!$B$3-W14 -> 0 | Y14: =MAX(TRUNC(X14/5,0),IF(ISERROR(B14*1),0,TRUNC(B14/4,0)))+MIN(0,X14) -> 0 | Z14: =OFFSET(Weapons!$A$1,MATCH($R14,Weapons!$A$1:$A$199,0)-1,11) -> 0 | AB14: =IF(ISERROR(AH14*1),"Un",AH14+AF14) -> Un | AC14: =IF(ISERROR(AB14*1),0,AD14+AE14*(1+AB14)) -> 0 | AG14: Shield | AH14: =OFFSET(Weapons!$A$1,MATCH($AG14,Weapons!$A$1:$A$199,0)-1,9) -> Un
A15: =R15 -> Estoc | B15: =IF(ISERROR(S15*1),IF(ISERROR(T15*1),IF(Q15>0,Q15-1,"Un"),T15+Q15),IF(ISERROR(T15*1),S15+Q15,MAX(S15:T15)+Q15)) -> Un | C15: =IF(ISERROR(SEARCH("M",$M15)),"",Stats!$D$3+Stats!$I$3+IF(ISERROR($B15*1),0,$B15)+Bonuses!$AJ$3+Bonuses!$AR$3+$N$1+$P15) -> 16 | D15: =IF(ISERROR(SEARCH("M",$M15)),"",OFFSET(Weapons!$A$1,MATCH($R15,Weapons!$A$1:$A$199,0)-1,4)+IF(ISERROR(1*$B15),0,Stats!$C$3+4*$B15)+Bonuses!$AK$3+Bonuses!$AS$3+$P$1+$N15) -> 45 | E15: =OFFSET(Weapons!$A$1,MATCH($R15,Weapons!$A$1:$A$199,0)-1,7)+Y15+IF("R"=$M15,0,$R$1)+O15+Bonuses!$AL$3 -> 5 | F15: =OFFSET(Weapons!$A$1,MATCH($R15,Weapons!$A$1:$A$199,0)-1,1) -> A | G15: =IF(ISERROR(SEARCH("C",$M15)),"",Stats!$D$3+Stats!$I$3+IF(ISERROR($B15*1),0,$B15)+Bonuses!$AJ$3+Bonuses!$AU$3+$N$1+$P15) | H15: =IF(ISERROR(SEARCH("C",$M15)),"",OFFSET(Weapons!$A$1,MATCH($R15,Weapons!$A$1:$A$199,0)-1,4)+IF(ISERROR(1*$B15),0,Stats!$C$3+4*$B15)+Bonuses!$AK$3+Bonuses!$AV$3+$P$1+$N15) | I15: =IF(ISERROR(SEARCH("R",$M15)),"",OFFSET(Weapons!$A$1,MATCH($R15,Weapons!$A$1:$A$199,0)-1,2)&" hx") | J15: =IF(ISERROR(SEARCH("R",$M15)),"",Stats!$D$3+Stats!$I$3+IF(ISERROR($B15*1),0,$B15)+Bonuses!$AJ$3+Bonuses!$AX$3+$N$1+$P15) | K15: =IF(ISERROR(SEARCH("R",$M15)),"",OFFSET(Weapons!$A$1,MATCH($R15,Weapons!$A$1:$A$199,0)-1,4)+IF(ISERROR(1*$B15),0,Stats!$C$3+4*$B15)+Bonuses!$AK$3+Bonuses!$AY$3+$P$1+$N15) | L15: =10+IF(ISERROR($B15*1),0,$B15*4) -> 10 | M15: =OFFSET(Weapons!$A$1,MATCH($R15,Weapons!$A$1:$A$199,0)-1,3) -> M | R15: Estoc | S15: =OFFSET(Weapons!$A$1,MATCH($R15,Weapons!$A$1:$A$199,0)-1,9) -> Un | T15: =OFFSET(Weapons!$P$2,MATCH($R15,Weapons!$N$1:$N$199,0)-3,0) -> Un | U15: =OFFSET(Weapons!$A$1,MATCH($R15,Weapons!$A$1:$A$199,0)-1,6) -> 17 | V15: =Stats!$C$3-U15 -> -4 | W15: =OFFSET(Weapons!$A$1,MATCH($R15,Weapons!$A$1:$A$199,0)-1,5) -> 15 | X15: =Stats!$B$3-W15 -> 0 | Y15: =MAX(TRUNC(X15/5,0),IF(ISERROR(B15*1),0,TRUNC(B15/4,0)))+MIN(0,X15) -> 0 | Z15: =OFFSET(Weapons!$A$1,MATCH($R15,Weapons!$A$1:$A$199,0)-1,11) -> 0 | AB15: =IF(ISERROR(AH15*1),"Un",AH15+AF15) -> Un | AC15: =IF(ISERROR(AB15*1),0,AD15+AE15*(1+AB15)) -> 0 | AG15: Shield | AH15: =OFFSET(Weapons!$A$1,MATCH($AG15,Weapons!$A$1:$A$199,0)-1,9) -> Un
A16: =R16 -> War Hammer | B16: =IF(ISERROR(S16*1),IF(ISERROR(T16*1),IF(Q16>0,Q16-1,"Un"),T16+Q16),IF(ISERROR(T16*1),S16+Q16,MAX(S16:T16)+Q16)) -> Un | C16: =IF(ISERROR(SEARCH("M",$M16)),"",Stats!$D$3+Stats!$I$3+IF(ISERROR($B16*1),0,$B16)+Bonuses!$AJ$3+Bonuses!$AR$3+$N$1+$P16) -> 16 | D16: =IF(ISERROR(SEARCH("M",$M16)),"",OFFSET(Weapons!$A$1,MATCH($R16,Weapons!$A$1:$A$199,0)-1,4)+IF(ISERROR(1*$B16),0,Stats!$C$3+4*$B16)+Bonuses!$AK$3+Bonuses!$AS$3+$P$1+$N16) -> 45 | E16: =OFFSET(Weapons!$A$1,MATCH($R16,Weapons!$A$1:$A$199,0)-1,7)+Y16+IF("R"=$M16,0,$R$1)+O16+Bonuses!$AL$3 -> 3 | F16: =OFFSET(Weapons!$A$1,MATCH($R16,Weapons!$A$1:$A$199,0)-1,1) -> C | G16: =IF(ISERROR(SEARCH("C",$M16)),"",Stats!$D$3+Stats!$I$3+IF(ISERROR($B16*1),0,$B16)+Bonuses!$AJ$3+Bonuses!$AU$3+$N$1+$P16) | H16: =IF(ISERROR(SEARCH("C",$M16)),"",OFFSET(Weapons!$A$1,MATCH($R16,Weapons!$A$1:$A$199,0)-1,4)+IF(ISERROR(1*$B16),0,Stats!$C$3+4*$B16)+Bonuses!$AK$3+Bonuses!$AV$3+$P$1+$N16) | I16: =IF(ISERROR(SEARCH("R",$M16)),"",OFFSET(Weapons!$A$1,MATCH($R16,Weapons!$A$1:$A$199,0)-1,2)&" hx") -> 6 hx | J16: =IF(ISERROR(SEARCH("R",$M16)),"",Stats!$D$3+Stats!$I$3+IF(ISERROR($B16*1),0,$B16)+Bonuses!$AJ$3+Bonuses!$AX$3+$N$1+$P16) -> 16 | K16: =IF(ISERROR(SEARCH("R",$M16)),"",OFFSET(Weapons!$A$1,MATCH($R16,Weapons!$A$1:$A$199,0)-1,4)+IF(ISERROR(1*$B16),0,Stats!$C$3+4*$B16)+Bonuses!$AK$3+Bonuses!$AY$3+$P$1+$N16) -> 45 | L16: =10+IF(ISERROR($B16*1),0,$B16*4) -> 10 | M16: =OFFSET(Weapons!$A$1,MATCH($R16,Weapons!$A$1:$A$199,0)-1,3) -> RM | R16: War Hammer | S16: =OFFSET(Weapons!$A$1,MATCH($R16,Weapons!$A$1:$A$199,0)-1,9) -> Un | T16: =OFFSET(Weapons!$P$2,MATCH($R16,Weapons!$N$1:$N$199,0)-3,0) -> Un | U16: =OFFSET(Weapons!$A$1,MATCH($R16,Weapons!$A$1:$A$199,0)-1,6) -> 13 | V16: =Stats!$C$3-U16 -> 0 | W16: =OFFSET(Weapons!$A$1,MATCH($R16,Weapons!$A$1:$A$199,0)-1,5) -> 15 | X16: =Stats!$B$3-W16 -> 0 | Y16: =MAX(TRUNC(X16/5,0),IF(ISERROR(B16*1),0,TRUNC(B16/4,0)))+MIN(0,X16) -> 0 | Z16: =OFFSET(Weapons!$A$1,MATCH($R16,Weapons!$A$1:$A$199,0)-1,11) -> 0 | AB16: =IF(ISERROR(AH16*1),"Un",AH16+AF16) -> Un | AC16: =IF(ISERROR(AB16*1),0,AD16+AE16*(1+AB16)) -> 0 | AG16: Shield | AH16: =OFFSET(Weapons!$A$1,MATCH($AG16,Weapons!$A$1:$A$199,0)-1,9) -> Un
A17: =R17 -> Javelin | B17: =IF(ISERROR(S17*1),IF(ISERROR(T17*1),IF(Q17>0,Q17-1,"Un"),T17+Q17),IF(ISERROR(T17*1),S17+Q17,MAX(S17:T17)+Q17)) -> Un | C17: =IF(ISERROR(SEARCH("M",$M17)),"",Stats!$D$3+Stats!$I$3+IF(ISERROR($B17*1),0,$B17)+Bonuses!$AJ$3+Bonuses!$AR$3+$N$1+$P17) -> 16 | D17: =IF(ISERROR(SEARCH("M",$M17)),"",OFFSET(Weapons!$A$1,MATCH($R17,Weapons!$A$1:$A$199,0)-1,4)+IF(ISERROR(1*$B17),0,Stats!$C$3+4*$B17)+Bonuses!$AK$3+Bonuses!$AS$3+$P$1+$N17) -> 45 | E17: =OFFSET(Weapons!$A$1,MATCH($R17,Weapons!$A$1:$A$199,0)-1,7)+Y17+IF("R"=$M17,0,$R$1)+O17+Bonuses!$AL$3 -> 2 | F17: =OFFSET(Weapons!$A$1,MATCH($R17,Weapons!$A$1:$A$199,0)-1,1) -> A | G17: =IF(ISERROR(SEARCH("C",$M17)),"",Stats!$D$3+Stats!$I$3+IF(ISERROR($B17*1),0,$B17)+Bonuses!$AJ$3+Bonuses!$AU$3+$N$1+$P17) | H17: =IF(ISERROR(SEARCH("C",$M17)),"",OFFSET(Weapons!$A$1,MATCH($R17,Weapons!$A$1:$A$199,0)-1,4)+IF(ISERROR(1*$B17),0,Stats!$C$3+4*$B17)+Bonuses!$AK$3+Bonuses!$AV$3+$P$1+$N17) | I17: =IF(ISERROR(SEARCH("R",$M17)),"",OFFSET(Weapons!$A$1,MATCH($R17,Weapons!$A$1:$A$199,0)-1,2)&" hx") -> 12 hx | J17: =IF(ISERROR(SEARCH("R",$M17)),"",Stats!$D$3+Stats!$I$3+IF(ISERROR($B17*1),0,$B17)+Bonuses!$AJ$3+Bonuses!$AX$3+$N$1+$P17) -> 16 | K17: =IF(ISERROR(SEARCH("R",$M17)),"",OFFSET(Weapons!$A$1,MATCH($R17,Weapons!$A$1:$A$199,0)-1,4)+IF(ISERROR(1*$B17),0,Stats!$C$3+4*$B17)+Bonuses!$AK$3+Bonuses!$AY$3+$P$1+$N17) -> 45 | L17: =10+IF(ISERROR($B17*1),0,$B17*4) -> 10 | M17: =OFFSET(Weapons!$A$1,MATCH($R17,Weapons!$A$1:$A$199,0)-1,3) -> RM | R17: Javelin | S17: =OFFSET(Weapons!$A$1,MATCH($R17,Weapons!$A$1:$A$199,0)-1,9) -> Un | T17: =OFFSET(Weapons!$P$2,MATCH($R17,Weapons!$N$1:$N$199,0)-3,0) -> Un | U17: =OFFSET(Weapons!$A$1,MATCH($R17,Weapons!$A$1:$A$199,0)-1,6) -> 15 | V17: =Stats!$C$3-U17 -> -2 | W17: =OFFSET(Weapons!$A$1,MATCH($R17,Weapons!$A$1:$A$199,0)-1,5) -> 12 | X17: =Stats!$B$3-W17 -> 3 | Y17: =MAX(TRUNC(X17/5,0),IF(ISERROR(B17*1),0,TRUNC(B17/4,0)))+MIN(0,X17) -> 0 | Z17: =OFFSET(Weapons!$A$1,MATCH($R17,Weapons!$A$1:$A$199,0)-1,11) -> 0 | AB17: =IF(ISERROR(AH17*1),"Un",AH17+AF17) -> Un | AC17: =IF(ISERROR(AB17*1),0,AD17+AE17*(1+AB17)) -> 0 | AG17: Shield | AH17: =OFFSET(Weapons!$A$1,MATCH($AG17,Weapons!$A$1:$A$199,0)-1,9) -> Un
A18: =R18 -> Quarterstaff | B18: =IF(ISERROR(S18*1),IF(ISERROR(T18*1),IF(Q18>0,Q18-1,"Un"),T18+Q18),IF(ISERROR(T18*1),S18+Q18,MAX(S18:T18)+Q18)) -> Un | C18: =IF(ISERROR(SEARCH("M",$M18)),"",Stats!$D$3+Stats!$I$3+IF(ISERROR($B18*1),0,$B18)+Bonuses!$AJ$3+Bonuses!$AR$3+$N$1+$P18) -> 16 | D18: =IF(ISERROR(SEARCH("M",$M18)),"",OFFSET(Weapons!$A$1,MATCH($R18,Weapons!$A$1:$A$199,0)-1,4)+IF(ISERROR(1*$B18),0,Stats!$C$3+4*$B18)+Bonuses!$AK$3+Bonuses!$AS$3+$P$1+$N18) -> 55 | E18: =OFFSET(Weapons!$A$1,MATCH($R18,Weapons!$A$1:$A$199,0)-1,7)+Y18+IF("R"=$M18,0,$R$1)+O18+Bonuses!$AL$3 -> 2 | F18: =OFFSET(Weapons!$A$1,MATCH($R18,Weapons!$A$1:$A$199,0)-1,1) -> C | G18: =IF(ISERROR(SEARCH("C",$M18)),"",Stats!$D$3+Stats!$I$3+IF(ISERROR($B18*1),0,$B18)+Bonuses!$AJ$3+Bonuses!$AU$3+$N$1+$P18) | H18: =IF(ISERROR(SEARCH("C",$M18)),"",OFFSET(Weapons!$A$1,MATCH($R18,Weapons!$A$1:$A$199,0)-1,4)+IF(ISERROR(1*$B18),0,Stats!$C$3+4*$B18)+Bonuses!$AK$3+Bonuses!$AV$3+$P$1+$N18) | I18: =IF(ISERROR(SEARCH("R",$M18)),"",OFFSET(Weapons!$A$1,MATCH($R18,Weapons!$A$1:$A$199,0)-1,2)&" hx") | J18: =IF(ISERROR(SEARCH("R",$M18)),"",Stats!$D$3+Stats!$I$3+IF(ISERROR($B18*1),0,$B18)+Bonuses!$AJ$3+Bonuses!$AX$3+$N$1+$P18) | K18: =IF(ISERROR(SEARCH("R",$M18)),"",OFFSET(Weapons!$A$1,MATCH($R18,Weapons!$A$1:$A$199,0)-1,4)+IF(ISERROR(1*$B18),0,Stats!$C$3+4*$B18)+Bonuses!$AK$3+Bonuses!$AY$3+$P$1+$N18) | L18: =10+IF(ISERROR($B18*1),0,$B18*4) -> 10 | M18: =OFFSET(Weapons!$A$1,MATCH($R18,Weapons!$A$1:$A$199,0)-1,3) -> M | R18: Quarterstaff | S18: =OFFSET(Weapons!$A$1,MATCH($R18,Weapons!$A$1:$A$199,0)-1,9) -> Un | T18: =OFFSET(Weapons!$P$2,MATCH($R18,Weapons!$N$1:$N$199,0)-3,0) -> Un | U18: =OFFSET(Weapons!$A$1,MATCH($R18,Weapons!$A$1:$A$199,0)-1,6) -> 16 | V18: =Stats!$C$3-U18 -> -3 | W18: =OFFSET(Weapons!$A$1,MATCH($R18,Weapons!$A$1:$A$199,0)-1,5) -> 12 | X18: =Stats!$B$3-W18 -> 3 | Y18: =MAX(TRUNC(X18/5,0),IF(ISERROR(B18*1),0,TRUNC(B18/4,0)))+MIN(0,X18) -> 0 | Z18: =OFFSET(Weapons!$A$1,MATCH($R18,Weapons!$A$1:$A$199,0)-1,11) -> 2 | AB18: =IF(ISERROR(AH18*1),"Un",AH18+AF18) -> Un | AC18: =IF(ISERROR(AB18*1),0,AD18+AE18*(1+AB18)) -> 0 | AG18: Shield | AH18: =OFFSET(Weapons!$A$1,MATCH($AG18,Weapons!$A$1:$A$199,0)-1,9) -> Un
A19: =R19 -> Flail | B19: =IF(ISERROR(S19*1),IF(ISERROR(T19*1),IF(Q19>0,Q19-1,"Un"),T19+Q19),IF(ISERROR(T19*1),S19+Q19,MAX(S19:T19)+Q19)) -> Un | C19: =IF(ISERROR(SEARCH("M",$M19)),"",Stats!$D$3+Stats!$I$3+IF(ISERROR($B19*1),0,$B19)+Bonuses!$AJ$3+Bonuses!$AR$3+$N$1+$P19) -> 16 | D19: =IF(ISERROR(SEARCH("M",$M19)),"",OFFSET(Weapons!$A$1,MATCH($R19,Weapons!$A$1:$A$199,0)-1,4)+IF(ISERROR(1*$B19),0,Stats!$C$3+4*$B19)+Bonuses!$AK$3+Bonuses!$AS$3+$P$1+$N19) -> 50 | E19: =OFFSET(Weapons!$A$1,MATCH($R19,Weapons!$A$1:$A$199,0)-1,7)+Y19+IF("R"=$M19,0,$R$1)+O19+Bonuses!$AL$3 -> 2 | F19: =OFFSET(Weapons!$A$1,MATCH($R19,Weapons!$A$1:$A$199,0)-1,1) -> C | G19: =IF(ISERROR(SEARCH("C",$M19)),"",Stats!$D$3+Stats!$I$3+IF(ISERROR($B19*1),0,$B19)+Bonuses!$AJ$3+Bonuses!$AU$3+$N$1+$P19) | H19: =IF(ISERROR(SEARCH("C",$M19)),"",OFFSET(Weapons!$A$1,MATCH($R19,Weapons!$A$1:$A$199,0)-1,4)+IF(ISERROR(1*$B19),0,Stats!$C$3+4*$B19)+Bonuses!$AK$3+Bonuses!$AV$3+$P$1+$N19) | I19: =IF(ISERROR(SEARCH("R",$M19)),"",OFFSET(Weapons!$A$1,MATCH($R19,Weapons!$A$1:$A$199,0)-1,2)&" hx") | J19: =IF(ISERROR(SEARCH("R",$M19)),"",Stats!$D$3+Stats!$I$3+IF(ISERROR($B19*1),0,$B19)+Bonuses!$AJ$3+Bonuses!$AX$3+$N$1+$P19) | K19: =IF(ISERROR(SEARCH("R",$M19)),"",OFFSET(Weapons!$A$1,MATCH($R19,Weapons!$A$1:$A$199,0)-1,4)+IF(ISERROR(1*$B19),0,Stats!$C$3+4*$B19)+Bonuses!$AK$3+Bonuses!$AY$3+$P$1+$N19) | L19: =10+IF(ISERROR($B19*1),0,$B19*4) -> 10 | M19: =OFFSET(Weapons!$A$1,MATCH($R19,Weapons!$A$1:$A$199,0)-1,3) -> M | R19: Flail | S19: =OFFSET(Weapons!$A$1,MATCH($R19,Weapons!$A$1:$A$199,0)-1,9) -> Un | T19: =OFFSET(Weapons!$P$2,MATCH($R19,Weapons!$N$1:$N$199,0)-3,0) -> Un | U19: =OFFSET(Weapons!$A$1,MATCH($R19,Weapons!$A$1:$A$199,0)-1,6) -> 15 | V19: =Stats!$C$3-U19 -> -2 | W19: =OFFSET(Weapons!$A$1,MATCH($R19,Weapons!$A$1:$A$199,0)-1,5) -> 14 | X19: =Stats!$B$3-W19 -> 1 | Y19: =MAX(TRUNC(X19/5,0),IF(ISERROR(B19*1),0,TRUNC(B19/4,0)))+MIN(0,X19) -> 0 | Z19: =OFFSET(Weapons!$A$1,MATCH($R19,Weapons!$A$1:$A$199,0)-1,11) -> 0 | AB19: =IF(ISERROR(AH19*1),"Un",AH19+AF19) -> Un | AC19: =IF(ISERROR(AB19*1),0,AD19+AE19*(1+AB19)) -> 0 | AG19: Shield | AH19: =OFFSET(Weapons!$A$1,MATCH($AG19,Weapons!$A$1:$A$199,0)-1,9) -> Un
A20: =R20 -> Hand & a Half | B20: =IF(ISERROR(S20*1),IF(ISERROR(T20*1),IF(Q20>0,Q20-1,"Un"),T20+Q20),IF(ISERROR(T20*1),S20+Q20,MAX(S20:T20)+Q20)) -> Un | C20: =IF(ISERROR(SEARCH("M",$M20)),"",Stats!$D$3+Stats!$I$3+IF(ISERROR($B20*1),0,$B20)+Bonuses!$AJ$3+Bonuses!$AR$3+$N$1+$P20) -> 16 | D20: =IF(ISERROR(SEARCH("M",$M20)),"",OFFSET(Weapons!$A$1,MATCH($R20,Weapons!$A$1:$A$199,0)-1,4)+IF(ISERROR(1*$B20),0,Stats!$C$3+4*$B20)+Bonuses!$AK$3+Bonuses!$AS$3+$P$1+$N20) -> 60 | E20: =OFFSET(Weapons!$A$1,MATCH($R20,Weapons!$A$1:$A$199,0)-1,7)+Y20+IF("R"=$M20,0,$R$1)+O20+Bonuses!$AL$3 -> 3 | F20: =OFFSET(Weapons!$A$1,MATCH($R20,Weapons!$A$1:$A$199,0)-1,1) -> B | G20: =IF(ISERROR(SEARCH("C",$M20)),"",Stats!$D$3+Stats!$I$3+IF(ISERROR($B20*1),0,$B20)+Bonuses!$AJ$3+Bonuses!$AU$3+$N$1+$P20) | H20: =IF(ISERROR(SEARCH("C",$M20)),"",OFFSET(Weapons!$A$1,MATCH($R20,Weapons!$A$1:$A$199,0)-1,4)+IF(ISERROR(1*$B20),0,Stats!$C$3+4*$B20)+Bonuses!$AK$3+Bonuses!$AV$3+$P$1+$N20) | I20: =IF(ISERROR(SEARCH("R",$M20)),"",OFFSET(Weapons!$A$1,MATCH($R20,Weapons!$A$1:$A$199,0)-1,2)&" hx") | J20: =IF(ISERROR(SEARCH("R",$M20)),"",Stats!$D$3+Stats!$I$3+IF(ISERROR($B20*1),0,$B20)+Bonuses!$AJ$3+Bonuses!$AX$3+$N$1+$P20) | K20: =IF(ISERROR(SEARCH("R",$M20)),"",OFFSET(Weapons!$A$1,MATCH($R20,Weapons!$A$1:$A$199,0)-1,4)+IF(ISERROR(1*$B20),0,Stats!$C$3+4*$B20)+Bonuses!$AK$3+Bonuses!$AY$3+$P$1+$N20) | L20: =10+IF(ISERROR($B20*1),0,$B20*4) -> 10 | M20: =OFFSET(Weapons!$A$1,MATCH($R20,Weapons!$A$1:$A$199,0)-1,3) -> M | R20: Hand & a Half | S20: =OFFSET(Weapons!$A$1,MATCH($R20,Weapons!$A$1:$A$199,0)-1,9) -> Un | T20: =OFFSET(Weapons!$P$2,MATCH($R20,Weapons!$N$1:$N$199,0)-3,0) -> Un | U20: =OFFSET(Weapons!$A$1,MATCH($R20,Weapons!$A$1:$A$199,0)-1,6) -> 16 | V20: =Stats!$C$3-U20 -> -3 | W20: =OFFSET(Weapons!$A$1,MATCH($R20,Weapons!$A$1:$A$199,0)-1,5) -> 17 | X20: =Stats!$B$3-W20 -> -2 | Y20: =MAX(TRUNC(X20/5,0),IF(ISERROR(B20*1),0,TRUNC(B20/4,0)))+MIN(0,X20) -> -2 | Z20: =OFFSET(Weapons!$A$1,MATCH($R20,Weapons!$A$1:$A$199,0)-1,11) -> 1-2 | AB20: =IF(ISERROR(AH20*1),"Un",AH20+AF20) -> Un | AC20: =IF(ISERROR(AB20*1),0,AD20+AE20*(1+AB20)) -> 0 | AG20: Shield | AH20: =OFFSET(Weapons!$A$1,MATCH($AG20,Weapons!$A$1:$A$199,0)-1,9) -> Un
A21: =R21 -> Glaive | B21: =IF(ISERROR(S21*1),IF(ISERROR(T21*1),IF(Q21>0,Q21-1,"Un"),T21+Q21),IF(ISERROR(T21*1),S21+Q21,MAX(S21:T21)+Q21)) -> Un | C21: =IF(ISERROR(SEARCH("M",$M21)),"",Stats!$D$3+Stats!$I$3+IF(ISERROR($B21*1),0,$B21)+Bonuses!$AJ$3+Bonuses!$AR$3+$N$1+$P21) -> 16 | D21: =IF(ISERROR(SEARCH("M",$M21)),"",OFFSET(Weapons!$A$1,MATCH($R21,Weapons!$A$1:$A$199,0)-1,4)+IF(ISERROR(1*$B21),0,Stats!$C$3+4*$B21)+Bonuses!$AK$3+Bonuses!$AS$3+$P$1+$N21) -> 55 | E21: =OFFSET(Weapons!$A$1,MATCH($R21,Weapons!$A$1:$A$199,0)-1,7)+Y21+IF("R"=$M21,0,$R$1)+O21+Bonuses!$AL$3 -> 4 | F21: =OFFSET(Weapons!$A$1,MATCH($R21,Weapons!$A$1:$A$199,0)-1,1) -> B | G21: =IF(ISERROR(SEARCH("C",$M21)),"",Stats!$D$3+Stats!$I$3+IF(ISERROR($B21*1),0,$B21)+Bonuses!$AJ$3+Bonuses!$AU$3+$N$1+$P21) | H21: =IF(ISERROR(SEARCH("C",$M21)),"",OFFSET(Weapons!$A$1,MATCH($R21,Weapons!$A$1:$A$199,0)-1,4)+IF(ISERROR(1*$B21),0,Stats!$C$3+4*$B21)+Bonuses!$AK$3+Bonuses!$AV$3+$P$1+$N21) | I21: =IF(ISERROR(SEARCH("R",$M21)),"",OFFSET(Weapons!$A$1,MATCH($R21,Weapons!$A$1:$A$199,0)-1,2)&" hx") | J21: =IF(ISERROR(SEARCH("R",$M21)),"",Stats!$D$3+Stats!$I$3+IF(ISERROR($B21*1),0,$B21)+Bonuses!$AJ$3+Bonuses!$AX$3+$N$1+$P21) | K21: =IF(ISERROR(SEARCH("R",$M21)),"",OFFSET(Weapons!$A$1,MATCH($R21,Weapons!$A$1:$A$199,0)-1,4)+IF(ISERROR(1*$B21),0,Stats!$C$3+4*$B21)+Bonuses!$AK$3+Bonuses!$AY$3+$P$1+$N21) | L21: =10+IF(ISERROR($B21*1),0,$B21*4) -> 10 | M21: =OFFSET(Weapons!$A$1,MATCH($R21,Weapons!$A$1:$A$199,0)-1,3) -> M | R21: Glaive | S21: =OFFSET(Weapons!$A$1,MATCH($R21,Weapons!$A$1:$A$199,0)-1,9) -> Un | T21: =OFFSET(Weapons!$P$2,MATCH($R21,Weapons!$N$1:$N$199,0)-3,0) -> Un | U21: =OFFSET(Weapons!$A$1,MATCH($R21,Weapons!$A$1:$A$199,0)-1,6) -> 18 | V21: =Stats!$C$3-U21 -> -5 | W21: =OFFSET(Weapons!$A$1,MATCH($R21,Weapons!$A$1:$A$199,0)-1,5) -> 16 | X21: =Stats!$B$3-W21 -> -1 | Y21: =MAX(TRUNC(X21/5,0),IF(ISERROR(B21*1),0,TRUNC(B21/4,0)))+MIN(0,X21) -> -1 | Z21: =OFFSET(Weapons!$A$1,MATCH($R21,Weapons!$A$1:$A$199,0)-1,11) -> 2
A22: =R22 -> Scimitar | B22: =IF(ISERROR(S22*1),IF(ISERROR(T22*1),IF(Q22>0,Q22-1,"Un"),T22+Q22),IF(ISERROR(T22*1),S22+Q22,MAX(S22:T22)+Q22)) -> Un | C22: =IF(ISERROR(SEARCH("M",$M22)),"",Stats!$D$3+Stats!$I$3+IF(ISERROR($B22*1),0,$B22)+Bonuses!$AJ$3+Bonuses!$AR$3+$N$1+$P22) -> 16 | D22: =IF(ISERROR(SEARCH("M",$M22)),"",OFFSET(Weapons!$A$1,MATCH($R22,Weapons!$A$1:$A$199,0)-1,4)+IF(ISERROR(1*$B22),0,Stats!$C$3+4*$B22)+Bonuses!$AK$3+Bonuses!$AS$3+$P$1+$N22) -> 50 | E22: =OFFSET(Weapons!$A$1,MATCH($R22,Weapons!$A$1:$A$199,0)-1,7)+Y22+IF("R"=$M22,0,$R$1)+O22+Bonuses!$AL$3 -> 3 | F22: =OFFSET(Weapons!$A$1,MATCH($R22,Weapons!$A$1:$A$199,0)-1,1) -> B | G22: =IF(ISERROR(SEARCH("C",$M22)),"",Stats!$D$3+Stats!$I$3+IF(ISERROR($B22*1),0,$B22)+Bonuses!$AJ$3+Bonuses!$AU$3+$N$1+$P22) | H22: =IF(ISERROR(SEARCH("C",$M22)),"",OFFSET(Weapons!$A$1,MATCH($R22,Weapons!$A$1:$A$199,0)-1,4)+IF(ISERROR(1*$B22),0,Stats!$C$3+4*$B22)+Bonuses!$AK$3+Bonuses!$AV$3+$P$1+$N22) | I22: =IF(ISERROR(SEARCH("R",$M22)),"",OFFSET(Weapons!$A$1,MATCH($R22,Weapons!$A$1:$A$199,0)-1,2)&" hx") | J22: =IF(ISERROR(SEARCH("R",$M22)),"",Stats!$D$3+Stats!$I$3+IF(ISERROR($B22*1),0,$B22)+Bonuses!$AJ$3+Bonuses!$AX$3+$N$1+$P22) | K22: =IF(ISERROR(SEARCH("R",$M22)),"",OFFSET(Weapons!$A$1,MATCH($R22,Weapons!$A$1:$A$199,0)-1,4)+IF(ISERROR(1*$B22),0,Stats!$C$3+4*$B22)+Bonuses!$AK$3+Bonuses!$AY$3+$P$1+$N22) | L22: =10+IF(ISERROR($B22*1),0,$B22*4) -> 10 | M22: =OFFSET(Weapons!$A$1,MATCH($R22,Weapons!$A$1:$A$199,0)-1,3) -> M | R22: Scimitar | S22: =OFFSET(Weapons!$A$1,MATCH($R22,Weapons!$A$1:$A$199,0)-1,9) -> Un | T22: =OFFSET(Weapons!$P$2,MATCH($R22,Weapons!$N$1:$N$199,0)-3,0) -> Un | U22: =OFFSET(Weapons!$A$1,MATCH($R22,Weapons!$A$1:$A$199,0)-1,6) -> 15 | V22: =Stats!$C$3-U22 -> -2 | W22: =OFFSET(Weapons!$A$1,MATCH($R22,Weapons!$A$1:$A$199,0)-1,5) -> 11 | X22: =Stats!$B$3-W22 -> 4 | Y22: =MAX(TRUNC(X22/5,0),IF(ISERROR(B22*1),0,TRUNC(B22/4,0)))+MIN(0,X22) -> 0 | Z22: =OFFSET(Weapons!$A$1,MATCH($R22,Weapons!$A$1:$A$199,0)-1,11) -> 0
A23: =R23 -> Crude Club | B23: =IF(ISERROR(S23*1),IF(ISERROR(T23*1),IF(Q23>0,Q23-1,"Un"),T23+Q23),IF(ISERROR(T23*1),S23+Q23,MAX(S23:T23)+Q23)) -> Un | C23: =IF(ISERROR(SEARCH("M",$M23)),"",Stats!$D$3+Stats!$I$3+IF(ISERROR($B23*1),0,$B23)+Bonuses!$AJ$3+Bonuses!$AR$3+$N$1+$P23) -> 16 | D23: =IF(ISERROR(SEARCH("M",$M23)),"",OFFSET(Weapons!$A$1,MATCH($R23,Weapons!$A$1:$A$199,0)-1,4)+IF(ISERROR(1*$B23),0,Stats!$C$3+4*$B23)+Bonuses!$AK$3+Bonuses!$AS$3+$P$1+$N23) -> 45 | E23: =OFFSET(Weapons!$A$1,MATCH($R23,Weapons!$A$1:$A$199,0)-1,7)+Y23+IF("R"=$M23,0,$R$1)+O23+Bonuses!$AL$3 -> 1 | F23: =OFFSET(Weapons!$A$1,MATCH($R23,Weapons!$A$1:$A$199,0)-1,1) -> C | G23: =IF(ISERROR(SEARCH("C",$M23)),"",Stats!$D$3+Stats!$I$3+IF(ISERROR($B23*1),0,$B23)+Bonuses!$AJ$3+Bonuses!$AU$3+$N$1+$P23) | H23: =IF(ISERROR(SEARCH("C",$M23)),"",OFFSET(Weapons!$A$1,MATCH($R23,Weapons!$A$1:$A$199,0)-1,4)+IF(ISERROR(1*$B23),0,Stats!$C$3+4*$B23)+Bonuses!$AK$3+Bonuses!$AV$3+$P$1+$N23) | I23: =IF(ISERROR(SEARCH("R",$M23)),"",OFFSET(Weapons!$A$1,MATCH($R23,Weapons!$A$1:$A$199,0)-1,2)&" hx") -> 6 hx | J23: =IF(ISERROR(SEARCH("R",$M23)),"",Stats!$D$3+Stats!$I$3+IF(ISERROR($B23*1),0,$B23)+Bonuses!$AJ$3+Bonuses!$AX$3+$N$1+$P23) -> 16 | K23: =IF(ISERROR(SEARCH("R",$M23)),"",OFFSET(Weapons!$A$1,MATCH($R23,Weapons!$A$1:$A$199,0)-1,4)+IF(ISERROR(1*$B23),0,Stats!$C$3+4*$B23)+Bonuses!$AK$3+Bonuses!$AY$3+$P$1+$N23) -> 45 | L23: =10+IF(ISERROR($B23*1),0,$B23*4) -> 10 | M23: =OFFSET(Weapons!$A$1,MATCH($R23,Weapons!$A$1:$A$199,0)-1,3) -> RM | R23: Crude Club | S23: =OFFSET(Weapons!$A$1,MATCH($R23,Weapons!$A$1:$A$199,0)-1,9) -> Un | T23: =OFFSET(Weapons!$P$2,MATCH($R23,Weapons!$N$1:$N$199,0)-3,0) -> Un | U23: =OFFSET(Weapons!$A$1,MATCH($R23,Weapons!$A$1:$A$199,0)-1,6) -> 10 | V23: =Stats!$C$3-U23 -> 3 | W23: =OFFSET(Weapons!$A$1,MATCH($R23,Weapons!$A$1:$A$199,0)-1,5) -> 16 | X23: =Stats!$B$3-W23 -> -1 | Y23: =MAX(TRUNC(X23/5,0),IF(ISERROR(B23*1),0,TRUNC(B23/4,0)))+MIN(0,X23) -> -1 | Z23: =OFFSET(Weapons!$A$1,MATCH($R23,Weapons!$A$1:$A$199,0)-1,11) -> 0
A24: =R24 -> Rock | B24: =IF(ISERROR(S24*1),IF(ISERROR(T24*1),IF(Q24>0,Q24-1,"Un"),T24+Q24),IF(ISERROR(T24*1),S24+Q24,MAX(S24:T24)+Q24)) -> Un | C24: =IF(ISERROR(SEARCH("M",$M24)),"",Stats!$D$3+Stats!$I$3+IF(ISERROR($B24*1),0,$B24)+Bonuses!$AJ$3+Bonuses!$AR$3+$N$1+$P24) -> 16 | D24: =IF(ISERROR(SEARCH("M",$M24)),"",OFFSET(Weapons!$A$1,MATCH($R24,Weapons!$A$1:$A$199,0)-1,4)+IF(ISERROR(1*$B24),0,Stats!$C$3+4*$B24)+Bonuses!$AK$3+Bonuses!$AS$3+$P$1+$N24) -> 30 | E24: =OFFSET(Weapons!$A$1,MATCH($R24,Weapons!$A$1:$A$199,0)-1,7)+Y24+IF("R"=$M24,0,$R$1)+O24+Bonuses!$AL$3 -> 1 | F24: =OFFSET(Weapons!$A$1,MATCH($R24,Weapons!$A$1:$A$199,0)-1,1) -> C | G24: =IF(ISERROR(SEARCH("C",$M24)),"",Stats!$D$3+Stats!$I$3+IF(ISERROR($B24*1),0,$B24)+Bonuses!$AJ$3+Bonuses!$AU$3+$N$1+$P24) -> 16 | H24: =IF(ISERROR(SEARCH("C",$M24)),"",OFFSET(Weapons!$A$1,MATCH($R24,Weapons!$A$1:$A$199,0)-1,4)+IF(ISERROR(1*$B24),0,Stats!$C$3+4*$B24)+Bonuses!$AK$3+Bonuses!$AV$3+$P$1+$N24) -> 30 | I24: =IF(ISERROR(SEARCH("R",$M24)),"",OFFSET(Weapons!$A$1,MATCH($R24,Weapons!$A$1:$A$199,0)-1,2)&" hx") -> 8 hx | J24: =IF(ISERROR(SEARCH("R",$M24)),"",Stats!$D$3+Stats!$I$3+IF(ISERROR($B24*1),0,$B24)+Bonuses!$AJ$3+Bonuses!$AX$3+$N$1+$P24) -> 16 | K24: =IF(ISERROR(SEARCH("R",$M24)),"",OFFSET(Weapons!$A$1,MATCH($R24,Weapons!$A$1:$A$199,0)-1,4)+IF(ISERROR(1*$B24),0,Stats!$C$3+4*$B24)+Bonuses!$AK$3+Bonuses!$AY$3+$P$1+$N24) -> 30 | L24: =10+IF(ISERROR($B24*1),0,$B24*4) -> 10 | M24: =OFFSET(Weapons!$A$1,MATCH($R24,Weapons!$A$1:$A$199,0)-1,3) -> RMC | R24: Rock | S24: =OFFSET(Weapons!$A$1,MATCH($R24,Weapons!$A$1:$A$199,0)-1,9) -> Un | T24: =OFFSET(Weapons!$P$2,MATCH($R24,Weapons!$N$1:$N$199,0)-3,0) -> Un | U24: =OFFSET(Weapons!$A$1,MATCH($R24,Weapons!$A$1:$A$199,0)-1,6) -> 10 | V24: =Stats!$C$3-U24 -> 3 | W24: =OFFSET(Weapons!$A$1,MATCH($R24,Weapons!$A$1:$A$199,0)-1,5) -> 5 | X24: =Stats!$B$3-W24 -> 10 | Y24: =MAX(TRUNC(X24/5,0),IF(ISERROR(B24*1),0,TRUNC(B24/4,0)))+MIN(0,X24) -> 2 | Z24: =OFFSET(Weapons!$A$1,MATCH($R24,Weapons!$A$1:$A$199,0)-1,11) -> 0
A25: =R25 -> Rapier | B25: =IF(ISERROR(S25*1),IF(ISERROR(T25*1),IF(Q25>0,Q25-1,"Un"),T25+Q25),IF(ISERROR(T25*1),S25+Q25,MAX(S25:T25)+Q25)) -> Un | C25: =IF(ISERROR(SEARCH("M",$M25)),"",Stats!$D$3+Stats!$I$3+IF(ISERROR($B25*1),0,$B25)+Bonuses!$AJ$3+Bonuses!$AR$3+$N$1+$P25) -> 16 | D25: =IF(ISERROR(SEARCH("M",$M25)),"",OFFSET(Weapons!$A$1,MATCH($R25,Weapons!$A$1:$A$199,0)-1,4)+IF(ISERROR(1*$B25),0,Stats!$C$3+4*$B25)+Bonuses!$AK$3+Bonuses!$AS$3+$P$1+$N25) -> 45 | E25: =OFFSET(Weapons!$A$1,MATCH($R25,Weapons!$A$1:$A$199,0)-1,7)+Y25+IF("R"=$M25,0,$R$1)+O25+Bonuses!$AL$3 -> 3 | F25: =OFFSET(Weapons!$A$1,MATCH($R25,Weapons!$A$1:$A$199,0)-1,1) -> A | G25: =IF(ISERROR(SEARCH("C",$M25)),"",Stats!$D$3+Stats!$I$3+IF(ISERROR($B25*1),0,$B25)+Bonuses!$AJ$3+Bonuses!$AU$3+$N$1+$P25) | H25: =IF(ISERROR(SEARCH("C",$M25)),"",OFFSET(Weapons!$A$1,MATCH($R25,Weapons!$A$1:$A$199,0)-1,4)+IF(ISERROR(1*$B25),0,Stats!$C$3+4*$B25)+Bonuses!$AK$3+Bonuses!$AV$3+$P$1+$N25) | I25: =IF(ISERROR(SEARCH("R",$M25)),"",OFFSET(Weapons!$A$1,MATCH($R25,Weapons!$A$1:$A$199,0)-1,2)&" hx") | J25: =IF(ISERROR(SEARCH("R",$M25)),"",Stats!$D$3+Stats!$I$3+IF(ISERROR($B25*1),0,$B25)+Bonuses!$AJ$3+Bonuses!$AX$3+$N$1+$P25) | K25: =IF(ISERROR(SEARCH("R",$M25)),"",OFFSET(Weapons!$A$1,MATCH($R25,Weapons!$A$1:$A$199,0)-1,4)+IF(ISERROR(1*$B25),0,Stats!$C$3+4*$B25)+Bonuses!$AK$3+Bonuses!$AY$3+$P$1+$N25) | L25: =10+IF(ISERROR($B25*1),0,$B25*4) -> 10 | M25: =OFFSET(Weapons!$A$1,MATCH($R25,Weapons!$A$1:$A$199,0)-1,3) -> M | R25: Rapier | S25: =OFFSET(Weapons!$A$1,MATCH($R25,Weapons!$A$1:$A$199,0)-1,9) -> Un | T25: =OFFSET(Weapons!$P$2,MATCH($R25,Weapons!$N$1:$N$199,0)-3,0) -> Un | U25: =OFFSET(Weapons!$A$1,MATCH($R25,Weapons!$A$1:$A$199,0)-1,6) -> 18 | V25: =Stats!$C$3-U25 -> -5 | W25: =OFFSET(Weapons!$A$1,MATCH($R25,Weapons!$A$1:$A$199,0)-1,5) -> 11 | X25: =Stats!$B$3-W25 -> 4 | Y25: =MAX(TRUNC(X25/5,0),IF(ISERROR(B25*1),0,TRUNC(B25/4,0)))+MIN(0,X25) -> 0 | Z25: =OFFSET(Weapons!$A$1,MATCH($R25,Weapons!$A$1:$A$199,0)-1,11) -> 0
A26: =R26 -> Main-Gauche | B26: =IF(ISERROR(S26*1),IF(ISERROR(T26*1),IF(Q26>0,Q26-1,"Un"),T26+Q26),IF(ISERROR(T26*1),S26+Q26,MAX(S26:T26)+Q26)) -> Un | C26: =IF(ISERROR(SEARCH("M",$M26)),"",Stats!$D$3+Stats!$I$3+IF(ISERROR($B26*1),0,$B26)+Bonuses!$AJ$3+Bonuses!$AR$3+$N$1+$P26) -> 16 | D26: =IF(ISERROR(SEARCH("M",$M26)),"",OFFSET(Weapons!$A$1,MATCH($R26,Weapons!$A$1:$A$199,0)-1,4)+IF(ISERROR(1*$B26),0,Stats!$C$3+4*$B26)+Bonuses!$AK$3+Bonuses!$AS$3+$P$1+$N26) -> 45 | E26: =OFFSET(Weapons!$A$1,MATCH($R26,Weapons!$A$1:$A$199,0)-1,7)+Y26+IF("R"=$M26,0,$R$1)+O26+Bonuses!$AL$3 -> 2 | F26: =OFFSET(Weapons!$A$1,MATCH($R26,Weapons!$A$1:$A$199,0)-1,1) -> A | G26: =IF(ISERROR(SEARCH("C",$M26)),"",Stats!$D$3+Stats!$I$3+IF(ISERROR($B26*1),0,$B26)+Bonuses!$AJ$3+Bonuses!$AU$3+$N$1+$P26) -> 16 | H26: =IF(ISERROR(SEARCH("C",$M26)),"",OFFSET(Weapons!$A$1,MATCH($R26,Weapons!$A$1:$A$199,0)-1,4)+IF(ISERROR(1*$B26),0,Stats!$C$3+4*$B26)+Bonuses!$AK$3+Bonuses!$AV$3+$P$1+$N26) -> 45 | I26: =IF(ISERROR(SEARCH("R",$M26)),"",OFFSET(Weapons!$A$1,MATCH($R26,Weapons!$A$1:$A$199,0)-1,2)&" hx") | J26: =IF(ISERROR(SEARCH("R",$M26)),"",Stats!$D$3+Stats!$I$3+IF(ISERROR($B26*1),0,$B26)+Bonuses!$AJ$3+Bonuses!$AX$3+$N$1+$P26) | K26: =IF(ISERROR(SEARCH("R",$M26)),"",OFFSET(Weapons!$A$1,MATCH($R26,Weapons!$A$1:$A$199,0)-1,4)+IF(ISERROR(1*$B26),0,Stats!$C$3+4*$B26)+Bonuses!$AK$3+Bonuses!$AY$3+$P$1+$N26) | L26: =10+IF(ISERROR($B26*1),0,$B26*4) -> 10 | M26: =OFFSET(Weapons!$A$1,MATCH($R26,Weapons!$A$1:$A$199,0)-1,3) -> MC | R26: Main-Gauche | S26: =OFFSET(Weapons!$A$1,MATCH($R26,Weapons!$A$1:$A$199,0)-1,9) -> Un | T26: =OFFSET(Weapons!$P$2,MATCH($R26,Weapons!$N$1:$N$199,0)-3,0) -> Un | U26: =OFFSET(Weapons!$A$1,MATCH($R26,Weapons!$A$1:$A$199,0)-1,6) -> 15 | V26: =Stats!$C$3-U26 -> -2 | W26: =OFFSET(Weapons!$A$1,MATCH($R26,Weapons!$A$1:$A$199,0)-1,5) -> 8 | X26: =Stats!$B$3-W26 -> 7 | Y26: =MAX(TRUNC(X26/5,0),IF(ISERROR(B26*1),0,TRUNC(B26/4,0)))+MIN(0,X26) -> 1 | Z26: =OFFSET(Weapons!$A$1,MATCH($R26,Weapons!$A$1:$A$199,0)-1,11) -> 0

Sheet Skills
A1: Skill | B1: Rk | C1: BC% | D1: Ability / Notes | F1: % ± | G1: ± Rk | H1: Eff. Rk | I1: Days x Rank | J1: Rk 0 Days | K1: XP % Mod | L1: EM | M1: XP by Rank | N1: 1 | O1: 2 | P1: 3 | Q1: 4 | R1: 5 | S1: 6 | T1: 7 | U1: 8 | V1: 9 | W1: 10
A2: Alchemist | B2: Un | H2: =IFERROR(B2+G2,-1+G2) -> -1 | I2: 7 | J2: 56 | K2: 1 | M2: 800 | N2: 350 | O2: 1200 | P2: 2650 | Q2: 4350 | R2: 6500 | S2: 8650 | T2: 11100 | U2: 12750 | V2: 14500 | W2: 17000
A4: Armourer | B4: Un | D4: Selected categories? | H4: =IFERROR(B4+G4,-1+G4) -> -1 | I4: 7 | J4: 56 | K4: =(1+MAX((16-MAX(Ranking!$C$11,Stats!$C$2))*0.05,0)+MIN((20-MAX(Ranking!$C$11,Stats!$C$2))*0.05,0))*IF(IFERROR(1*$B$61,-1)>IFERROR(1*$B$4,-1),0.75,1) -> 1.05 | M4: 600 | N4: 300 | O4: 800 | P4: 1600 | Q4: 3000 | R4: 5500 | S4: 6200 | T4: 7300 | U4: 8800 | V4: 10800 | W4: 14000
A6: Assassin | B6: Un | H6: =IFERROR(B6+G6,-1+G6) -> -1 | I6: 7 | J6: 56 | K6: =(1-VLOOKUP(Setup!$B$3,Setup!$A$30:$Y$37,24,FALSE)) -> 1 | M6: 600 | N6: 250 | O6: 750 | P6: 1700 | Q6: 2900 | R6: 4200 | S6: 5750 | T6: 7550 | U6: 9500 | V6: 11700 | W6: 14100
A8: Astrologer | B8: Un | H8: =IFERROR(B8+G8,-1+G8) -> -1 | I8: 7 | J8: 56 | K8: 1 | M8: 400 | N8: 150 | O8: 500 | P8: 1150 | Q8: 2050 | R8: 3100 | S8: 4400 | T8: 5900 | U8: 7500 | V8: 9400 | W8: 11500
A10: Beastmaster | B10: Un | D10: Selected Animal Types? | H10: =IFERROR(B10+G10,-1+G10) -> -1 | I10: 7 | J10: 56 | K10: 1 | M10: 600 | N10: 250 | O10: 750 | P10: 1650 | Q10: 2800 | R10: 4300 | S10: 5600 | T10: 7350 | U10: 9300 | V10: 11400 | W10: 13750
A12: Courtier | B12: Un | D12: Selected abilities? | H12: =IFERROR(B12+G12,-1+G12) -> -1 | I12: 7 | J12: 56 | K12: =IF(MAX(Ranking!$C$12,Stats!$D$2)<12,1.1,IF(MAX(Ranking!$C$12,Stats!$D$2)>22,0.9,1))*IF(Stats!$K$2<15,1.1,IF(Stats!$K$2>20,0.9,1))*(1-VLOOKUP(Setup!$B$3,Setup!$A$30:$Y$37,20,FALSE)) -> 1 | M12: 250 | N12: 100 | O12: 200 | P12: 500 | Q12: 950 | R12: 1450 | S12: 2050 | T12: 2800 | U12: 3600 | V12: 6300 | W12: 8000
A14: Healer | B14: Un | C14: =IF($H$14<3,"",90 + $H$14 + Bonuses!$R$3+$F$14) | D14: =IF($H$14<3,"","3FT Heal D+" & $H$14-5 & " Endurance or Transfer FT: " & 11-$H$14 & " mins") | H14: =IFERROR(B14+G14,-1+G14) -> -1 | I14: 7 | J14: 56 | K14: =(1-VLOOKUP(Setup!$B$3,Setup!$A$30:$Y$37,21,FALSE)) -> 1 | M14: 1000 | N14: 400 | O14: 1600 | P14: 3500 | Q14: 5800 | R14: 8400 | S14: 11400 | T14: 14700 | U14: 18500 | V14: 22500 | W14: 26750
C15: =IF($H$14<5,"",90 + $H$14 + Bonuses!$R$3+$F$14) | D15: =IF($H$14<5,"","5-7FT Repair Damage " & 50-$H$14*3 & " hours")
C16: =IF($H$14<8,"",(8*$H$14)+Bonuses!$R$3+$F$14&" +EN") | D16: =IF($H$14<8,"","8FT Resurrection " & 60-$H$14*5 & " mins")
A17: Herbalist | B17: Un | D17: =IF(H17<0,"","Meal "&2+CEILING(H17/4,1)&" / Broth "&1+ROUND(H17/2,0)&" FT") | H17: =IFERROR(B17+G17,-1+G17) -> -1 | I17: 7 | J17: 56 | K17: 1 | M17: 800 | N17: 350 | O17: 1200 | P17: 2650 | Q17: 4350 | R17: 6500 | S17: 8650 | T17: 11100 | U17: 12750 | V17: 14500 | W17: 17000
A19: Mechanician | B19: Un | H19: =IFERROR(B19+G19,-1+G19) -> -1 | I19: 7 | J19: 56 | K19: =IF(MAX(Ranking!$C$11,Stats!$C$2)<15,1.1,IF(MAX(Ranking!$C$11,Stats!$C$2)>22,0.9,1)) -> 1 | M19: 600 | N19: 250 | O19: 650 | P19: 1500 | Q19: 2600 | R19: 3900 | S19: 5300 | T19: 7000 | U19: 8850 | V19: 10900 | W19: 13000
A21: Merchant | B21: Un | H21: =IFERROR(B21+G21,-1+G21) -> -1 | I21: 7 | J21: 56 | K21: 1 | M21: 300 | N21: 125 | O21: 300 | P21: 850 | Q21: 1400 | R21: 2200 | S21: 3400 | T21: 4200 | U21: 5300 | V21: 6800 | W21: 9500
C22: =Stats!$I$3+(12*H$21)+Bonuses!$R$3+$F$21 -> -7 | D22: Assay: Common
C23: =Stats!$I$3+(9*H$21)+Bonuses!$R$3+$F$21 -> -4 | D23: Uncommon
C24: =Stats!$I$3+(6*H$21)+Bonuses!$R$3+$F$21 -> -1 | D24: Rare/Costly
C25: =250+(50*H21*H21) -> 300 | D25: ="Monthly Trade Limit, Profit: "&MAX(C25*0.05*H21,C25*0.035*H21,C25*0.015*H21,0)&" (sp)" -> Monthly Trade Limit, Profit: 0 (sp)
A27: Military Scientist | B27: Un | C27: =IF($H$27<0,"","IV+"&H27*2) | D27: Skirmish, … | H27: =IFERROR(B27+G27,-1+G27) -> -1 | I27: 7 | J27: 56 | K27: 1 | M27: 300 | N27: 125 | O27: 350 | P27: 950 | Q27: 1500 | R27: 2350 | S27: 3100 | T27: 4150 | U27: 5400 | V27: 6750 | W27: 10000
C28: =IF($H$27<0,"",Stats!$I$3+7*$H$27+Bonuses!$R$3+$F$27) | D28: =IF($H$27<0,"","Perceive Tactics")
C29: =IF($H$27<0,"",2*Stats!$F$3+10*$H$27+Bonuses!$R$3+$F$27&" -#") | D29: =IF($H$27<0,"","Rally within "&30+IF(ISERROR($H$27*1),0,5*$H$27)&" Sec.")
C30: =IF($H$27<0,"","+"&TRUNC($H$27/2,0)&" WP") | D30: =IF($H$27<0,"","Raise Morale")
C31: =IF($H$27<0,"",20+10*$H$27) | D31: =IF($H$27<0,"","seconds of Mil Sci Timeout")
C32: =IF($H$27<0,"",ROUND((Stats!$F$3+$H$27*2)*IF(ISERROR(SEARCH("Battlefield",$D$27)),0.5,1),0)) | D32: =IF($H$27<0,"","Subordinates")
A33: Navigator | B33: Un | H33: =IFERROR(B33+G33,-1+G33) -> -1 | I33: 7 | J33: 56 | K33: 1 | M33: 400 | N33: 150 | O33: 400 | P33: 900 | Q33: 1550 | R33: 2400 | S33: 3350 | T33: 4450 | U33: 5750 | V33: 7100 | W33: 10500
A35: Philosopher | B35: Un | D35: Realms/Fields/… | H35: =IFERROR(B35+G35,-1+G35) -> -1 | I35: 7 | J35: 56 | K35: 1 | M35: 1400 | N35: 700 | O35: 1400 | P35: 2100 | Q35: 2800 | R35: 3500 | S35: 4200 | T35: 4900 | U35: 5600 | V35: 6300 | W35: 7000
A37: Ranger | B37: Un | D37: Specialised in ? | H37: =IFERROR(B37+G37,-1+G37) -> -1 | I37: 7 | J37: 56 | K37: =(1-VLOOKUP(Setup!$B$3,Setup!$A$30:$Y$37,22,FALSE)) -> 1 | M37: 600 | N37: 250 | O37: 800 | P37: 1650 | Q37: 2750 | R37: 4100 | S37: 5650 | T37: 7350 | U37: 9300 | V37: 11400 | W37: 13250
C38: =IF($H$37<0,"",Stats!$I$3+$H$37*5+Bonuses!$R$3+$F$37) | D38: =IF($H$37<0,"","Tracking (+2/Entity -4/Rk of Concealment)")
C39: =IF($H$37<0,"",Stats!$I$3*3+$H$37*5+Bonuses!$R$3+$F$37+Bonuses!$BM$3) | D39: =IF($H$37<0,"","Detect Ambush -5/Rank of Opposition")
C40: =IF($H$37<0,"",2*Stats!$I$3+$H$37*5+Bonuses!$R$3+$F$37) | D40: =IF($H$37<0,"","Find Plant/Animal -25-75 Rarity")
C41: =IF($H$37<0,"",Stats!$I$3*2+$H$37*5+Bonuses!$R$3+$F$37) | D41: =IF($H$37<0,"","Find Route")
C42: =IF($H$37<0,"",Stats!$I$3+$H$37*10+Bonuses!$R$3+$F$37) | D42: =IF($H$37<0,"","Recog. Plant/Animl")
A43: Spy | B43: Un | D43: Selected abilities? | H43: =IFERROR(B43+G43,-1+G43) -> -1 | I43: 7 | J43: 56 | K43: 1 | M43: 500 | N43: 200 | O43: 600 | P43: 1400 | Q43: 2400 | R43: 3600 | S43: 5000 | T43: 6600 | U43: 8400 | V43: 10400 | W43: 12600
C44: =IF($H$43<0,"",(2*Stats!$I$3)+(12*$H$43)+Bonuses!$R$3+$F$43) | D44: =IF($H$43<0,"","Memorise "&120-($H$43*10)&"s. "&1+$H$43&"days")
C45: =IF(OR($H$43<0,ISERROR(SEARCH("Shadowing",$D$43))),"",Stats!$I$3+Stats!$D$3+$H$43*5+Bonuses!$R$3+$F$43) | D45: =IF(OR($H$43<0,ISERROR(SEARCH("Shadowing",$D$43))),"","Shadowing")
C46: =IF(OR($H$43<0,ISERROR(SEARCH("Imitation",$D$43))),"",6-$H$43/2&" Hrs") | D46: =IF(OR($H$43<0,ISERROR(SEARCH("Imitation",$D$43))),"","Imitation")
A47: Thief | B47: Un | H47: =IFERROR(B47+G47,-1+G47) -> -1 | I47: 7 | J47: 56 | K47: =(1-VLOOKUP(Setup!$B$3,Setup!$A$30:$Y$37,23,FALSE)) -> 1 | M47: 750 | N47: 300 | O47: 1050 | P47: 2350 | Q47: 4000 | R47: 5750 | S47: 7900 | T47: 10250 | U47: 12900 | V47: 14850 | W47: 16000
C48: =IF($H$47<0,"",4*Stats!$C$3+$H$47*10+Bonuses!$R$3+$F$47) | D48: =IF($H$47<0,"","Climbing: Climb Natural/Hard -1% per 10 feet")
C49: =IF($H$47<0,"",2*Stats!$I$3+$H$47*5+Bonuses!$R$3+$F$47) | D49: =IF($H$47<0,"","Detect Secret Door within "&$H$47+5&" feet.")
C50: =IF($H$47<0,"",Stats!$I$3+$H$47*11+Bonuses!$R$3+$F$47+Bonuses!$BN$3) | D50: =IF($H$47<0,"","Detect Traps: 10 Sec to Search.")
C51: =IF($H$47<0,"",2*Stats!$C$3+$H$47*11+Bonuses!$R$3+$F$47) | D51: =IF($H$47<0,"","Remove Traps: "&12-$H$47&" Mins to Remove -5%/rk of trap")
C52: =IF($H$47<0,"",2*Stats!$C$3+$H$47*6+Bonuses!$R$3+$F$47) | D52: =IF($H$47<0,"","Pick Locks: "&120-($H$47*10)&" Secs. -6%/rk of lock")
C53: =IF($H$47<0,"",2*Stats!$C$3+$H$47*5+Bonuses!$R$3+$F$47) | D53: =IF($H$47<0,"","Open Safe: "&15-$H$47&" Mins. -7%/rk of safe")
C54: =IF($H$47<0,"",Stats!$I$3+$H$47*10+Bonuses!$R$3+$F$47) | D54: =IF($H$47<0,"","Photographic Memory within "&1+$H$47&" days. Observed "&240-($H$47*20)&" secs.")
C55: =IF($H$47<0,"",3*Stats!$C$3+$H$47*6+Bonuses!$R$3+$F$47) | D55: =IF($H$47<0,"","Pick Pockets +/- modifiers")
A56: Troubadour | B56: Un | D56: Selected abilities? | H56: =IFERROR(B56+G56,-1+G56) -> -1 | I56: 7 | J56: 56 | K56: 1 | M56: 250 | N56: 100 | O56: 200 | P56: 500 | Q56: 1050 | R56: 1450 | S56: 2100 | T56: 2800 | U56: 3900 | V56: 4600 | W56: 7000
A58: Warrior | B58: Un | D58: =IF($H$58<0,"","+"&$H$58&" IV. +"&2+2*$H$58&"% Def & SC. +"&FLOOR($H$58/5,1)&" dmg. +"&FLOOR($H$58/4,1)&" parry.") | H58: =IFERROR(B58+G58,-1+G58) -> -1 | I58: 7 | J58: 56 | K58: =(1-VLOOKUP(Setup!$B$3,Setup!$A$30:$Y$37,25,FALSE)) -> 1 | M58: 600 | N58: 250 | O58: 750 | P58: 1700 | Q58: 2900 | R58: 4200 | S58: 5750 | T58: 7550 | U58: 9500 | V58: 11700 | W58: 14100
A59: Extra Warrior Abilities | B59: 0 | D59: =_xlfn.TEXTJOIN(", ",TRUE,Warrior!D17:D36)
A61: Weaponsmith | B61: Un | D61: Selected categories? | H61: =IFERROR(B61+G61,-1+G61) -> -1 | I61: 7 | J61: 56 | K61: =(1+MAX((16-MAX(Ranking!$C$11,Stats!$C$2))*0.05,0)+MIN((20-MAX(Ranking!$C$11,Stats!$C$2))*0.05,0))*IF(IFERROR(1*$B$4,-1)>IFERROR(1*$B$61,-1),0.75,1) -> 1.05 | M61: 600 | N61: 300 | O61: 800 | P61: 1600 | Q61: 3000 | R61: 5500 | S61: 6200 | T61: 7300 | U61: 8800 | V61: 10800 | W61: 14000
A63: Cook | B63: Un | H63: =IFERROR(B63+G63,-1+G63) -> -1 | I63: 7 | J63: 56 | K63: 1 | M63: 250 | N63: 100 | O63: 150 | P63: 350 | Q63: 700 | R63: 950 | S63: 1500 | T63: 1850 | U63: 2500 | V63: 3200 | W63: 4000
A64: Blacksmith | B64: Un | H64: =IFERROR(B64+G64,-1+G64) -> -1 | I64: 7 | J64: 56 | K64: 1 | M64: 250 | N64: 100 | O64: 150 | P64: 350 | Q64: 700 | R64: 950 | S64: 1500 | T64: 1850 | U64: 2500 | V64: 3200 | W64: 4000
A65: Seamanship | B65: Un | H65: =IFERROR(B65+G65,-1+G65) -> -1 | I65: 7 | J65: 56 | K65: 1 | M65: 250 | N65: 100 | O65: 150 | P65: 350 | Q65: 700 | R65: 950 | S65: 1500 | T65: 1850 | U65: 2500 | V65: 3200 | W65: 4000
A66: Artisan ? | B66: Un | H66: =IFERROR(B66+G66,-1+G66) -> -1 | I66: 7 | J66: 56 | K66: 1 | M66: 250 | N66: 100 | O66: 150 | P66: 350 | Q66: 700 | R66: 950 | S66: 1500 | T66: 1850 | U66: 2500 | V66: 3200 | W66: 4000
A67: Artisan ? | B67: Un | H67: =IFERROR(B67+G67,-1+G67) -> -1 | I67: 7 | J67: 56 | K67: 1 | M67: 250 | N67: 100 | O67: 150 | P67: 350 | Q67: 700 | R67: 950 | S67: 1500 | T67: 1850 | U67: 2500 | V67: 3200 | W67: 4000
A68: Artisan ? | B68: Un | H68: =IFERROR(B68+G68,-1+G68) -> -1 | I68: 7 | J68: 56 | K68: 1 | M68: 250 | N68: 100 | O68: 150 | P68: 350 | Q68: 700 | R68: 950 | S68: 1500 | T68: 1850 | U68: 2500 | V68: 3200 | W68: 4000
A69: Artisan ? | B69: Un | H69: =IFERROR(B69+G69,-1+G69) -> -1 | I69: 7 | J69: 56 | K69: 1 | M69: 250 | N69: 100 | O69: 150 | P69: 350 | Q69: 700 | R69: 950 | S69: 1500 | T69: 1850 | U69: 2500 | V69: 3200 | W69: 4000
A70: Artisan ? | B70: Un | H70: =IFERROR(B70+G70,-1+G70) -> -1 | I70: 7 | J70: 56 | K70: 1 | M70: 250 | N70: 100 | O70: 150 | P70: 350 | Q70: 700 | R70: 950 | S70: 1500 | T70: 1850 | U70: 2500 | V70: 3200 | W70: 4000
A71: Artisan ? | B71: Un | H71: =IFERROR(B71+G71,-1+G71) -> -1 | I71: 7 | J71: 56 | K71: 1 | M71: 250 | N71: 100 | O71: 150 | P71: 350 | Q71: 700 | R71: 950 | S71: 1500 | T71: 1850 | U71: 2500 | V71: 3200 | W71: 4000
A72: Artisan ? | B72: Un | H72: =IFERROR(B72+G72,-1+G72) -> -1 | I72: 7 | J72: 56 | K72: 1 | M72: 250 | N72: 100 | O72: 150 | P72: 350 | Q72: 700 | R72: 950 | S72: 1500 | T72: 1850 | U72: 2500 | V72: 3200 | W72: 4000
A74: Adventuring Skills
A75: Climbing | B75: 0 | C75: =4*Stats!$C$3+8*$H$75+Bonuses!$R$3+Bonuses!$AE$3+$F$75 -> 52 | D75: -1% per 10' check every 20' | H75: =IFERROR(B75+G75,-1+G75) -> 0 | I75: 7 | J75: 0 | K75: 1 | L75: 125 | M75: 0 | N75: 125 | O75: 250 | P75: 375 | Q75: 500 | R75: 625 | S75: 750 | T75: 875 | U75: 1000 | V75: 1125 | W75: 1250
A76: Flying | B76: 0 | C76: =3*Stats!$D$3+10*$H$76+Bonuses!$R$3+Bonuses!$AF$3+$F$76 -> 33 | D76: ="Weapon use: 1H"&IF($H$76>2,", 2H","")&IF($H$76>4,", Spell, Missile","")&IF($H$76>6,", 2x1H","") -> Weapon use: 1H | H76: =IFERROR(B76+G76,-1+G76) -> 0 | I76: 7 | J76: 0 | K76: 1 | L76: 125 | M76: 0 | N76: 125 | O76: 250 | P76: 375 | Q76: 500 | R76: 625 | S76: 750 | T76: 875 | U76: 1000 | V76: 1125 | W76: 1250
A77: Horsemanship | B77: 0 | C77: =ROUND((Stats!$D$3+Stats!$F$3)/2,0) + (8*$H$77)+Bonuses!$R$3+Bonuses!$AG$3+$F$77 -> 13 | D77: ="Weapon use: 1H"&IF($H$77>2,", 2H","")&IF($H$77>4,", Spell, Missile","")&IF($H$77>6,", 2x1H","") -> Weapon use: 1H | H77: =IFERROR(B77+G77,-1+G77) -> 0 | I77: 7 | J77: 0 | K77: 1 | L77: 125 | M77: 0 | N77: 125 | O77: 250 | P77: 375 | Q77: 500 | R77: 625 | S77: 750 | T77: 875 | U77: 1000 | V77: 1125 | W77: 1250
A78: Stealth | B78: 0 | C78: =3*Stats!$D$3+5*$H$78+MAX(0,SUMIF($A$2:$A$106,"Thief",$H$2:$H$106)*1)+MAX(0,SUMIF($A$2:$A$106,"Spy",$H$2:$H$106)*2)+MAX(0,SUMIF($A$2:$A$106,"Assassin",$H$2:$H$106)*2)+Bonuses!$R$3+Bonuses!$AD$3+$F$78 -> 33 | D78: ="Outdoors: "&3*Stats!$D$3+5*$H$78+(SUMIF($A$2:$A$106,"Ranger",$B$2:$B$106)*3)+Bonuses!$R$3+Bonuses!$AD$3 -> Outdoors: 33 | H78: =IFERROR(B78+G78,-1+G78) -> 0 | I78: 7 | J78: 0 | K78: 1 | L78: 500 | M78: 0 | N78: 500 | O78: 1000 | P78: 1500 | Q78: 2000 | R78: 2500 | S78: 3000 | T78: 3500 | U78: 4000 | V78: 4500 | W78: 5000
A79: Swimming | B79: 0 | C79: =Stats!$B$3+Stats!$D$3+Stats!$G$3+8*$H$79+Bonuses!$R$3-ROUND(Bonuses!$C$3,0)+Bonuses!$AH$3+$F$79 -> 16 | D79: ="Swim TMR: "&ROUND((Stats!$J$3+$H$79)/3,0) -> Swim TMR: 1 | H79: =IFERROR(B79+G79,-1+G79) -> 0 | I79: 7 | J79: 0 | K79: 1 | L79: 125 | M79: 0 | N79: 125 | O79: 250 | P79: 375 | Q79: 500 | R79: 625 | S79: 750 | T79: 875 | U79: 1000 | V79: 1125 | W79: 1250
A80: Languages | D80: Literacy (scripts)
A81: Common | B81: 8 | D81: Westron | H81: =IFERROR(B81+G81,-1+G81) -> 8 | I81: 7 | J81: 7 | K81: =IF($H$35>IFERROR(B81*1,-1),IF(ISERR(SEARCH(A81,$D$35)),IF(ISERR(SEARCH("Linguistics",$D$35)),0.9,0.8),0.7),1)*IF(MAX(B82:B106)>B81,0.5,1) -> 1 | M81: 200 | N81: 75 | O81: 125 | P81: 300 | Q81: 550 | R81: 850 | S81: 1350 | T81: 1700 | U81: 2250 | V81: 2900 | W81: 3500
A82: Dwarvish | B82: Un | H82: =IFERROR(B82+G82,-1+G82) -> -1 | I82: 7 | J82: 7 | K82: =IF($H$35>IFERROR(B82*1,-1),IF(ISERR(SEARCH(A82,$D$35)),IF(ISERR(SEARCH("Linguistics",$D$35)),0.9,0.8),0.7),1) -> 1 | M82: 200 | N82: 75 | O82: 125 | P82: 300 | Q82: 550 | R82: 850 | S82: 1350 | T82: 1700 | U82: 2250 | V82: 2900 | W82: 3500
A83: Elvish | B83: Un | H83: =IFERROR(B83+G83,-1+G83) -> -1 | I83: 7 | J83: 7 | K83: =IF($H$35>IFERROR(B83*1,-1),IF(ISERR(SEARCH(A83,$D$35)),IF(ISERR(SEARCH("Linguistics",$D$35)),0.9,0.8),0.7),1) -> 1 | M83: 200 | N83: 75 | O83: 125 | P83: 300 | Q83: 550 | R83: 850 | S83: 1350 | T83: 1700 | U83: 2250 | V83: 2900 | W83: 3500
A84: Halfling | B84: Un | H84: =IFERROR(B84+G84,-1+G84) -> -1 | I84: 7 | J84: 7 | K84: =IF($H$35>IFERROR(B84*1,-1),IF(ISERR(SEARCH(A84,$D$35)),IF(ISERR(SEARCH("Linguistics",$D$35)),0.9,0.8),0.7),1) -> 1 | M84: 200 | N84: 75 | O84: 125 | P84: 300 | Q84: 550 | R84: 850 | S84: 1350 | T84: 1700 | U84: 2250 | V84: 2900 | W84: 3500
A85: Hill Giant | B85: Un | H85: =IFERROR(B85+G85,-1+G85) -> -1 | I85: 7 | J85: 7 | K85: =IF($H$35>IFERROR(B85*1,-1),IF(ISERR(SEARCH(A85,$D$35)),IF(ISERR(SEARCH("Linguistics",$D$35)),0.9,0.8),0.7),1) -> 1 | M85: 200 | N85: 75 | O85: 125 | P85: 300 | Q85: 550 | R85: 850 | S85: 1350 | T85: 1700 | U85: 2250 | V85: 2900 | W85: 3500
A86: Orcish | B86: Un | H86: =IFERROR(B86+G86,-1+G86) -> -1 | I86: 7 | J86: 7 | K86: =IF($H$35>IFERROR(B86*1,-1),IF(ISERR(SEARCH(A86,$D$35)),IF(ISERR(SEARCH("Linguistics",$D$35)),0.9,0.8),0.7),1) -> 1 | M86: 200 | N86: 75 | O86: 125 | P86: 300 | Q86: 550 | R86: 850 | S86: 1350 | T86: 1700 | U86: 2250 | V86: 2900 | W86: 3500
A87: Silent Tongue | B87: Un | H87: =IFERROR(B87+G87,-1+G87) -> -1 | I87: 7 | J87: 7 | K87: =IF($H$35>IFERROR(B87*1,-1),IF(ISERR(SEARCH(A87,$D$35)),IF(ISERR(SEARCH("Linguistics",$D$35)),0.9,0.8),0.7),1) -> 1 | M87: 200 | N87: 75 | O87: 125 | P87: 300 | Q87: 550 | R87: 850 | S87: 1350 | T87: 1700 | U87: 2250 | V87: 2900 | W87: 3500
B88: Un | H88: =IFERROR(B88+G88,-1+G88) -> -1 | I88: 7 | J88: 7 | K88: =IF($H$35>IFERROR(B88*1,-1),IF(ISERR(SEARCH(A88,$D$35)),IF(ISERR(SEARCH("Linguistics",$D$35)),0.9,0.8),0.7),1) -> 1 | M88: 200 | N88: 75 | O88: 125 | P88: 300 | Q88: 550 | R88: 850 | S88: 1350 | T88: 1700 | U88: 2250 | V88: 2900 | W88: 3500
B89: Un | H89: =IFERROR(B89+G89,-1+G89) -> -1 | I89: 7 | J89: 7 | K89: =IF($H$35>IFERROR(B89*1,-1),IF(ISERR(SEARCH(A89,$D$35)),IF(ISERR(SEARCH("Linguistics",$D$35)),0.9,0.8),0.7),1) -> 1 | M89: 200 | N89: 75 | O89: 125 | P89: 300 | Q89: 550 | R89: 850 | S89: 1350 | T89: 1700 | U89: 2250 | V89: 2900 | W89: 3500
B90: Un | H90: =IFERROR(B90+G90,-1+G90) -> -1 | I90: 7 | J90: 7 | K90: =IF($H$35>IFERROR(B90*1,-1),IF(ISERR(SEARCH(A90,$D$35)),IF(ISERR(SEARCH("Linguistics",$D$35)),0.9,0.8),0.7),1) -> 1 | M90: 200 | N90: 75 | O90: 125 | P90: 300 | Q90: 550 | R90: 850 | S90: 1350 | T90: 1700 | U90: 2250 | V90: 2900 | W90: 3500
B91: Un | H91: =IFERROR(B91+G91,-1+G91) -> -1 | I91: 7 | J91: 7 | K91: =IF($H$35>IFERROR(B91*1,-1),IF(ISERR(SEARCH(A91,$D$35)),IF(ISERR(SEARCH("Linguistics",$D$35)),0.9,0.8),0.7),1) -> 1 | M91: 200 | N91: 75 | O91: 125 | P91: 300 | Q91: 550 | R91: 850 | S91: 1350 | T91: 1700 | U91: 2250 | V91: 2900 | W91: 3500
B92: Un | H92: =IFERROR(B92+G92,-1+G92) -> -1 | I92: 7 | J92: 7 | K92: =IF($H$35>IFERROR(B92*1,-1),IF(ISERR(SEARCH(A92,$D$35)),IF(ISERR(SEARCH("Linguistics",$D$35)),0.9,0.8),0.7),1) -> 1 | M92: 200 | N92: 75 | O92: 125 | P92: 300 | Q92: 550 | R92: 850 | S92: 1350 | T92: 1700 | U92: 2250 | V92: 2900 | W92: 3500
B93: Un | H93: =IFERROR(B93+G93,-1+G93) -> -1 | I93: 7 | J93: 7 | K93: =IF($H$35>IFERROR(B93*1,-1),IF(ISERR(SEARCH(A93,$D$35)),IF(ISERR(SEARCH("Linguistics",$D$35)),0.9,0.8),0.7),1) -> 1 | M93: 200 | N93: 75 | O93: 125 | P93: 300 | Q93: 550 | R93: 850 | S93: 1350 | T93: 1700 | U93: 2250 | V93: 2900 | W93: 3500
B94: Un | H94: =IFERROR(B94+G94,-1+G94) -> -1 | I94: 7 | J94: 7 | K94: =IF($H$35>IFERROR(B94*1,-1),IF(ISERR(SEARCH(A94,$D$35)),IF(ISERR(SEARCH("Linguistics",$D$35)),0.9,0.8),0.7),1) -> 1 | M94: 200 | N94: 75 | O94: 125 | P94: 300 | Q94: 550 | R94: 850 | S94: 1350 | T94: 1700 | U94: 2250 | V94: 2900 | W94: 3500
B95: Un | H95: =IFERROR(B95+G95,-1+G95) -> -1 | I95: 7 | J95: 7 | K95: =IF($H$35>IFERROR(B95*1,-1),IF(ISERR(SEARCH(A95,$D$35)),IF(ISERR(SEARCH("Linguistics",$D$35)),0.9,0.8),0.7),1) -> 1 | M95: 200 | N95: 75 | O95: 125 | P95: 300 | Q95: 550 | R95: 850 | S95: 1350 | T95: 1700 | U95: 2250 | V95: 2900 | W95: 3500
B96: Un | H96: =IFERROR(B96+G96,-1+G96) -> -1 | I96: 7 | J96: 7 | K96: =IF($H$35>IFERROR(B96*1,-1),IF(ISERR(SEARCH(A96,$D$35)),IF(ISERR(SEARCH("Linguistics",$D$35)),0.9,0.8),0.7),1) -> 1 | M96: 200 | N96: 75 | O96: 125 | P96: 300 | Q96: 550 | R96: 850 | S96: 1350 | T96: 1700 | U96: 2250 | V96: 2900 | W96: 3500
B97: Un | H97: =IFERROR(B97+G97,-1+G97) -> -1 | I97: 7 | J97: 7 | K97: =IF($H$35>IFERROR(B97*1,-1),IF(ISERR(SEARCH(A97,$D$35)),IF(ISERR(SEARCH("Linguistics",$D$35)),0.9,0.8),0.7),1) -> 1 | M97: 200 | N97: 75 | O97: 125 | P97: 300 | Q97: 550 | R97: 850 | S97: 1350 | T97: 1700 | U97: 2250 | V97: 2900 | W97: 3500
B98: Un | H98: =IFERROR(B98+G98,-1+G98) -> -1 | I98: 7 | J98: 7 | K98: =IF($H$35>IFERROR(B98*1,-1),IF(ISERR(SEARCH(A98,$D$35)),IF(ISERR(SEARCH("Linguistics",$D$35)),0.9,0.8),0.7),1) -> 1 | M98: 200 | N98: 75 | O98: 125 | P98: 300 | Q98: 550 | R98: 850 | S98: 1350 | T98: 1700 | U98: 2250 | V98: 2900 | W98: 3500
B99: Un | H99: =IFERROR(B99+G99,-1+G99) -> -1 | I99: 7 | J99: 7 | K99: =IF($H$35>IFERROR(B99*1,-1),IF(ISERR(SEARCH(A99,$D$35)),IF(ISERR(SEARCH("Linguistics",$D$35)),0.9,0.8),0.7),1) -> 1 | M99: 200 | N99: 75 | O99: 125 | P99: 300 | Q99: 550 | R99: 850 | S99: 1350 | T99: 1700 | U99: 2250 | V99: 2900 | W99: 3500
... B106: Un | H106: =IFERROR(B106+G106,-1+G106) -> -1 | I106: 7 | J106: 7 | K106: =IF($H$35>IFERROR(B106*1,-1),IF(ISERR(SEARCH(A106,$D$35)),IF(ISERR(SEARCH("Linguistics",$D$35)),0.9,0.8),0.7),1) -> 1 | M106: 200 | N106: 75 | O106: 125 | P106: 300 | Q106: 550 | R106: 850 | S106: 1350 | T106: 1700 | U106: 2250 | V106: 2900 | W106: 3500

Sheet Magic
B1: E&E (Thaumaturgy) | C1: Rk | D1: % | E1: Dbl | F1: Trp | G1: Range | H1: Duration | I1: Effect | J1: EM | K1: Rk | L1: Time Multiple (Days) | M1: Base Chance | N1: +%/Rk | O1: % ± | P1: ± Rk | Q1: EP % Discount | R1: SP Cost
A2: T1 | B2: Wizardsight | C2: 0 | E2: =D2*0.15 -> 0 | F2: =D2*0.05 -> 0 | G2: 75/150 Feet | J2: 150 | K2: =IF(ISERROR(C2*1),-1,C2+IF(LEFT(A2)="T",Bonuses!$BR$3,IF(LEFT(A2)="G",Bonuses!$BS$3,IF(LEFT(A2)="Q",Bonuses!$BT$3,IF(LEFT(A2)="S",Bonuses!$BU$3,IF(LEFT(A2)="R",Bonuses!$BV$3,0))))))+P2 -> 0 | L2: 0
A3: G1 | B3: Charming | C3: 0 | D3: =M3+O3+(K3*N3)+IF(OR(LEFT(A3)="G",LEFT(A3)="S"),Stats!$E$3-15+Bonuses!$BO$3,IF(OR(LEFT(A3)="Q",LEFT(A3)="R"),Bonuses!$BQ$3,Bonuses!$BP$3)) -> 15 | E3: =D3*0.15 -> 2.25 | F3: =D3*0.05 -> 0.75 | G3: =15*(1+K3)&" Feet" -> 15 Feet | H3: =1*(1+K3)&" Hours" -> 1 Hours | J3: 500 | K3: =IF(ISERROR(C3*1),-1,C3+IF(LEFT(A3)="T",Bonuses!$BR$3,IF(LEFT(A3)="G",Bonuses!$BS$3,IF(LEFT(A3)="Q",Bonuses!$BT$3,IF(LEFT(A3)="S",Bonuses!$BU$3,IF(LEFT(A3)="R",Bonuses!$BV$3,0))))))+P3 -> 0 | L3: 1 | M3: 15 | N3: 3 | Q3: =MAX((MAX(Stats!$E$2,Ranking!$C$13)-15)*5,0) -> 0 | R3: 300
A4: G2 | B4: Telekinesis | C4: 0 | D4: =M4+O4+(K4*N4)+IF(OR(LEFT(A4)="G",LEFT(A4)="S"),Stats!$E$3-15+Bonuses!$BO$3,IF(OR(LEFT(A4)="Q",LEFT(A4)="R"),Bonuses!$BQ$3,Bonuses!$BP$3)) -> 20 | E4: =D4*0.15 -> 3 | F4: =D4*0.05 -> 1 | G4: =15*(1+K4)&" Feet" -> 15 Feet | H4: =10*(1+K4)&" Secs" -> 10 Secs | I4: =CONCATENATE("Mv 2 lbs @ 2 TMR +",K4*5," lbs/",K4*3," TMR.") -> Mv 2 lbs @ 2 TMR +0 lbs/0 TMR. | J4: 300 | K4: =IF(ISERROR(C4*1),-1,C4+IF(LEFT(A4)="T",Bonuses!$BR$3,IF(LEFT(A4)="G",Bonuses!$BS$3,IF(LEFT(A4)="Q",Bonuses!$BT$3,IF(LEFT(A4)="S",Bonuses!$BU$3,IF(LEFT(A4)="R",Bonuses!$BV$3,0))))))+P4 -> 0 | L4: 1 | M4: 20 | N4: 3 | Q4: =MAX((MAX(Stats!$E$2,Ranking!$C$13)-15)*5,0) -> 0 | R4: 300
A5: G3 | B5: Enchanted Sleep | C5: 0 | D5: =M5+O5+(K5*N5)+IF(OR(LEFT(A5)="G",LEFT(A5)="S"),Stats!$E$3-15+Bonuses!$BO$3,IF(OR(LEFT(A5)="Q",LEFT(A5)="R"),Bonuses!$BQ$3,Bonuses!$BP$3)) -> 15 | E5: =D5*0.15 -> 2.25 | F5: =D5*0.05 -> 0.75 | G5: =15*(1+K5)&" Feet" -> 15 Feet | H5: =1*(1+K5)&" Hours" -> 1 Hours | J5: 250 | K5: =IF(ISERROR(C5*1),-1,C5+IF(LEFT(A5)="T",Bonuses!$BR$3,IF(LEFT(A5)="G",Bonuses!$BS$3,IF(LEFT(A5)="Q",Bonuses!$BT$3,IF(LEFT(A5)="S",Bonuses!$BU$3,IF(LEFT(A5)="R",Bonuses!$BV$3,0))))))+P5 -> 0 | L5: 1 | M5: 15 | N5: 3 | Q5: =MAX((MAX(Stats!$E$2,Ranking!$C$13)-15)*5,0) -> 0 | R5: 300
A6: G4 | B6: Walking Unseen | C6: 0 | D6: =M6+O6+(K6*N6)+IF(OR(LEFT(A6)="G",LEFT(A6)="S"),Stats!$E$3-15+Bonuses!$BO$3,IF(OR(LEFT(A6)="Q",LEFT(A6)="R"),Bonuses!$BQ$3,Bonuses!$BP$3)) -> 40 | E6: =D6*0.15 -> 6 | F6: =D6*0.05 -> 2 | G6: =1*(1+K6)&" Feet" -> 1 Feet | H6: =1*(1+K6)&" Hours" -> 1 Hours | J6: 100 | K6: =IF(ISERROR(C6*1),-1,C6+IF(LEFT(A6)="T",Bonuses!$BR$3,IF(LEFT(A6)="G",Bonuses!$BS$3,IF(LEFT(A6)="Q",Bonuses!$BT$3,IF(LEFT(A6)="S",Bonuses!$BU$3,IF(LEFT(A6)="R",Bonuses!$BV$3,0))))))+P6 -> 0 | L6: 1 | M6: 40 | N6: 3 | Q6: =MAX((MAX(Stats!$E$2,Ranking!$C$13)-15)*5,0) -> 0 | R6: 300
A7: G5 | B7: Speaking to Enchanted Creatures | C7: 0 | D7: =M7+O7+(K7*N7)+IF(OR(LEFT(A7)="G",LEFT(A7)="S"),Stats!$E$3-15+Bonuses!$BO$3,IF(OR(LEFT(A7)="Q",LEFT(A7)="R"),Bonuses!$BQ$3,Bonuses!$BP$3)) -> 40 | E7: =D7*0.15 -> 6 | F7: =D7*0.05 -> 2 | G7: =15*(1+K7)&" Feet" -> 15 Feet | H7: =10*(1+K7)&" Mins" -> 10 Mins | J7: 100 | K7: =IF(ISERROR(C7*1),-1,C7+IF(LEFT(A7)="T",Bonuses!$BR$3,IF(LEFT(A7)="G",Bonuses!$BS$3,IF(LEFT(A7)="Q",Bonuses!$BT$3,IF(LEFT(A7)="S",Bonuses!$BU$3,IF(LEFT(A7)="R",Bonuses!$BV$3,0))))))+P7 -> 0 | L7: 1 | M7: 40 | N7: 3 | Q7: =MAX((MAX(Stats!$E$2,Ranking!$C$13)-15)*5,0) -> 0 | R7: 300
A8: G6 | B8: Location | C8: 0 | D8: =M8+O8+(K8*N8)+IF(OR(LEFT(A8)="G",LEFT(A8)="S"),Stats!$E$3-15+Bonuses!$BO$3,IF(OR(LEFT(A8)="Q",LEFT(A8)="R"),Bonuses!$BQ$3,Bonuses!$BP$3)) -> 15 | E8: =D8*0.15 -> 2.25 | F8: =D8*0.05 -> 0.75 | G8: =5*(2+K8)&" Miles" -> 10 Miles | H8: =1*(1+K8)&" Hours" -> 1 Hours | J8: 200 | K8: =IF(ISERROR(C8*1),-1,C8+IF(LEFT(A8)="T",Bonuses!$BR$3,IF(LEFT(A8)="G",Bonuses!$BS$3,IF(LEFT(A8)="Q",Bonuses!$BT$3,IF(LEFT(A8)="S",Bonuses!$BU$3,IF(LEFT(A8)="R",Bonuses!$BV$3,0))))))+P8 -> 0 | L8: 1 | M8: 15 | N8: 3 | Q8: =MAX((MAX(Stats!$E$2,Ranking!$C$13)-15)*5,0) -> 0 | R8: 300
A9: G7 | B9: Mass Charming | C9: 0 | D9: =M9+O9+(K9*N9)+IF(OR(LEFT(A9)="G",LEFT(A9)="S"),Stats!$E$3-15+Bonuses!$BO$3,IF(OR(LEFT(A9)="Q",LEFT(A9)="R"),Bonuses!$BQ$3,Bonuses!$BP$3)) -> 5 | E9: =D9*0.15 -> 0.75 | F9: =D9*0.05 -> 0.25 | G9: =15*(1+K9)&" Feet" -> 15 Feet | H9: Conc. No Max | I9: =CONCATENATE("Charms Up to ",MAX(K9,1)," Entities") -> Charms Up to 1 Entities | J9: 850 | K9: =IF(ISERROR(C9*1),-1,C9+IF(LEFT(A9)="T",Bonuses!$BR$3,IF(LEFT(A9)="G",Bonuses!$BS$3,IF(LEFT(A9)="Q",Bonuses!$BT$3,IF(LEFT(A9)="S",Bonuses!$BU$3,IF(LEFT(A9)="R",Bonuses!$BV$3,0))))))+P9 -> 0 | L9: 1 | M9: 5 | N9: 3 | Q9: =MAX((MAX(Stats!$E$2,Ranking!$C$13)-15)*5,0) -> 0 | R9: 300
A10: G8 | B10: Invisibility | C10: 0 | D10: =M10+O10+(K10*N10)+IF(OR(LEFT(A10)="G",LEFT(A10)="S"),Stats!$E$3-15+Bonuses!$BO$3,IF(OR(LEFT(A10)="Q",LEFT(A10)="R"),Bonuses!$BQ$3,Bonuses!$BP$3)) -> 45 | E10: =D10*0.15 -> 6.75 | F10: =D10*0.05 -> 2.25 | G10: =15*(1+K10)&" Feet" -> 15 Feet | H10: =5*(1+K10)&" Mins" -> 5 Mins | J10: 450 | K10: =IF(ISERROR(C10*1),-1,C10+IF(LEFT(A10)="T",Bonuses!$BR$3,IF(LEFT(A10)="G",Bonuses!$BS$3,IF(LEFT(A10)="Q",Bonuses!$BT$3,IF(LEFT(A10)="S",Bonuses!$BU$3,IF(LEFT(A10)="R",Bonuses!$BV$3,0))))))+P10 -> 0 | L10: 1 | M10: 45 | N10: 3 | Q10: =MAX((MAX(Stats!$E$2,Ranking!$C$13)-15)*5,0) -> 0 | R10: 300
A11: G9 | B11: Evil Eye | C11: 0 | D11: =M11+O11+(K11*N11)+IF(OR(LEFT(A11)="G",LEFT(A11)="S"),Stats!$E$3-15+Bonuses!$BO$3,IF(OR(LEFT(A11)="Q",LEFT(A11)="R"),Bonuses!$BQ$3,Bonuses!$BP$3)) -> 20 | E11: =D11*0.15 -> 3 | F11: =D11*0.05 -> 1 | G11: =15*(1+K11)&" Feet" -> 15 Feet | H11: =1*(1+K11)&" Days" -> 1 Days | I11: =CONCATENATE("-",MAX(K11,1)," from BC% & SC%") -> -1 from BC% & SC% | J11: 300 | K11: =IF(ISERROR(C11*1),-1,C11+IF(LEFT(A11)="T",Bonuses!$BR$3,IF(LEFT(A11)="G",Bonuses!$BS$3,IF(LEFT(A11)="Q",Bonuses!$BT$3,IF(LEFT(A11)="S",Bonuses!$BU$3,IF(LEFT(A11)="R",Bonuses!$BV$3,0))))))+P11 -> 0 | L11: 1 | M11: 20 | N11: 3 | Q11: =MAX((MAX(Stats!$E$2,Ranking!$C$13)-15)*5,0) -> 0 | R11: 300
A12: Gcs | B12: E&E General Counterspell | C12: 0 | D12: =M12+O12+(K12*N12)+IF(OR(LEFT(A12)="G",LEFT(A12)="S"),Stats!$E$3-15+Bonuses!$BO$3,IF(OR(LEFT(A12)="Q",LEFT(A12)="R"),Bonuses!$BQ$3,Bonuses!$BP$3)) -> 40 | E12: =D12*0.15 -> 6 | F12: =D12*0.05 -> 2 | G12: =25+(25*K12)&" Feet" -> 25 Feet | H12: ="D+"&5+K12&" Mins" -> D+5 Mins | I12: =CONCATENATE("+",30 + (K12*3)," to MR.") -> +30 to MR. | J12: 100 | K12: =IF(ISERROR(C12*1),-1,C12+IF(LEFT(A12)="T",Bonuses!$BR$3,IF(LEFT(A12)="G",Bonuses!$BS$3,IF(LEFT(A12)="Q",Bonuses!$BT$3,IF(LEFT(A12)="S",Bonuses!$BU$3,IF(LEFT(A12)="R",Bonuses!$BV$3,0))))))+P12 -> 0 | L12: 1 | M12: 40 | N12: 3 | Q12: =MAX((MAX(Stats!$E$2,Ranking!$C$13)-15)*5,0) -> 0 | R12: 300
A13: Gcs | B13: E&E Special Counterspell | C13: 0 | D13: =M13+O13+(K13*N13)+IF(OR(LEFT(A13)="G",LEFT(A13)="S"),Stats!$E$3-15+Bonuses!$BO$3,IF(OR(LEFT(A13)="Q",LEFT(A13)="R"),Bonuses!$BQ$3,Bonuses!$BP$3)) -> 40 | E13: =D13*0.15 -> 6 | F13: =D13*0.05 -> 2 | G13: =25+(25*K13)&" Feet" -> 25 Feet | H13: ="D+"&5+K13&" Mins" -> D+5 Mins | I13: =CONCATENATE("+",30 + (K13*3)," to MR.") -> +30 to MR. | J13: 200 | K13: =IF(ISERROR(C13*1),-1,C13+IF(LEFT(A13)="T",Bonuses!$BR$3,IF(LEFT(A13)="G",Bonuses!$BS$3,IF(LEFT(A13)="Q",Bonuses!$BT$3,IF(LEFT(A13)="S",Bonuses!$BU$3,IF(LEFT(A13)="R",Bonuses!$BV$3,0))))))+P13 -> 0 | L13: 1 | M13: 40 | N13: 3 | Q13: =MAX((MAX(Stats!$E$2,Ranking!$C$13)-15)*5,0) -> 0 | R13: 300
A14: Q1 | B14: Greater Enchantment | C14: 0 | D14: =M14+O14+(K14*N14)+IF(OR(LEFT(A14)="G",LEFT(A14)="S"),Stats!$E$3-15+Bonuses!$BO$3,IF(OR(LEFT(A14)="Q",LEFT(A14)="R"),Bonuses!$BQ$3,Bonuses!$BP$3)) -> 80 | E14: =D14*0.15 -> 12 | F14: =D14*0.05 -> 4 | H14: 1 Day | I14: =CONCATENATE("+",1 + K14,"% 5 targets +",TRUNC(K14/4,0)," days/targets.") -> +1% 5 targets +0 days/targets. | J14: 125 | K14: =IF(ISERROR(C14*1),-1,C14+IF(LEFT(A14)="T",Bonuses!$BR$3,IF(LEFT(A14)="G",Bonuses!$BS$3,IF(LEFT(A14)="Q",Bonuses!$BT$3,IF(LEFT(A14)="S",Bonuses!$BU$3,IF(LEFT(A14)="R",Bonuses!$BV$3,0))))))+P14 -> 0 | L14: 7 | M14: 80 | N14: 1 | Q14: =MAX((MAX(Stats!$E$2,Ranking!$C$13)-15)*5,0) -> 0 | R14: 300
A15: Q2 | B15: Creating Crystal of Vision | C15: 0 | D15: =M15+O15+(K15*N15)+IF(OR(LEFT(A15)="G",LEFT(A15)="S"),Stats!$E$3-15+Bonuses!$BO$3,IF(OR(LEFT(A15)="Q",LEFT(A15)="R"),Bonuses!$BQ$3,Bonuses!$BP$3)) -> 75 | E15: =D15*0.15 -> 11.25 | F15: =D15*0.05 -> 3.75 | I15: ="1 Hr 1,000sp. "&10+K15&" min dur. "&5+(15*K15)&" miles range" -> 1 Hr 1,000sp. 10 min dur. 5 miles range | J15: 200 | K15: =IF(ISERROR(C15*1),-1,C15+IF(LEFT(A15)="T",Bonuses!$BR$3,IF(LEFT(A15)="G",Bonuses!$BS$3,IF(LEFT(A15)="Q",Bonuses!$BT$3,IF(LEFT(A15)="S",Bonuses!$BU$3,IF(LEFT(A15)="R",Bonuses!$BV$3,0))))))+P15 -> 0 | L15: 7 | M15: 75 | N15: 1 | Q15: =MAX((MAX(Stats!$E$2,Ranking!$C$13)-15)*5,0) -> 0 | R15: 300
A16: Q3 | B16: Creating Sleep Dust | C16: 0 | D16: =M16+O16+(K16*N16)+IF(OR(LEFT(A16)="G",LEFT(A16)="S"),Stats!$E$3-15+Bonuses!$BO$3,IF(OR(LEFT(A16)="Q",LEFT(A16)="R"),Bonuses!$BQ$3,Bonuses!$BP$3)) -> 80 | E16: =D16*0.15 -> 12 | F16: =D16*0.05 -> 4 | I16: ="3 Hrs, "&TEXT(10000-500*K16,"#,###")&"sp Sleep -20MR" -> 3 Hrs, 10,000sp Sleep -20MR | J16: 250 | K16: =IF(ISERROR(C16*1),-1,C16+IF(LEFT(A16)="T",Bonuses!$BR$3,IF(LEFT(A16)="G",Bonuses!$BS$3,IF(LEFT(A16)="Q",Bonuses!$BT$3,IF(LEFT(A16)="S",Bonuses!$BU$3,IF(LEFT(A16)="R",Bonuses!$BV$3,0))))))+P16 -> 0 | L16: 7 | M16: 80 | N16: 1 | Q16: =MAX((MAX(Stats!$E$2,Ranking!$C$13)-15)*5,0) -> 0 | R16: 300
A17: Q4 | B17: Manufacturing Poison Dust | C17: 0 | D17: =M17+O17+(K17*N17)+IF(OR(LEFT(A17)="G",LEFT(A17)="S"),Stats!$E$3-15+Bonuses!$BO$3,IF(OR(LEFT(A17)="Q",LEFT(A17)="R"),Bonuses!$BQ$3,Bonuses!$BP$3)) -> 80 | E17: =D17*0.15 -> 12 | F17: =D17*0.05 -> 4 | I17: ="3 Hrs, "&TEXT(10000-500*K17,"#,###")&"sp D+"&ROUND(K17/2,0)-5&" -20MR" -> 3 Hrs, 10,000sp D+-5 -20MR | J17: 250 | K17: =IF(ISERROR(C17*1),-1,C17+IF(LEFT(A17)="T",Bonuses!$BR$3,IF(LEFT(A17)="G",Bonuses!$BS$3,IF(LEFT(A17)="Q",Bonuses!$BT$3,IF(LEFT(A17)="S",Bonuses!$BU$3,IF(LEFT(A17)="R",Bonuses!$BV$3,0))))))+P17 -> 0 | L17: 7 | M17: 80 | N17: 1 | Q17: =MAX((MAX(Stats!$E$2,Ranking!$C$13)-15)*5,0) -> 0 | R17: 300
A18: Qp | B18: Purification | C18: 0 | D18: =M18+O18+(K18*N18)+IF(OR(LEFT(A18)="G",LEFT(A18)="S"),Stats!$E$3-15+Bonuses!$BO$3,IF(OR(LEFT(A18)="Q",LEFT(A18)="R"),Bonuses!$BQ$3,Bonuses!$BP$3)) -> 30 | E18: =D18*0.15 -> 4.5 | F18: =D18*0.05 -> 1.5 | H18: =4+(4*K18)&" Hours" -> 4 Hours | I18: =CONCATENATE("+ ",K18," MR. +",TRUNC(K18/5)," MA.") -> + 0 MR. +0 MA. | J18: 200 | K18: =IF(ISERROR(C18*1),-1,C18+IF(LEFT(A18)="T",Bonuses!$BR$3,IF(LEFT(A18)="G",Bonuses!$BS$3,IF(LEFT(A18)="Q",Bonuses!$BT$3,IF(LEFT(A18)="S",Bonuses!$BU$3,IF(LEFT(A18)="R",Bonuses!$BV$3,0))))))+P18 -> 0 | L18: 7 | M18: =Stats!$E$3+Stats!$F$3 -> 30 | N18: 3 | Q18: =MAX((MAX(Stats!$E$2,Ranking!$C$13)-15)*5,0) -> 0 | R18: 300
A19: S1 | B19: Ventriloquism | C19: Un | D19: =M19+O19+(K19*N19)+IF(OR(LEFT(A19)="G",LEFT(A19)="S"),Stats!$E$3-15+Bonuses!$BO$3,IF(OR(LEFT(A19)="Q",LEFT(A19)="R"),Bonuses!$BQ$3,Bonuses!$BP$3)) -> 57 | E19: =D19*0.15 -> 8.55 | F19: =D19*0.05 -> 2.85 | G19: 90 Feet | H19: =5+(3*K19)&" Mins" -> 2 Mins | J19: 100 | K19: =IF(ISERROR(C19*1),-1,C19+IF(LEFT(A19)="T",Bonuses!$BR$3,IF(LEFT(A19)="G",Bonuses!$BS$3,IF(LEFT(A19)="Q",Bonuses!$BT$3,IF(LEFT(A19)="S",Bonuses!$BU$3,IF(LEFT(A19)="R",Bonuses!$BV$3,0))))))+P19 -> -1 | L19: 1 | M19: 60 | N19: 3 | R19: 500
A20: S2 | B20: Bolt of Energy | C20: Un | D20: =M20+O20+(K20*N20)+IF(OR(LEFT(A20)="G",LEFT(A20)="S"),Stats!$E$3-15+Bonuses!$BO$3,IF(OR(LEFT(A20)="Q",LEFT(A20)="R"),Bonuses!$BQ$3,Bonuses!$BP$3)) -> 47 | E20: =D20*0.15 -> 7.05 | F20: =D20*0.05 -> 2.35 | G20: =15*(1+K20)&" Feet" -> 0 Feet | H20: Immediate | I20: =CONCATENATE("D-5 + ",K20," Dam. Res: 0.") -> D-5 + -1 Dam. Res: 0. | J20: 200 | K20: =IF(ISERROR(C20*1),-1,C20+IF(LEFT(A20)="T",Bonuses!$BR$3,IF(LEFT(A20)="G",Bonuses!$BS$3,IF(LEFT(A20)="Q",Bonuses!$BT$3,IF(LEFT(A20)="S",Bonuses!$BU$3,IF(LEFT(A20)="R",Bonuses!$BV$3,0))))))+P20 -> -1 | L20: 1 | M20: 50 | N20: 3 | R20: 3000
A21: S3 | B21: Opening | C21: Un | D21: =M21+O21+(K21*N21)+IF(OR(LEFT(A21)="G",LEFT(A21)="S"),Stats!$E$3-15+Bonuses!$BO$3,IF(OR(LEFT(A21)="Q",LEFT(A21)="R"),Bonuses!$BQ$3,Bonuses!$BP$3)) -> 27 | E21: =D21*0.15 -> 4.05 | F21: =D21*0.05 -> 1.35 | G21: =15*(1+K21)&" Feet" -> 0 Feet | H21: Immediate | J21: 150 | K21: =IF(ISERROR(C21*1),-1,C21+IF(LEFT(A21)="T",Bonuses!$BR$3,IF(LEFT(A21)="G",Bonuses!$BS$3,IF(LEFT(A21)="Q",Bonuses!$BT$3,IF(LEFT(A21)="S",Bonuses!$BU$3,IF(LEFT(A21)="R",Bonuses!$BV$3,0))))))+P21 -> -1 | L21: 1 | M21: 30 | N21: 3 | R21: 3000
A22: S4 | B22: Enchant Weapon | C22: Un | D22: =M22+O22+(K22*N22)+IF(OR(LEFT(A22)="G",LEFT(A22)="S"),Stats!$E$3-15+Bonuses!$BO$3,IF(OR(LEFT(A22)="Q",LEFT(A22)="R"),Bonuses!$BQ$3,Bonuses!$BP$3)) -> 27 | E22: =D22*0.15 -> 4.05 | F22: =D22*0.05 -> 1.35 | G22: =5*(1+K22)&" Feet" -> 0 Feet | H22: =1*(5+K22)&" Mins" -> 4 Mins | I22: =CONCATENATE("+",1+K22," BC%, +",CEILING(K22/3,1)," Dam.") -> +0 BC%, +0 Dam. | J22: 250 | K22: =IF(ISERROR(C22*1),-1,C22+IF(LEFT(A22)="T",Bonuses!$BR$3,IF(LEFT(A22)="G",Bonuses!$BS$3,IF(LEFT(A22)="Q",Bonuses!$BT$3,IF(LEFT(A22)="S",Bonuses!$BU$3,IF(LEFT(A22)="R",Bonuses!$BV$3,0))))))+P22 -> -1 | L22: 1 | M22: 30 | N22: 3 | R22: 3000
A23: S5 | B23: Web of Entanglement | C23: Un | D23: =M23+O23+(K23*N23)+IF(OR(LEFT(A23)="G",LEFT(A23)="S"),Stats!$E$3-15+Bonuses!$BO$3,IF(OR(LEFT(A23)="Q",LEFT(A23)="R"),Bonuses!$BQ$3,Bonuses!$BP$3)) -> 32 | E23: =D23*0.15 -> 4.8 | F23: =D23*0.05 -> 1.6 | G23: =15*(1+K23)&" Feet" -> 0 Feet | H23: =15*(1+K23)&" C. Mins" -> 0 C. Mins | J23: 150 | K23: =IF(ISERROR(C23*1),-1,C23+IF(LEFT(A23)="T",Bonuses!$BR$3,IF(LEFT(A23)="G",Bonuses!$BS$3,IF(LEFT(A23)="Q",Bonuses!$BT$3,IF(LEFT(A23)="S",Bonuses!$BU$3,IF(LEFT(A23)="R",Bonuses!$BV$3,0))))))+P23 -> -1 | L23: 1 | M23: 35 | N23: 3 | R23: 2000
A24: S6 | B24: Mage Lock | C24: Un | D24: =M24+O24+(K24*N24)+IF(OR(LEFT(A24)="G",LEFT(A24)="S"),Stats!$E$3-15+Bonuses!$BO$3,IF(OR(LEFT(A24)="Q",LEFT(A24)="R"),Bonuses!$BQ$3,Bonuses!$BP$3)) -> 27 | E24: =D24*0.15 -> 4.05 | F24: =D24*0.05 -> 1.35 | G24: =15*(1+K24)&" Feet" -> 0 Feet | H24: =1*(1+K24)&" Hours" -> 0 Hours | J24: 150 | K24: =IF(ISERROR(C24*1),-1,C24+IF(LEFT(A24)="T",Bonuses!$BR$3,IF(LEFT(A24)="G",Bonuses!$BS$3,IF(LEFT(A24)="Q",Bonuses!$BT$3,IF(LEFT(A24)="S",Bonuses!$BU$3,IF(LEFT(A24)="R",Bonuses!$BV$3,0))))))+P24 -> -1 | L24: 1 | M24: 30 | N24: 3 | R24: 2000
A25: S7 | B25: Enhancing Enchantment | C25: Un | D25: =M25+O25+(K25*N25)+IF(OR(LEFT(A25)="G",LEFT(A25)="S"),Stats!$E$3-15+Bonuses!$BO$3,IF(OR(LEFT(A25)="Q",LEFT(A25)="R"),Bonuses!$BQ$3,Bonuses!$BP$3)) -> 22 | E25: =D25*0.15 -> 3.3 | F25: =D25*0.05 -> 1.1 | G25: =15*(1+K25)&" Feet" -> 0 Feet | H25: =10+(5*K25)&" Secs" -> 5 Secs | J25: 300 | K25: =IF(ISERROR(C25*1),-1,C25+IF(LEFT(A25)="T",Bonuses!$BR$3,IF(LEFT(A25)="G",Bonuses!$BS$3,IF(LEFT(A25)="Q",Bonuses!$BT$3,IF(LEFT(A25)="S",Bonuses!$BU$3,IF(LEFT(A25)="R",Bonuses!$BV$3,0))))))+P25 -> -1 | L25: 1 | M25: 25 | N25: 3 | R25: 20000
A26: S8 | B26: Levitation | C26: Un | D26: =M26+O26+(K26*N26)+IF(OR(LEFT(A26)="G",LEFT(A26)="S"),Stats!$E$3-15+Bonuses!$BO$3,IF(OR(LEFT(A26)="Q",LEFT(A26)="R"),Bonuses!$BQ$3,Bonuses!$BP$3)) -> 22 | E26: =D26*0.15 -> 3.3 | F26: =D26*0.05 -> 1.1 | G26: =5*(1+K26)&" Feet" -> 0 Feet | H26: ="D-5 * "&10*K26&" Mins" -> D-5 * -10 Mins | J26: 125 | K26: =IF(ISERROR(C26*1),-1,C26+IF(LEFT(A26)="T",Bonuses!$BR$3,IF(LEFT(A26)="G",Bonuses!$BS$3,IF(LEFT(A26)="Q",Bonuses!$BT$3,IF(LEFT(A26)="S",Bonuses!$BU$3,IF(LEFT(A26)="R",Bonuses!$BV$3,0))))))+P26 -> -1 | L26: 1 | M26: 25 | N26: 3 | R26: 2000
A27: S9 | B27: Enchant Armour | C27: Un | D27: =M27+O27+(K27*N27)+IF(OR(LEFT(A27)="G",LEFT(A27)="S"),Stats!$E$3-15+Bonuses!$BO$3,IF(OR(LEFT(A27)="Q",LEFT(A27)="R"),Bonuses!$BQ$3,Bonuses!$BP$3)) -> 17 | E27: =D27*0.15 -> 2.55 | F27: =D27*0.05 -> 0.85 | G27: =15*(1+K27)&" Feet" -> 0 Feet | H27: =ROUND(1/2*(1+K27),1)&" Hours" -> 0 Hours | I27: =(1+K27)*2&"% Defence"&IF(K27>10," +1 AP","") -> 0% Defence | J27: 200 | K27: =IF(ISERROR(C27*1),-1,C27+IF(LEFT(A27)="T",Bonuses!$BR$3,IF(LEFT(A27)="G",Bonuses!$BS$3,IF(LEFT(A27)="Q",Bonuses!$BT$3,IF(LEFT(A27)="S",Bonuses!$BU$3,IF(LEFT(A27)="R",Bonuses!$BV$3,0))))))+P27 -> -1 | L27: 1 | M27: 20 | N27: 3 | R27: 5000
A28: S10 | B28: Wizards's Eye | C28: Un | D28: =M28+O28+(K28*N28)+IF(OR(LEFT(A28)="G",LEFT(A28)="S"),Stats!$E$3-15+Bonuses!$BO$3,IF(OR(LEFT(A28)="Q",LEFT(A28)="R"),Bonuses!$BQ$3,Bonuses!$BP$3)) -> 17 | E28: =D28*0.15 -> 2.55 | F28: =D28*0.05 -> 0.85 | G28: =15*(1+K28)&" Feet" -> 0 Feet | H28: =1*(1+K28)&" Mins" -> 0 Mins | J28: 200 | K28: =IF(ISERROR(C28*1),-1,C28+IF(LEFT(A28)="T",Bonuses!$BR$3,IF(LEFT(A28)="G",Bonuses!$BS$3,IF(LEFT(A28)="Q",Bonuses!$BT$3,IF(LEFT(A28)="S",Bonuses!$BU$3,IF(LEFT(A28)="R",Bonuses!$BV$3,0))))))+P28 -> -1 | L28: 1 | M28: 20 | N28: 3 | R28: 15000
A29: S11 | B29: Slowness | C29: Un | D29: =M29+O29+(K29*N29)+IF(OR(LEFT(A29)="G",LEFT(A29)="S"),Stats!$E$3-15+Bonuses!$BO$3,IF(OR(LEFT(A29)="Q",LEFT(A29)="R"),Bonuses!$BQ$3,Bonuses!$BP$3)) -> 17 | E29: =D29*0.15 -> 2.55 | F29: =D29*0.05 -> 0.85 | G29: =15*(1+K29)&" Feet" -> 0 Feet | H29: ="D-5 * "&10*K29&" Secs" -> D-5 * -10 Secs | I29: =CONCATENATE(1+CEILING(K29/2,1)," Targets") -> 1 Targets | J29: 300 | K29: =IF(ISERROR(C29*1),-1,C29+IF(LEFT(A29)="T",Bonuses!$BR$3,IF(LEFT(A29)="G",Bonuses!$BS$3,IF(LEFT(A29)="Q",Bonuses!$BT$3,IF(LEFT(A29)="S",Bonuses!$BU$3,IF(LEFT(A29)="R",Bonuses!$BV$3,0))))))+P29 -> -1 | L29: 1 | M29: 20 | N29: 3 | R29: 12000
A30: S12 | B30: Quickness | C30: Un | D30: =M30+O30+(K30*N30)+IF(OR(LEFT(A30)="G",LEFT(A30)="S"),Stats!$E$3-15+Bonuses!$BO$3,IF(OR(LEFT(A30)="Q",LEFT(A30)="R"),Bonuses!$BQ$3,Bonuses!$BP$3)) -> 17 | E30: =D30*0.15 -> 2.55 | F30: =D30*0.05 -> 0.85 | G30: =15*(1+K30)&" Feet" -> 0 Feet | H30: ="D-5 * "&10*K30&" Secs" -> D-5 * -10 Secs | I30: =CONCATENATE(1+CEILING(K30/3,1)," Targets +10 IV") -> 1 Targets +10 IV | J30: 300 | K30: =IF(ISERROR(C30*1),-1,C30+IF(LEFT(A30)="T",Bonuses!$BR$3,IF(LEFT(A30)="G",Bonuses!$BS$3,IF(LEFT(A30)="Q",Bonuses!$BT$3,IF(LEFT(A30)="S",Bonuses!$BU$3,IF(LEFT(A30)="R",Bonuses!$BV$3,0))))))+P30 -> -1 | L30: 1 | M30: 20 | N30: 3 | R30: 30000
B32: Illusion (Thaumaturgy) | C32: Rk | D32: % | E32: Dbl | F32: Trp | G32: Range | H32: Duration | I32: Effect | J32: EM | K32: Rk | L32: Time Multiple (Days) | M32: Base Chance | N32: +%/Rk | O32: % ± | P32: ± Rk | Q32: EP % Discount | R32: SP Cost
A33: T1 | B33: Concealed Casting | C33: 0 | I33: Cap eff rank, -20% cast chance | J33: 150 | K33: =IF(ISERROR(C33*1),-1,C33+IF(LEFT(A33)="T",Bonuses!$BR$3,IF(LEFT(A33)="G",Bonuses!$BS$3,IF(LEFT(A33)="Q",Bonuses!$BT$3,IF(LEFT(A33)="S",Bonuses!$BU$3,IF(LEFT(A33)="R",Bonuses!$BV$3,0))))))+P33 -> 0 | L33: 0
A34: T2 | B34: Enhanced Vision | C34: 0 | G34: =10+(10*K34)&" Feet" -> 10 Feet | J34: 225 | K34: =IF(ISERROR(C34*1),-1,C34+IF(LEFT(A34)="T",Bonuses!$BR$3,IF(LEFT(A34)="G",Bonuses!$BS$3,IF(LEFT(A34)="Q",Bonuses!$BT$3,IF(LEFT(A34)="S",Bonuses!$BU$3,IF(LEFT(A34)="R",Bonuses!$BV$3,0))))))+P34 -> 0 | L34: 0 | M34: =Stats!$I$3 -> 5 | N34: 5
A35: T3 | B35: Project Image | C35: 0 | D35: =M35+O35+(K35*N35)+IF(OR(LEFT(A35)="G",LEFT(A35)="S"),Stats!$E$3-15+Bonuses!$BO$3,IF(OR(LEFT(A35)="Q",LEFT(A35)="R"),Bonuses!$BQ$3,Bonuses!$BP$3)) -> 0 | E35: =D35*0.15 -> 0 | F35: =D35*0.05 -> 0 | G35: =15+(15*K35)&" Feet" -> 15 Feet | J35: 200 | K35: =IF(ISERROR(C35*1),-1,C35+IF(LEFT(A35)="T",Bonuses!$BR$3,IF(LEFT(A35)="G",Bonuses!$BS$3,IF(LEFT(A35)="Q",Bonuses!$BT$3,IF(LEFT(A35)="S",Bonuses!$BU$3,IF(LEFT(A35)="R",Bonuses!$BV$3,0))))))+P35 -> 0 | L35: 0
A36: G1 | B36: Audile Illusion | C36: 0 | D36: =M36+O36+(K36*N36)+IF(OR(LEFT(A36)="G",LEFT(A36)="S"),Stats!$E$3-15+Bonuses!$BO$3,IF(OR(LEFT(A36)="Q",LEFT(A36)="R"),Bonuses!$BQ$3,Bonuses!$BP$3)) -> 40 | E36: =D36*0.15 -> 6 | F36: =D36*0.05 -> 2 | G36: =15+(15*K36)&" Feet" -> 15 Feet | H36: =10+(10*K36)&" Mins" -> 10 Mins | J36: 100 | K36: =IF(ISERROR(C36*1),-1,C36+IF(LEFT(A36)="T",Bonuses!$BR$3,IF(LEFT(A36)="G",Bonuses!$BS$3,IF(LEFT(A36)="Q",Bonuses!$BT$3,IF(LEFT(A36)="S",Bonuses!$BU$3,IF(LEFT(A36)="R",Bonuses!$BV$3,0))))))+P36 -> 0 | L36: 1 | M36: 40 | N36: 3 | Q36: =MAX((MAX(Stats!$E$2,Ranking!$C$13)-15)*5,0) -> 0 | R36: 300
A37: G2 | B37: Flash of Light | C37: 0 | D37: =M37+O37+(K37*N37)+IF(OR(LEFT(A37)="G",LEFT(A37)="S"),Stats!$E$3-15+Bonuses!$BO$3,IF(OR(LEFT(A37)="Q",LEFT(A37)="R"),Bonuses!$BQ$3,Bonuses!$BP$3)) -> 30 | E37: =D37*0.15 -> 4.5 | F37: =D37*0.05 -> 1.5 | G37: =15+(15*K37)&" Feet" -> 15 Feet | H37: Immediate | J37: 125 | K37: =IF(ISERROR(C37*1),-1,C37+IF(LEFT(A37)="T",Bonuses!$BR$3,IF(LEFT(A37)="G",Bonuses!$BS$3,IF(LEFT(A37)="Q",Bonuses!$BT$3,IF(LEFT(A37)="S",Bonuses!$BU$3,IF(LEFT(A37)="R",Bonuses!$BV$3,0))))))+P37 -> 0 | L37: 1 | M37: 30 | N37: 3 | Q37: =MAX((MAX(Stats!$E$2,Ranking!$C$13)-15)*5,0) -> 0 | R37: 300
A38: G3 | B38: Illusion of Food | C38: 0 | D38: =M38+O38+(K38*N38)+IF(OR(LEFT(A38)="G",LEFT(A38)="S"),Stats!$E$3-15+Bonuses!$BO$3,IF(OR(LEFT(A38)="Q",LEFT(A38)="R"),Bonuses!$BQ$3,Bonuses!$BP$3)) -> 50 | E38: =D38*0.15 -> 7.5 | F38: =D38*0.05 -> 2.5 | G38: =15+(15*K38)&" Feet" -> 15 Feet | H38: =10+(10*K38)&" Mins" -> 10 Mins | J38: 100 | K38: =IF(ISERROR(C38*1),-1,C38+IF(LEFT(A38)="T",Bonuses!$BR$3,IF(LEFT(A38)="G",Bonuses!$BS$3,IF(LEFT(A38)="Q",Bonuses!$BT$3,IF(LEFT(A38)="S",Bonuses!$BU$3,IF(LEFT(A38)="R",Bonuses!$BV$3,0))))))+P38 -> 0 | L38: 1 | M38: 50 | N38: 3 | Q38: =MAX((MAX(Stats!$E$2,Ranking!$C$13)-15)*5,0) -> 0 | R38: 300
A39: G4 | B39: Invisibility | C39: 0 | D39: =M39+O39+(K39*N39)+IF(OR(LEFT(A39)="G",LEFT(A39)="S"),Stats!$E$3-15+Bonuses!$BO$3,IF(OR(LEFT(A39)="Q",LEFT(A39)="R"),Bonuses!$BQ$3,Bonuses!$BP$3)) -> 30 | E39: =D39*0.15 -> 4.5 | F39: =D39*0.05 -> 1.5 | G39: =15+(15*K39)&" Feet" -> 15 Feet | H39: =5+(5*K39)&" Mins" -> 5 Mins | J39: 450 | K39: =IF(ISERROR(C39*1),-1,C39+IF(LEFT(A39)="T",Bonuses!$BR$3,IF(LEFT(A39)="G",Bonuses!$BS$3,IF(LEFT(A39)="Q",Bonuses!$BT$3,IF(LEFT(A39)="S",Bonuses!$BU$3,IF(LEFT(A39)="R",Bonuses!$BV$3,0))))))+P39 -> 0 | L39: 1 | M39: 30 | N39: 3 | Q39: =MAX((MAX(Stats!$E$2,Ranking!$C$13)-15)*5,0) -> 0 | R39: 300
A40: G5 | B40: Personalised Illusion | C40: 0 | D40: =M40+O40+(K40*N40)+IF(OR(LEFT(A40)="G",LEFT(A40)="S"),Stats!$E$3-15+Bonuses!$BO$3,IF(OR(LEFT(A40)="Q",LEFT(A40)="R"),Bonuses!$BQ$3,Bonuses!$BP$3)) -> 40 | E40: =D40*0.15 -> 6 | F40: =D40*0.05 -> 2 | G40: =30+(30*K40)&" Feet" -> 30 Feet | H40: =1+K40*2&" Hours" -> 1 Hours | J40: 75 | K40: =IF(ISERROR(C40*1),-1,C40+IF(LEFT(A40)="T",Bonuses!$BR$3,IF(LEFT(A40)="G",Bonuses!$BS$3,IF(LEFT(A40)="Q",Bonuses!$BT$3,IF(LEFT(A40)="S",Bonuses!$BU$3,IF(LEFT(A40)="R",Bonuses!$BV$3,0))))))+P40 -> 0 | L40: 1 | M40: 40 | N40: 3 | Q40: =MAX((MAX(Stats!$E$2,Ranking!$C$13)-15)*5,0) -> 0 | R40: 300
A41: G6 | B41: Illusion of Seeming | C41: 0 | D41: =M41+O41+(K41*N41)+IF(OR(LEFT(A41)="G",LEFT(A41)="S"),Stats!$E$3-15+Bonuses!$BO$3,IF(OR(LEFT(A41)="Q",LEFT(A41)="R"),Bonuses!$BQ$3,Bonuses!$BP$3)) -> 20 | E41: =D41*0.15 -> 3 | F41: =D41*0.05 -> 1 | G41: =5+(5*K41)&" Feet" -> 5 Feet | H41: =10+(10*K41)&" Mins" -> 10 Mins | J41: 200 | K41: =IF(ISERROR(C41*1),-1,C41+IF(LEFT(A41)="T",Bonuses!$BR$3,IF(LEFT(A41)="G",Bonuses!$BS$3,IF(LEFT(A41)="Q",Bonuses!$BT$3,IF(LEFT(A41)="S",Bonuses!$BU$3,IF(LEFT(A41)="R",Bonuses!$BV$3,0))))))+P41 -> 0 | L41: 1 | M41: 20 | N41: 3 | Q41: =MAX((MAX(Stats!$E$2,Ranking!$C$13)-15)*5,0) -> 0 | R41: 300
A42: G7 | B42: Static Illusion | C42: 0 | D42: =M42+O42+(K42*N42)+IF(OR(LEFT(A42)="G",LEFT(A42)="S"),Stats!$E$3-15+Bonuses!$BO$3,IF(OR(LEFT(A42)="Q",LEFT(A42)="R"),Bonuses!$BQ$3,Bonuses!$BP$3)) -> 30 | E42: =D42*0.15 -> 4.5 | F42: =D42*0.05 -> 1.5 | G42: =15+(15*K42)&" Feet" -> 15 Feet | H42: =0.5+K42/2&" Hours" -> 0.5 Hours | J42: 200 | K42: =IF(ISERROR(C42*1),-1,C42+IF(LEFT(A42)="T",Bonuses!$BR$3,IF(LEFT(A42)="G",Bonuses!$BS$3,IF(LEFT(A42)="Q",Bonuses!$BT$3,IF(LEFT(A42)="S",Bonuses!$BU$3,IF(LEFT(A42)="R",Bonuses!$BV$3,0))))))+P42 -> 0 | L42: 1 | M42: 30 | N42: 3 | Q42: =MAX((MAX(Stats!$E$2,Ranking!$C$13)-15)*5,0) -> 0 | R42: 300
A43: G7 | B43: Illusionary Wall | C43: 0 | D43: =M43+O43+(K43*N43)+IF(OR(LEFT(A43)="G",LEFT(A43)="S"),Stats!$E$3-15+Bonuses!$BO$3,IF(OR(LEFT(A43)="Q",LEFT(A43)="R"),Bonuses!$BQ$3,Bonuses!$BP$3)) -> 20 | E43: =D43*0.15 -> 3 | F43: =D43*0.05 -> 1 | G43: =15+(15*K43)&" Feet" -> 15 Feet | H43: =0.5+K43/2&" Hours" -> 0.5 Hours | J43: 125 | K43: =IF(ISERROR(C43*1),-1,C43+IF(LEFT(A43)="T",Bonuses!$BR$3,IF(LEFT(A43)="G",Bonuses!$BS$3,IF(LEFT(A43)="Q",Bonuses!$BT$3,IF(LEFT(A43)="S",Bonuses!$BU$3,IF(LEFT(A43)="R",Bonuses!$BV$3,0))))))+P43 -> 0 | L43: 1 | M43: 20 | N43: 3 | Q43: =MAX((MAX(Stats!$E$2,Ranking!$C$13)-15)*5,0) -> 0 | R43: 300
A44: Gcs | B44: General Counterspell | C44: 0 | D44: =M44+O44+(K44*N44)+IF(OR(LEFT(A44)="G",LEFT(A44)="S"),Stats!$E$3-15+Bonuses!$BO$3,IF(OR(LEFT(A44)="Q",LEFT(A44)="R"),Bonuses!$BQ$3,Bonuses!$BP$3)) -> 40 | E44: =D44*0.15 -> 6 | F44: =D44*0.05 -> 2 | G44: =25+(25*K44)&" Feet" -> 25 Feet | H44: ="D+"&5+K44&" Mins" -> D+5 Mins | I44: =CONCATENATE("+",30 + (K44*3)," to MR vs Generals") -> +30 to MR vs Generals | J44: 100 | K44: =IF(ISERROR(C44*1),-1,C44+IF(LEFT(A44)="T",Bonuses!$BR$3,IF(LEFT(A44)="G",Bonuses!$BS$3,IF(LEFT(A44)="Q",Bonuses!$BT$3,IF(LEFT(A44)="S",Bonuses!$BU$3,IF(LEFT(A44)="R",Bonuses!$BV$3,0))))))+P44 -> 0 | L44: 1 | M44: 40 | N44: 3 | Q44: =MAX((MAX(Stats!$E$2,Ranking!$C$13)-15)*5,0) -> 0 | R44: 300
A45: Gcs | B45: Special Counterspell | C45: 0 | D45: =M45+O45+(K45*N45)+IF(OR(LEFT(A45)="G",LEFT(A45)="S"),Stats!$E$3-15+Bonuses!$BO$3,IF(OR(LEFT(A45)="Q",LEFT(A45)="R"),Bonuses!$BQ$3,Bonuses!$BP$3)) -> 40 | E45: =D45*0.15 -> 6 | F45: =D45*0.05 -> 2 | G45: =25+(25*K45)&" Feet" -> 25 Feet | H45: ="D+"&5+K45&" Mins" -> D+5 Mins | I45: =CONCATENATE("+",30 + (K45*3)," to MR vs Specials") -> +30 to MR vs Specials | J45: 200 | K45: =IF(ISERROR(C45*1),-1,C45+IF(LEFT(A45)="T",Bonuses!$BR$3,IF(LEFT(A45)="G",Bonuses!$BS$3,IF(LEFT(A45)="Q",Bonuses!$BT$3,IF(LEFT(A45)="S",Bonuses!$BU$3,IF(LEFT(A45)="R",Bonuses!$BV$3,0))))))+P45 -> 0 | L45: 1 | M45: 40 | N45: 3 | Q45: =MAX((MAX(Stats!$E$2,Ranking!$C$13)-15)*5,0) -> 0 | R45: 300
A46: Q1 | B46: Illusionary Cloaking | C46: 0 | D46: =M46+O46+(K46*N46)+IF(OR(LEFT(A46)="G",LEFT(A46)="S"),Stats!$E$3-15+Bonuses!$BO$3,IF(OR(LEFT(A46)="Q",LEFT(A46)="R"),Bonuses!$BQ$3,Bonuses!$BP$3)) -> 40 | E46: =D46*0.15 -> 6 | F46: =D46*0.05 -> 2 | G46: =5+(5*K46)&" Feet" -> 5 Feet | H46: =6+K46*6&" Hours" -> 6 Hours | J46: 100 | K46: =IF(ISERROR(C46*1),-1,C46+IF(LEFT(A46)="T",Bonuses!$BR$3,IF(LEFT(A46)="G",Bonuses!$BS$3,IF(LEFT(A46)="Q",Bonuses!$BT$3,IF(LEFT(A46)="S",Bonuses!$BU$3,IF(LEFT(A46)="R",Bonuses!$BV$3,0))))))+P46 -> 0 | L46: 7 | M46: 40 | N46: 4 | Q46: =MAX((MAX(Stats!$E$2,Ranking!$C$13)-15)*5,0) -> 0 | R46: 300
A47: Q1 | B47: Illusionary Fog | C47: 0 | D47: =M47+O47+(K47*N47)+IF(OR(LEFT(A47)="G",LEFT(A47)="S"),Stats!$E$3-15+Bonuses!$BO$3,IF(OR(LEFT(A47)="Q",LEFT(A47)="R"),Bonuses!$BQ$3,Bonuses!$BP$3)) -> 40 | E47: =D47*0.15 -> 6 | F47: =D47*0.05 -> 2 | G47: =30+(30*K47)&" Feet" -> 30 Feet | H47: =1+K47*2&" Hours" -> 1 Hours | J47: 75 | K47: =IF(ISERROR(C47*1),-1,C47+IF(LEFT(A47)="T",Bonuses!$BR$3,IF(LEFT(A47)="G",Bonuses!$BS$3,IF(LEFT(A47)="Q",Bonuses!$BT$3,IF(LEFT(A47)="S",Bonuses!$BU$3,IF(LEFT(A47)="R",Bonuses!$BV$3,0))))))+P47 -> 0 | L47: 7 | M47: 40 | N47: 4 | Q47: =MAX((MAX(Stats!$E$2,Ranking!$C$13)-15)*5,0) -> 0 | R47: 300
A48: Q | B48: Purification | C48: 0 | D48: =M48+O48+(K48*N48)+IF(OR(LEFT(A48)="G",LEFT(A48)="S"),Stats!$E$3-15+Bonuses!$BO$3,IF(OR(LEFT(A48)="Q",LEFT(A48)="R"),Bonuses!$BQ$3,Bonuses!$BP$3)) -> 30 | E48: =D48*0.15 -> 4.5 | F48: =D48*0.05 -> 1.5 | G48: Self | H48: =4+K48*4&" Hours" -> 4 Hours | I48: =CONCATENATE("+ ",K48," MR. +",TRUNC(K48/5)," MA.") -> + 0 MR. +0 MA. | J48: 200 | K48: =IF(ISERROR(C48*1),-1,C48+IF(LEFT(A48)="T",Bonuses!$BR$3,IF(LEFT(A48)="G",Bonuses!$BS$3,IF(LEFT(A48)="Q",Bonuses!$BT$3,IF(LEFT(A48)="S",Bonuses!$BU$3,IF(LEFT(A48)="R",Bonuses!$BV$3,0))))))+P48 -> 0 | L48: 7 | M48: =Stats!$E$3+Stats!$F$3 -> 30 | N48: 3 | Q48: =MAX((MAX(Stats!$E$2,Ranking!$C$13)-15)*5,0) -> 0 | R48: 300
A49: S1 | B49: Illusionary Animal | C49: Un | D49: =M49+O49+(K49*N49)+IF(OR(LEFT(A49)="G",LEFT(A49)="S"),Stats!$E$3-15+Bonuses!$BO$3,IF(OR(LEFT(A49)="Q",LEFT(A49)="R"),Bonuses!$BQ$3,Bonuses!$BP$3)) -> 32 | E49: =D49*0.15 -> 4.8 | F49: =D49*0.05 -> 1.6 | G49: =15+(15*K49)&" Feet" -> 0 Feet | H49: =10+(10*K49)&" Mins" -> 0 Mins | J49: 150 | K49: =IF(ISERROR(C49*1),-1,C49+IF(LEFT(A49)="T",Bonuses!$BR$3,IF(LEFT(A49)="G",Bonuses!$BS$3,IF(LEFT(A49)="Q",Bonuses!$BT$3,IF(LEFT(A49)="S",Bonuses!$BU$3,IF(LEFT(A49)="R",Bonuses!$BV$3,0))))))+P49 -> -1 | L49: 1 | M49: 35 | N49: 3 | R49: 10000
A50: S2 | B50: Illusionary Bolt | C50: Un | D50: =M50+O50+(K50*N50)+IF(OR(LEFT(A50)="G",LEFT(A50)="S"),Stats!$E$3-15+Bonuses!$BO$3,IF(OR(LEFT(A50)="Q",LEFT(A50)="R"),Bonuses!$BQ$3,Bonuses!$BP$3)) -> 27 | E50: =D50*0.15 -> 4.05 | F50: =D50*0.05 -> 1.35 | G50: =15+(5*K50)&" Feet" -> 10 Feet | H50: =5+(5*K50)&" Secs" -> 0 Secs | I50: ="[D-2]+"&TRUNC(K50/2,0) -> [D-2]+0 | J50: 200 | K50: =IF(ISERROR(C50*1),-1,C50+IF(LEFT(A50)="T",Bonuses!$BR$3,IF(LEFT(A50)="G",Bonuses!$BS$3,IF(LEFT(A50)="Q",Bonuses!$BT$3,IF(LEFT(A50)="S",Bonuses!$BU$3,IF(LEFT(A50)="R",Bonuses!$BV$3,0))))))+P50 -> -1 | L50: 1 | M50: 30 | N50: 3 | R50: 2000
A51: S3 | B51: Illusory Creation | C51: Un | D51: =M51+O51+(K51*N51)+IF(OR(LEFT(A51)="G",LEFT(A51)="S"),Stats!$E$3-15+Bonuses!$BO$3,IF(OR(LEFT(A51)="Q",LEFT(A51)="R"),Bonuses!$BQ$3,Bonuses!$BP$3)) -> 17 | E51: =D51*0.15 -> 2.55 | F51: =D51*0.05 -> 0.85 | G51: Touch | H51: =10+(10*K51)&" Mins" -> 0 Mins | J51: 250 | K51: =IF(ISERROR(C51*1),-1,C51+IF(LEFT(A51)="T",Bonuses!$BR$3,IF(LEFT(A51)="G",Bonuses!$BS$3,IF(LEFT(A51)="Q",Bonuses!$BT$3,IF(LEFT(A51)="S",Bonuses!$BU$3,IF(LEFT(A51)="R",Bonuses!$BV$3,0))))))+P51 -> -1 | L51: 1 | M51: 20 | N51: 3 | R51: 5000
A52: S4 | B52: Illusion of Deep Pockets | C52: Un | D52: =M52+O52+(K52*N52)+IF(OR(LEFT(A52)="G",LEFT(A52)="S"),Stats!$E$3-15+Bonuses!$BO$3,IF(OR(LEFT(A52)="Q",LEFT(A52)="R"),Bonuses!$BQ$3,Bonuses!$BP$3)) -> 37 | E52: =D52*0.15 -> 5.55 | F52: =D52*0.05 -> 1.85 | G52: Self | H52: =1+K52&" Hours" -> 0 Hours | J52: 200 | K52: =IF(ISERROR(C52*1),-1,C52+IF(LEFT(A52)="T",Bonuses!$BR$3,IF(LEFT(A52)="G",Bonuses!$BS$3,IF(LEFT(A52)="Q",Bonuses!$BT$3,IF(LEFT(A52)="S",Bonuses!$BU$3,IF(LEFT(A52)="R",Bonuses!$BV$3,0))))))+P52 -> -1 | L52: 1 | M52: 40 | N52: 3 | R52: 5000
A53: S5 | B53: Disguise Illusion | C53: Un | D53: =M53+O53+(K53*N53)+IF(OR(LEFT(A53)="G",LEFT(A53)="S"),Stats!$E$3-15+Bonuses!$BO$3,IF(OR(LEFT(A53)="Q",LEFT(A53)="R"),Bonuses!$BQ$3,Bonuses!$BP$3)) -> 17 | E53: =D53*0.15 -> 2.55 | F53: =D53*0.05 -> 0.85 | G53: Touch | H53: =1+K53&" Hours" -> 0 Hours | J53: 200 | K53: =IF(ISERROR(C53*1),-1,C53+IF(LEFT(A53)="T",Bonuses!$BR$3,IF(LEFT(A53)="G",Bonuses!$BS$3,IF(LEFT(A53)="Q",Bonuses!$BT$3,IF(LEFT(A53)="S",Bonuses!$BU$3,IF(LEFT(A53)="R",Bonuses!$BV$3,0))))))+P53 -> -1 | L53: 1 | M53: 20 | N53: 3 | R53: 15000
A54: S6 | B54: Illusionary Euphonia | C54: Un | D54: =M54+O54+(K54*N54)+IF(OR(LEFT(A54)="G",LEFT(A54)="S"),Stats!$E$3-15+Bonuses!$BO$3,IF(OR(LEFT(A54)="Q",LEFT(A54)="R"),Bonuses!$BQ$3,Bonuses!$BP$3)) -> 22 | E54: =D54*0.15 -> 3.3 | F54: =D54*0.05 -> 1.1 | G54: =15+(15*K54)&" Feet" -> 0 Feet | H54: =10+(10*K54)&" Mins" -> 0 Mins | J54: 150 | K54: =IF(ISERROR(C54*1),-1,C54+IF(LEFT(A54)="T",Bonuses!$BR$3,IF(LEFT(A54)="G",Bonuses!$BS$3,IF(LEFT(A54)="Q",Bonuses!$BT$3,IF(LEFT(A54)="S",Bonuses!$BU$3,IF(LEFT(A54)="R",Bonuses!$BV$3,0))))))+P54 -> -1 | L54: 1 | M54: 25 | N54: 3 | R54: 1000
A55: S7 | B55: Hallucination | C55: Un | D55: =M55+O55+(K55*N55)+IF(OR(LEFT(A55)="G",LEFT(A55)="S"),Stats!$E$3-15+Bonuses!$BO$3,IF(OR(LEFT(A55)="Q",LEFT(A55)="R"),Bonuses!$BQ$3,Bonuses!$BP$3)) -> 22 | E55: =D55*0.15 -> 3.3 | F55: =D55*0.05 -> 1.1 | G55: =15+(15*K55)&" Feet" -> 0 Feet | H55: =10+(10*K55)&" Mins" -> 0 Mins | J55: 225 | K55: =IF(ISERROR(C55*1),-1,C55+IF(LEFT(A55)="T",Bonuses!$BR$3,IF(LEFT(A55)="G",Bonuses!$BS$3,IF(LEFT(A55)="Q",Bonuses!$BT$3,IF(LEFT(A55)="S",Bonuses!$BU$3,IF(LEFT(A55)="R",Bonuses!$BV$3,0))))))+P55 -> -1 | L55: 1 | M55: 25 | N55: 3 | R55: 7000
A56: S8 | B56: Heroism | C56: Un | D56: =M56+O56+(K56*N56)+IF(OR(LEFT(A56)="G",LEFT(A56)="S"),Stats!$E$3-15+Bonuses!$BO$3,IF(OR(LEFT(A56)="Q",LEFT(A56)="R"),Bonuses!$BQ$3,Bonuses!$BP$3)) -> 27 | E56: =D56*0.15 -> 4.05 | F56: =D56*0.05 -> 1.35 | G56: =15+(15*K56)&" Feet" -> 0 Feet | H56: =10+(10*K56)&" Mins" -> 0 Mins | J56: 200 | K56: =IF(ISERROR(C56*1),-1,C56+IF(LEFT(A56)="T",Bonuses!$BR$3,IF(LEFT(A56)="G",Bonuses!$BS$3,IF(LEFT(A56)="Q",Bonuses!$BT$3,IF(LEFT(A56)="S",Bonuses!$BU$3,IF(LEFT(A56)="R",Bonuses!$BV$3,0))))))+P56 -> -1 | L56: 1 | M56: 30 | N56: 3 | R56: 5000
A57: S9 | B57: Illusion of Innocence | C57: Un | D57: =M57+O57+(K57*N57)+IF(OR(LEFT(A57)="G",LEFT(A57)="S"),Stats!$E$3-15+Bonuses!$BO$3,IF(OR(LEFT(A57)="Q",LEFT(A57)="R"),Bonuses!$BQ$3,Bonuses!$BP$3)) -> 27 | E57: =D57*0.15 -> 4.05 | F57: =D57*0.05 -> 1.35 | G57: =1+K57&" Feet" -> 0 Feet | H57: =10+(10*K57)&" Mins" -> 0 Mins | J57: 250 | K57: =IF(ISERROR(C57*1),-1,C57+IF(LEFT(A57)="T",Bonuses!$BR$3,IF(LEFT(A57)="G",Bonuses!$BS$3,IF(LEFT(A57)="Q",Bonuses!$BT$3,IF(LEFT(A57)="S",Bonuses!$BU$3,IF(LEFT(A57)="R",Bonuses!$BV$3,0))))))+P57 -> -1 | L57: 1 | M57: 30 | N57: 3 | R57: 4000
A58: S10 | B58: Maze | C58: Un | D58: =M58+O58+(K58*N58)+IF(OR(LEFT(A58)="G",LEFT(A58)="S"),Stats!$E$3-15+Bonuses!$BO$3,IF(OR(LEFT(A58)="Q",LEFT(A58)="R"),Bonuses!$BQ$3,Bonuses!$BP$3)) -> -2 | E58: =D58*0.15 -> -0.3 | F58: =D58*0.05 -> -0.1 | G58: =15+(15*K58)&" Feet" -> 0 Feet | H58: =5+(5*K58)&" Secs" -> 0 Secs | J58: 450 | K58: =IF(ISERROR(C58*1),-1,C58+IF(LEFT(A58)="T",Bonuses!$BR$3,IF(LEFT(A58)="G",Bonuses!$BS$3,IF(LEFT(A58)="Q",Bonuses!$BT$3,IF(LEFT(A58)="S",Bonuses!$BU$3,IF(LEFT(A58)="R",Bonuses!$BV$3,0))))))+P58 -> -1 | L58: 1 | M58: 1 | N58: 3 | R58: 25000
A59: S11 | B59: Illusion of Metamorphosis | C59: Un | D59: =M59+O59+(K59*N59)+IF(OR(LEFT(A59)="G",LEFT(A59)="S"),Stats!$E$3-15+Bonuses!$BO$3,IF(OR(LEFT(A59)="Q",LEFT(A59)="R"),Bonuses!$BQ$3,Bonuses!$BP$3)) -> 12 | E59: =D59*0.15 -> 1.8 | F59: =D59*0.05 -> 0.6 | G59: =1+(1*K59)&" Feet" -> 0 Feet | H59: =5+(5*K59)&" Mins" -> 0 Mins | J59: 225 | K59: =IF(ISERROR(C59*1),-1,C59+IF(LEFT(A59)="T",Bonuses!$BR$3,IF(LEFT(A59)="G",Bonuses!$BS$3,IF(LEFT(A59)="Q",Bonuses!$BT$3,IF(LEFT(A59)="S",Bonuses!$BU$3,IF(LEFT(A59)="R",Bonuses!$BV$3,0))))))+P59 -> -1 | L59: 1 | M59: 15 | N59: 3 | R59: 15000
A60: S12 | B60: Illusion of Mist | C60: Un | D60: =M60+O60+(K60*N60)+IF(OR(LEFT(A60)="G",LEFT(A60)="S"),Stats!$E$3-15+Bonuses!$BO$3,IF(OR(LEFT(A60)="Q",LEFT(A60)="R"),Bonuses!$BQ$3,Bonuses!$BP$3)) -> 27 | E60: =D60*0.15 -> 4.05 | F60: =D60*0.05 -> 1.35 | G60: =20+(20*K60)&" Feet" -> 0 Feet | H60: =10+(10*K60)&" Mins" -> 0 Mins | J60: 100 | K60: =IF(ISERROR(C60*1),-1,C60+IF(LEFT(A60)="T",Bonuses!$BR$3,IF(LEFT(A60)="G",Bonuses!$BS$3,IF(LEFT(A60)="Q",Bonuses!$BT$3,IF(LEFT(A60)="S",Bonuses!$BU$3,IF(LEFT(A60)="R",Bonuses!$BV$3,0))))))+P60 -> -1 | L60: 1 | M60: 30 | N60: 3 | R60: 1000
A61: S13 | B61: Illusion of Multiple Images | C61: Un | D61: =M61+O61+(K61*N61)+IF(OR(LEFT(A61)="G",LEFT(A61)="S"),Stats!$E$3-15+Bonuses!$BO$3,IF(OR(LEFT(A61)="Q",LEFT(A61)="R"),Bonuses!$BQ$3,Bonuses!$BP$3)) -> 17 | E61: =D61*0.15 -> 2.55 | F61: =D61*0.05 -> 0.85 | G61: =1+(1*K61)&" Feet" -> 0 Feet | H61: =1+(1*K61)&" Mins" -> 0 Mins | J61: 200 | K61: =IF(ISERROR(C61*1),-1,C61+IF(LEFT(A61)="T",Bonuses!$BR$3,IF(LEFT(A61)="G",Bonuses!$BS$3,IF(LEFT(A61)="Q",Bonuses!$BT$3,IF(LEFT(A61)="S",Bonuses!$BU$3,IF(LEFT(A61)="R",Bonuses!$BV$3,0))))))+P61 -> -1 | L61: 1 | M61: 20 | N61: 3 | R61: 7500
A62: S14 | B62: Nightmare | C62: Un | D62: =M62+O62+(K62*N62)+IF(OR(LEFT(A62)="G",LEFT(A62)="S"),Stats!$E$3-15+Bonuses!$BO$3,IF(OR(LEFT(A62)="Q",LEFT(A62)="R"),Bonuses!$BQ$3,Bonuses!$BP$3)) -> 2 | E62: =D62*0.15 -> 0.3 | F62: =D62*0.05 -> 0.1 | G62: =15+(15*K62)&" Feet" -> 0 Feet | H62: =10+(10*K62)&" Secs" -> 0 Secs | I62: ="IV "&30+2*K62&", 2x [D-2]+"&TRUNC(K62/2,0)&" Dam, FT+EN="&20+5*TRUNC(K62/2,0)&", TMR:10" -> IV 28, 2x [D-2]+0 Dam, FT+EN=20, TMR:10 | J62: 400 | K62: =IF(ISERROR(C62*1),-1,C62+IF(LEFT(A62)="T",Bonuses!$BR$3,IF(LEFT(A62)="G",Bonuses!$BS$3,IF(LEFT(A62)="Q",Bonuses!$BT$3,IF(LEFT(A62)="S",Bonuses!$BU$3,IF(LEFT(A62)="R",Bonuses!$BV$3,0))))))+P62 -> -1 | L62: 1 | M62: 5 | N62: 3 | R62: 10000
A63: R1 | B63: Illusionary Aura | C63: Un | D63: =M63+O63+(K63*N63)+IF(OR(LEFT(A63)="G",LEFT(A63)="S"),Stats!$E$3-15+Bonuses!$BO$3,IF(OR(LEFT(A63)="Q",LEFT(A63)="R"),Bonuses!$BQ$3,Bonuses!$BP$3)) -> 27 | E63: =D63*0.15 -> 4.05 | F63: =D63*0.05 -> 1.35 | G63: 5 Feet | H63: =1+(1*K63)&" Days" -> 0 Days | J63: 200 | K63: =IF(ISERROR(C63*1),-1,C63+IF(LEFT(A63)="T",Bonuses!$BR$3,IF(LEFT(A63)="G",Bonuses!$BS$3,IF(LEFT(A63)="Q",Bonuses!$BT$3,IF(LEFT(A63)="S",Bonuses!$BU$3,IF(LEFT(A63)="R",Bonuses!$BV$3,0))))))+P63 -> -1 | L63: 7 | M63: 30 | N63: 3 | R63: 10000
A64: R2 | B64: Illusionary Terrain | C64: Un | D64: =M64+O64+(K64*N64)+IF(OR(LEFT(A64)="G",LEFT(A64)="S"),Stats!$E$3-15+Bonuses!$BO$3,IF(OR(LEFT(A64)="Q",LEFT(A64)="R"),Bonuses!$BQ$3,Bonuses!$BP$3)) -> 12 | E64: =D64*0.15 -> 1.8 | F64: =D64*0.05 -> 0.6 | G64: =5+(5*K64)&" Feet" -> 0 Feet | H64: =2+2*K64&" Hours" -> 0 Hours | J64: 150 | K64: =IF(ISERROR(C64*1),-1,C64+IF(LEFT(A64)="T",Bonuses!$BR$3,IF(LEFT(A64)="G",Bonuses!$BS$3,IF(LEFT(A64)="Q",Bonuses!$BT$3,IF(LEFT(A64)="S",Bonuses!$BU$3,IF(LEFT(A64)="R",Bonuses!$BV$3,0))))))+P64 -> -1 | L64: 7 | M64: =Stats!$E$3 -> 15 | N64: 3 | R64: 10000
A65: R3 | B65: Permanency | C65: Un | D65: =M65+O65+(K65*N65)+IF(OR(LEFT(A65)="G",LEFT(A65)="S"),Stats!$E$3-15+Bonuses!$BO$3,IF(OR(LEFT(A65)="Q",LEFT(A65)="R"),Bonuses!$BQ$3,Bonuses!$BP$3)) -> 11 | E65: =D65*0.15 -> 1.65 | F65: =D65*0.05 -> 0.55 | G65: 5 Feet | H65: =1+(1*K65)&" Days" -> 0 Days | J65: 550 | K65: =IF(ISERROR(C65*1),-1,C65+IF(LEFT(A65)="T",Bonuses!$BR$3,IF(LEFT(A65)="G",Bonuses!$BS$3,IF(LEFT(A65)="Q",Bonuses!$BT$3,IF(LEFT(A65)="S",Bonuses!$BU$3,IF(LEFT(A65)="R",Bonuses!$BV$3,0))))))+P65 -> -1 | L65: 7 | M65: =Stats!$E$3 -> 15 | N65: 4 | R65: 15000
B67: Namer (Thaumaturgy) | C67: Rk | D67: % | E67: Dbl | F67: Trp | G67: Range | H67: Duration | I67: Effect | J67: EM | K67: Rk | L67: Time Multiple (Days) | M67: Base Chance | N67: +%/Rk | O67: % ± | P67: ± Rk | Q67: EP % Discount | R67: SP Cost
A68: T1 | B68: Detect Aura | C68: 0 | D68: =M68+O68+(K68*N68)+IF(OR(LEFT(A68)="G",LEFT(A68)="S"),Stats!$E$3-15+Bonuses!$BO$3,IF(OR(LEFT(A68)="Q",LEFT(A68)="R"),Bonuses!$BQ$3,Bonuses!$BP$3)) -> 10 | E68: =D68*0.15 -> 1.5 | F68: =D68*0.05 -> 0.5 | G68: -1 per foot | H68: Immediate | J68: 75 | K68: =IF(ISERROR(C68*1),-1,C68+IF(LEFT(A68)="T",Bonuses!$BR$3,IF(LEFT(A68)="G",Bonuses!$BS$3,IF(LEFT(A68)="Q",Bonuses!$BT$3,IF(LEFT(A68)="S",Bonuses!$BU$3,IF(LEFT(A68)="R",Bonuses!$BV$3,0))))))+P68 -> 0 | L68: 0 | M68: =2*Stats!$I$3 -> 10 | N68: 5
A69: T2 | B69: Expel Magic | C69: 0 | D69: =M69+O69+(K69*N69)+IF(OR(LEFT(A69)="G",LEFT(A69)="S"),Stats!$E$3-15+Bonuses!$BO$3,IF(OR(LEFT(A69)="Q",LEFT(A69)="R"),Bonuses!$BQ$3,Bonuses!$BP$3)) -> 5 | E69: =D69*0.15 -> 0.75 | F69: =D69*0.05 -> 0.25 | H69: Immediate | I69: =CONCATENATE(50+(3*K69),"% -3/Rk of Target Magic") -> 50% -3/Rk of Target Magic | J69: 75 | K69: =IF(ISERROR(C69*1),-1,C69+IF(LEFT(A69)="T",Bonuses!$BR$3,IF(LEFT(A69)="G",Bonuses!$BS$3,IF(LEFT(A69)="Q",Bonuses!$BT$3,IF(LEFT(A69)="S",Bonuses!$BU$3,IF(LEFT(A69)="R",Bonuses!$BV$3,0))))))+P69 -> 0 | L69: 0 | M69: =Stats!$I$3 -> 5 | N69: 3
A70: Q1 | B70: Dissipation | C70: 0 | D70: =M70+O70+(K70*N70)+IF(OR(LEFT(A70)="G",LEFT(A70)="S"),Stats!$E$3-15+Bonuses!$BO$3,IF(OR(LEFT(A70)="Q",LEFT(A70)="R"),Bonuses!$BQ$3,Bonuses!$BP$3)) -> 50 | E70: =D70*0.15 -> 7.5 | F70: =D70*0.05 -> 2.5 | K70: =IF(ISERROR(C70*1),-1,C70+IF(LEFT(A70)="T",Bonuses!$BR$3,IF(LEFT(A70)="G",Bonuses!$BS$3,IF(LEFT(A70)="Q",Bonuses!$BT$3,IF(LEFT(A70)="S",Bonuses!$BU$3,IF(LEFT(A70)="R",Bonuses!$BV$3,0))))))+P70 -> 0 | L70: 1 | M70: 50 | N70: 3 | Q70: =MAX((MAX(Stats!$E$2,Ranking!$C$13)-15)*5,0) -> 0 | R70: 300
A71: Q2 | B71: Purification | C71: 0 | D71: =M71+O71+(K71*N71)+IF(OR(LEFT(A71)="G",LEFT(A71)="S"),Stats!$E$3-15+Bonuses!$BO$3,IF(OR(LEFT(A71)="Q",LEFT(A71)="R"),Bonuses!$BQ$3,Bonuses!$BP$3)) -> 30 | E71: =D71*0.15 -> 4.5 | F71: =D71*0.05 -> 1.5 | H71: =4+(4*K71)&" Hours" -> 4 Hours | I71: =CONCATENATE("+ ",K71," MR. +",TRUNC(K71/5)," MA.") -> + 0 MR. +0 MA. | J71: 200 | K71: =IF(ISERROR(C71*1),-1,C71+IF(LEFT(A71)="T",Bonuses!$BR$3,IF(LEFT(A71)="G",Bonuses!$BS$3,IF(LEFT(A71)="Q",Bonuses!$BT$3,IF(LEFT(A71)="S",Bonuses!$BU$3,IF(LEFT(A71)="R",Bonuses!$BV$3,0))))))+P71 -> 0 | L71: 1 | M71: =Stats!$E$3+Stats!$F$3 -> 30 | N71: 3 | O71: =Names!$D$2+SUMIF(Names!$A$2:$A$223,Setup!$B$3,Names!$D$2:$D$223) -> 0 | Q71: =MAX((MAX(Stats!$E$2,Ranking!$C$13)-15)*5,0) -> 0 | R71: 300
A72: S1 | B72: Bane | C72: Un | D72: =M72+O72+(K72*N72)+IF(OR(LEFT(A72)="G",LEFT(A72)="S"),Stats!$E$3-15+Bonuses!$BO$3,IF(OR(LEFT(A72)="Q",LEFT(A72)="R"),Bonuses!$BQ$3,Bonuses!$BP$3)) -> 27 | E72: =D72*0.15 -> 4.05 | F72: =D72*0.05 -> 1.35 | G72: =10*(1+K72)&" Feet" -> 0 Feet | H72: =30+(5*K72)&" Secs" -> 25 Secs | I72: =-5-(3*K72)&"% Cast Chance in "&15+10*ROUNDDOWN(K72/5,0)&"' diameter." -> -2% Cast Chance in 15' diameter. | J72: 300 | K72: =IF(ISERROR(C72*1),-1,C72+IF(LEFT(A72)="T",Bonuses!$BR$3,IF(LEFT(A72)="G",Bonuses!$BS$3,IF(LEFT(A72)="Q",Bonuses!$BT$3,IF(LEFT(A72)="S",Bonuses!$BU$3,IF(LEFT(A72)="R",Bonuses!$BV$3,0))))))+P72 -> -1 | L72: 1 | M72: 30 | N72: 3 | R72: 12000
A73: S2 | B73: Banishment | C73: Un | D73: =M73+O73+(K73*N73)+IF(OR(LEFT(A73)="G",LEFT(A73)="S"),Stats!$E$3-15+Bonuses!$BO$3,IF(OR(LEFT(A73)="Q",LEFT(A73)="R"),Bonuses!$BQ$3,Bonuses!$BP$3)) -> 17 | E73: =D73*0.15 -> 2.55 | F73: =D73*0.05 -> 0.85 | G73: Self | H73: =10+(10*K73)&" Secs" -> 0 Secs | J73: 200 | K73: =IF(ISERROR(C73*1),-1,C73+IF(LEFT(A73)="T",Bonuses!$BR$3,IF(LEFT(A73)="G",Bonuses!$BS$3,IF(LEFT(A73)="Q",Bonuses!$BT$3,IF(LEFT(A73)="S",Bonuses!$BU$3,IF(LEFT(A73)="R",Bonuses!$BV$3,0))))))+P73 -> -1 | L73: 1 | M73: 20 | N73: 3 | O73: =O71 -> 0 | R73: 2000
A74: S3 | B74: Compel Obedience | C74: Un | D74: =M74+O74+(K74*N74)+IF(OR(LEFT(A74)="G",LEFT(A74)="S"),Stats!$E$3-15+Bonuses!$BO$3,IF(OR(LEFT(A74)="Q",LEFT(A74)="R"),Bonuses!$BQ$3,Bonuses!$BP$3)) -> 47 | E74: =D74*0.15 -> 7.05 | F74: =D74*0.05 -> 2.35 | G74: =5*(3+K74)&" Feet" -> 10 Feet | H74: =10+(10*K74)&" Mins" -> 0 Mins | I74: =CONCATENATE(1+ROUND(K74/4,0)," Targets") -> 1 Targets | J74: 400 | K74: =IF(ISERROR(C74*1),-1,C74+IF(LEFT(A74)="T",Bonuses!$BR$3,IF(LEFT(A74)="G",Bonuses!$BS$3,IF(LEFT(A74)="Q",Bonuses!$BT$3,IF(LEFT(A74)="S",Bonuses!$BU$3,IF(LEFT(A74)="R",Bonuses!$BV$3,0))))))+P74 -> -1 | L74: 1 | M74: 50 | N74: 3 | R74: 10000
A75: S4 | B75: Disjunction | C75: Un | D75: =M75+O75+(K75*N75)+IF(OR(LEFT(A75)="G",LEFT(A75)="S"),Stats!$E$3-15+Bonuses!$BO$3,IF(OR(LEFT(A75)="Q",LEFT(A75)="R"),Bonuses!$BQ$3,Bonuses!$BP$3)) -> 37 | E75: =D75*0.15 -> 5.55 | F75: =D75*0.05 -> 1.85 | G75: =10*(1+K75)&" Feet" -> 0 Feet | H75: =1+K75&" Mins" -> 0 Mins | J75: 300 | K75: =IF(ISERROR(C75*1),-1,C75+IF(LEFT(A75)="T",Bonuses!$BR$3,IF(LEFT(A75)="G",Bonuses!$BS$3,IF(LEFT(A75)="Q",Bonuses!$BT$3,IF(LEFT(A75)="S",Bonuses!$BU$3,IF(LEFT(A75)="R",Bonuses!$BV$3,0))))))+P75 -> -1 | L75: 1 | M75: 40 | N75: 3 | R75: 8000
A76: S5 | B76: Dispel Magic | C76: Un | D76: =M76+O76+(K76*N76)+IF(OR(LEFT(A76)="G",LEFT(A76)="S"),Stats!$E$3-15+Bonuses!$BO$3,IF(OR(LEFT(A76)="Q",LEFT(A76)="R"),Bonuses!$BQ$3,Bonuses!$BP$3)) -> 27 | E76: =D76*0.15 -> 4.05 | F76: =D76*0.05 -> 1.35 | G76: Self | H76: =5+(5*ROUND(K76/4,0))&" Secs" -> 5 Secs | I76: =CONCATENATE(50+(3*K76),"% -3/Rk of Target Magic") -> 47% -3/Rk of Target Magic | J76: 400 | K76: =IF(ISERROR(C76*1),-1,C76+IF(LEFT(A76)="T",Bonuses!$BR$3,IF(LEFT(A76)="G",Bonuses!$BS$3,IF(LEFT(A76)="Q",Bonuses!$BT$3,IF(LEFT(A76)="S",Bonuses!$BU$3,IF(LEFT(A76)="R",Bonuses!$BV$3,0))))))+P76 -> -1 | L76: 1 | M76: 30 | N76: 3 | O76: =O71 -> 0 | R76: 15000
A77: S6 | B77: Forbidding | C77: Un | D77: =M77+O77+(K77*N77)+IF(OR(LEFT(A77)="G",LEFT(A77)="S"),Stats!$E$3-15+Bonuses!$BO$3,IF(OR(LEFT(A77)="Q",LEFT(A77)="R"),Bonuses!$BQ$3,Bonuses!$BP$3)) -> 32 | E77: =D77*0.15 -> 4.8 | F77: =D77*0.05 -> 1.6 | G77: =10*(1+K77)&" Feet" -> 0 Feet | H77: =10+(10*K77)&" Mins" -> 0 Mins | I77: ="Wall 10'x20' +"&K77&"' GTN or ITN (D-4+"&K77&")" -> Wall 10'x20' +-1' GTN or ITN (D-4+-1) | J77: 250 | K77: =IF(ISERROR(C77*1),-1,C77+IF(LEFT(A77)="T",Bonuses!$BR$3,IF(LEFT(A77)="G",Bonuses!$BS$3,IF(LEFT(A77)="Q",Bonuses!$BT$3,IF(LEFT(A77)="S",Bonuses!$BU$3,IF(LEFT(A77)="R",Bonuses!$BV$3,0))))))+P77 -> -1 | L77: 1 | M77: 35 | N77: 3 | R77: 4000
A78: S7 | B78: Mana Sense | C78: Un | D78: =M78+O78+(K78*N78)+IF(OR(LEFT(A78)="G",LEFT(A78)="S"),Stats!$E$3-15+Bonuses!$BO$3,IF(OR(LEFT(A78)="Q",LEFT(A78)="R"),Bonuses!$BQ$3,Bonuses!$BP$3)) -> 37 | E78: =D78*0.15 -> 5.55 | F78: =D78*0.05 -> 1.85 | G78: Self | H78: =5+(5*K78)&" Mins" -> 0 Mins | I78: =""&10*(1+K78)&"' Conc. see Prep/Res. 2xPC for detail." -> 0' Conc. see Prep/Res. 2xPC for detail. | J78: 200 | K78: =IF(ISERROR(C78*1),-1,C78+IF(LEFT(A78)="T",Bonuses!$BR$3,IF(LEFT(A78)="G",Bonuses!$BS$3,IF(LEFT(A78)="Q",Bonuses!$BT$3,IF(LEFT(A78)="S",Bonuses!$BU$3,IF(LEFT(A78)="R",Bonuses!$BV$3,0))))))+P78 -> -1 | L78: 1 | M78: 40 | N78: 3 | O78: =O71 -> 0 | R78: 3000
A79: S8 | B79: Scry Shield | C79: Un | D79: =M79+O79+(K79*N79)+IF(OR(LEFT(A79)="G",LEFT(A79)="S"),Stats!$E$3-15+Bonuses!$BO$3,IF(OR(LEFT(A79)="Q",LEFT(A79)="R"),Bonuses!$BQ$3,Bonuses!$BP$3)) -> 37 | E79: =D79*0.15 -> 5.55 | F79: =D79*0.05 -> 1.85 | G79: =10+(5*K79)&" Feet" -> 5 Feet | H79: =10+(10*K79)&" Mins" -> 0 Mins | I79: ="10 hr ritual for "&4+K79&" weeks duration." -> 10 hr ritual for 3 weeks duration. | J79: 300 | K79: =IF(ISERROR(C79*1),-1,C79+IF(LEFT(A79)="T",Bonuses!$BR$3,IF(LEFT(A79)="G",Bonuses!$BS$3,IF(LEFT(A79)="Q",Bonuses!$BT$3,IF(LEFT(A79)="S",Bonuses!$BU$3,IF(LEFT(A79)="R",Bonuses!$BV$3,0))))))+P79 -> -1 | L79: 1 | M79: 40 | N79: 3 | R79: 15000
A80: S9 | B80: Spell Barrier | C80: Un | D80: =M80+O80+(K80*N80)+IF(OR(LEFT(A80)="G",LEFT(A80)="S"),Stats!$E$3-15+Bonuses!$BO$3,IF(OR(LEFT(A80)="Q",LEFT(A80)="R"),Bonuses!$BQ$3,Bonuses!$BP$3)) -> 37 | E80: =D80*0.15 -> 5.55 | F80: =D80*0.05 -> 1.85 | G80: =10+(5*K80)&" Feet" -> 5 Feet | H80: =1+K80&" Mins" -> 0 Mins | I80: ="Wall 10'x20', Ring 10'x5'r +"&K80&"' "&40+3*K80&"% -3/rk" -> Wall 10'x20', Ring 10'x5'r +-1' 37% -3/rk | J80: 300 | K80: =IF(ISERROR(C80*1),-1,C80+IF(LEFT(A80)="T",Bonuses!$BR$3,IF(LEFT(A80)="G",Bonuses!$BS$3,IF(LEFT(A80)="Q",Bonuses!$BT$3,IF(LEFT(A80)="S",Bonuses!$BU$3,IF(LEFT(A80)="R",Bonuses!$BV$3,0))))))+P80 -> -1 | L80: 1 | M80: 40 | N80: 3 | R80: 7500
A81: S10 | B81: True Seeing | C81: Un | D81: =M81+O81+(K81*N81)+IF(OR(LEFT(A81)="G",LEFT(A81)="S"),Stats!$E$3-15+Bonuses!$BO$3,IF(OR(LEFT(A81)="Q",LEFT(A81)="R"),Bonuses!$BQ$3,Bonuses!$BP$3)) -> 27 | E81: =D81*0.15 -> 4.05 | F81: =D81*0.05 -> 1.35 | G81: =10+(5*ROUND(K81/2,0))&" Feet" -> 5 Feet | H81: =30+(10*K81)&" Secs" -> 20 Secs | I81: Reveal truth within an area. | J81: 300 | K81: =IF(ISERROR(C81*1),-1,C81+IF(LEFT(A81)="T",Bonuses!$BR$3,IF(LEFT(A81)="G",Bonuses!$BS$3,IF(LEFT(A81)="Q",Bonuses!$BT$3,IF(LEFT(A81)="S",Bonuses!$BU$3,IF(LEFT(A81)="R",Bonuses!$BV$3,0))))))+P81 -> -1 | L81: 7 | M81: =Stats!$E$3*2 -> 30 | N81: 3 | R81: 6000
A82: R1 | B82: Divination | C82: Un | D82: =M82+O82+(K82*N82)+IF(OR(LEFT(A82)="G",LEFT(A82)="S"),Stats!$E$3-15+Bonuses!$BO$3,IF(OR(LEFT(A82)="Q",LEFT(A82)="R"),Bonuses!$BQ$3,Bonuses!$BP$3)) -> 27 | E82: =D82*0.15 -> 4.05 | F82: =D82*0.05 -> 1.35 | G82: =5+K82&" Feet" -> 4 Feet | I82: =D82-8*K82&"% 3 Hrs for Ancient Divination." -> 35% 3 Hrs for Ancient Divination. | J82: 250 | K82: =IF(ISERROR(C82*1),-1,C82+IF(LEFT(A82)="T",Bonuses!$BR$3,IF(LEFT(A82)="G",Bonuses!$BS$3,IF(LEFT(A82)="Q",Bonuses!$BT$3,IF(LEFT(A82)="S",Bonuses!$BU$3,IF(LEFT(A82)="R",Bonuses!$BV$3,0))))))+P82 -> -1 | L82: 7 | M82: =Stats!$E$3+Stats!$F$3 -> 30 | N82: 3 | R82: 2000
A83: R2 | B83: Expulsion | C83: Un | D83: =M83+O83+(K83*N83)+IF(OR(LEFT(A83)="G",LEFT(A83)="S"),Stats!$E$3-15+Bonuses!$BO$3,IF(OR(LEFT(A83)="Q",LEFT(A83)="R"),Bonuses!$BQ$3,Bonuses!$BP$3)) -> 27 | E83: =D83*0.15 -> 4.05 | F83: =D83*0.05 -> 1.35 | G83: =5+K83&" Feet" -> 4 Feet | H83: Immediate | J83: 300 | K83: =IF(ISERROR(C83*1),-1,C83+IF(LEFT(A83)="T",Bonuses!$BR$3,IF(LEFT(A83)="G",Bonuses!$BS$3,IF(LEFT(A83)="Q",Bonuses!$BT$3,IF(LEFT(A83)="S",Bonuses!$BU$3,IF(LEFT(A83)="R",Bonuses!$BV$3,0))))))+P83 -> -1 | L83: 1 | M83: 30 | N83: 3 | R83: 7500
A84: R3 | B84: Interregnum | C84: Un | D84: =M84+O84+(K84*N84)+IF(OR(LEFT(A84)="G",LEFT(A84)="S"),Stats!$E$3-15+Bonuses!$BO$3,IF(OR(LEFT(A84)="Q",LEFT(A84)="R"),Bonuses!$BQ$3,Bonuses!$BP$3)) -> 32 | E84: =D84*0.15 -> 4.8 | F84: =D84*0.05 -> 1.6 | G84: 10 Feet | H84: Immediate | J84: 250 | K84: =IF(ISERROR(C84*1),-1,C84+IF(LEFT(A84)="T",Bonuses!$BR$3,IF(LEFT(A84)="G",Bonuses!$BS$3,IF(LEFT(A84)="Q",Bonuses!$BT$3,IF(LEFT(A84)="S",Bonuses!$BU$3,IF(LEFT(A84)="R",Bonuses!$BV$3,0))))))+P84 -> -1 | L84: 1 | M84: 35 | N84: 3 | R84: 7500
A85: R4 | B85: Remove Curse | C85: Un | D85: =M85+O85+(K85*N85)+IF(OR(LEFT(A85)="G",LEFT(A85)="S"),Stats!$E$3-15+Bonuses!$BO$3,IF(OR(LEFT(A85)="Q",LEFT(A85)="R"),Bonuses!$BQ$3,Bonuses!$BP$3)) -> 8 | E85: =D85*0.15 -> 1.2 | F85: =D85*0.05 -> 0.4 | H85: 6 / 18 Hours | I85: ="L: "&D85&"% / G: "&D85+(Stats!$E$3-Magic!M85)-(K85*4)&"% / D: "&D85+(Stats!$E$3-Magic!M85)-(K85*5)&"% -cMA" -> L: 8% / G: 12% / D: 13% -cMA | J85: 500 | K85: =IF(ISERROR(C85*1),-1,C85+IF(LEFT(A85)="T",Bonuses!$BR$3,IF(LEFT(A85)="G",Bonuses!$BS$3,IF(LEFT(A85)="Q",Bonuses!$BT$3,IF(LEFT(A85)="S",Bonuses!$BU$3,IF(LEFT(A85)="R",Bonuses!$BV$3,0))))))+P85 -> -1 | L85: 1 | M85: 15 | N85: 7 | R85: 5000
A86: R5 | B86: Sealing | C86: Un | D86: =M86+O86+(K86*N86)+IF(OR(LEFT(A86)="G",LEFT(A86)="S"),Stats!$E$3-15+Bonuses!$BO$3,IF(OR(LEFT(A86)="Q",LEFT(A86)="R"),Bonuses!$BQ$3,Bonuses!$BP$3)) -> 27 | E86: =D86*0.15 -> 4.05 | F86: =D86*0.05 -> 1.35 | G86: =20*(1+K86)&" Feet" -> 0 Feet | H86: =1+K86&" Days" -> 0 Days | J86: 300 | K86: =IF(ISERROR(C86*1),-1,C86+IF(LEFT(A86)="T",Bonuses!$BR$3,IF(LEFT(A86)="G",Bonuses!$BS$3,IF(LEFT(A86)="Q",Bonuses!$BT$3,IF(LEFT(A86)="S",Bonuses!$BU$3,IF(LEFT(A86)="R",Bonuses!$BV$3,0))))))+P86 -> -1 | L86: 1 | M86: 30 | N86: 3 | R86: 10000
A87: R6 | B87: True Form | C87: Un | D87: =M87+O87+(K87*N87)+IF(OR(LEFT(A87)="G",LEFT(A87)="S"),Stats!$E$3-15+Bonuses!$BO$3,IF(OR(LEFT(A87)="Q",LEFT(A87)="R"),Bonuses!$BQ$3,Bonuses!$BP$3)) -> 22 | E87: =D87*0.15 -> 3.3 | F87: =D87*0.05 -> 1.1 | G87: 5 Feet | H87: Immediate | J87: 300 | K87: =IF(ISERROR(C87*1),-1,C87+IF(LEFT(A87)="T",Bonuses!$BR$3,IF(LEFT(A87)="G",Bonuses!$BS$3,IF(LEFT(A87)="Q",Bonuses!$BT$3,IF(LEFT(A87)="S",Bonuses!$BU$3,IF(LEFT(A87)="R",Bonuses!$BV$3,0))))))+P87 -> -1 | L87: 1 | M87: 25 | N87: 3 | R87: 3000
A88: R7 | B88: True Speaking | C88: Un | D88: =M88+O88+(K88*N88)+IF(OR(LEFT(A88)="G",LEFT(A88)="S"),Stats!$E$3-15+Bonuses!$BO$3,IF(OR(LEFT(A88)="Q",LEFT(A88)="R"),Bonuses!$BQ$3,Bonuses!$BP$3)) -> 27 | E88: =D88*0.15 -> 4.05 | F88: =D88*0.05 -> 1.35 | G88: 10 Feet | H88: 30 Mins | J88: 300 | K88: =IF(ISERROR(C88*1),-1,C88+IF(LEFT(A88)="T",Bonuses!$BR$3,IF(LEFT(A88)="G",Bonuses!$BS$3,IF(LEFT(A88)="Q",Bonuses!$BT$3,IF(LEFT(A88)="S",Bonuses!$BU$3,IF(LEFT(A88)="R",Bonuses!$BV$3,0))))))+P88 -> -1 | L88: 1 | M88: 30 | N88: 3 | R88: 15000
A89: Gcs | B89: Air General Counterspell | C89: 0 | D89: =M89+O89+(K89*N89)+IF(OR(LEFT(A89)="G",LEFT(A89)="S"),Stats!$E$3-15+Bonuses!$BO$3,IF(OR(LEFT(A89)="Q",LEFT(A89)="R"),Bonuses!$BQ$3,Bonuses!$BP$3)) -> 40 | E89: =D89*0.15 -> 6 | F89: =D89*0.05 -> 2 | G89: =25+(25*K89)&" Feet" -> 25 Feet | H89: ="D+"&5+K89&" Mins" -> D+5 Mins | I89: ="+"&30 + (K89*3)&" to MR." -> +30 to MR. | J89: 100 | K89: =IF(ISERROR(C89*1),-1,C89+IF(LEFT(A89)="T",Bonuses!$BR$3,IF(LEFT(A89)="G",Bonuses!$BS$3,IF(LEFT(A89)="Q",Bonuses!$BT$3,IF(LEFT(A89)="S",Bonuses!$BU$3,IF(LEFT(A89)="R",Bonuses!$BV$3,0))))))+P89 -> 0 | L89: 1 | M89: 40 | N89: 3 | Q89: =MAX((MAX(Stats!$E$2,Ranking!$C$13)-15)*5,0) -> 0 | R89: 300
A90: Gcs | B90: Air Special Counterspell | C90: 0 | D90: =M90+O90+(K90*N90)+IF(OR(LEFT(A90)="G",LEFT(A90)="S"),Stats!$E$3-15+Bonuses!$BO$3,IF(OR(LEFT(A90)="Q",LEFT(A90)="R"),Bonuses!$BQ$3,Bonuses!$BP$3)) -> 40 | E90: =D90*0.15 -> 6 | F90: =D90*0.05 -> 2 | G90: =25+(25*K90)&" Feet" -> 25 Feet | H90: ="D+"&5+K90&" Mins" -> D+5 Mins | I90: ="+"&30 + (K90*3)&" to MR." -> +30 to MR. | J90: 200 | K90: =IF(ISERROR(C90*1),-1,C90+IF(LEFT(A90)="T",Bonuses!$BR$3,IF(LEFT(A90)="G",Bonuses!$BS$3,IF(LEFT(A90)="Q",Bonuses!$BT$3,IF(LEFT(A90)="S",Bonuses!$BU$3,IF(LEFT(A90)="R",Bonuses!$BV$3,0))))))+P90 -> 0 | L90: 1 | M90: 40 | N90: 3 | Q90: =MAX((MAX(Stats!$E$2,Ranking!$C$13)-15)*5,0) -> 0 | R90: 300
A91: Gcs | B91: Bardic General Counterspell | C91: 0 | D91: =M91+O91+(K91*N91)+IF(OR(LEFT(A91)="G",LEFT(A91)="S"),Stats!$E$3-15+Bonuses!$BO$3,IF(OR(LEFT(A91)="Q",LEFT(A91)="R"),Bonuses!$BQ$3,Bonuses!$BP$3)) -> 40 | E91: =D91*0.15 -> 6 | F91: =D91*0.05 -> 2 | G91: =25+(25*K91)&" Feet" -> 25 Feet | H91: ="D+"&5+K91&" Mins" -> D+5 Mins | I91: ="+"&30 + (K91*3)&" to MR." -> +30 to MR. | J91: 100 | K91: =IF(ISERROR(C91*1),-1,C91+IF(LEFT(A91)="T",Bonuses!$BR$3,IF(LEFT(A91)="G",Bonuses!$BS$3,IF(LEFT(A91)="Q",Bonuses!$BT$3,IF(LEFT(A91)="S",Bonuses!$BU$3,IF(LEFT(A91)="R",Bonuses!$BV$3,0))))))+P91 -> 0 | L91: 1 | M91: 40 | N91: 3 | Q91: =MAX((MAX(Stats!$E$2,Ranking!$C$13)-15)*5,0) -> 0 | R91: 300
A92: Gcs | B92: Bardic Special Counterspell | C92: 0 | D92: =M92+O92+(K92*N92)+IF(OR(LEFT(A92)="G",LEFT(A92)="S"),Stats!$E$3-15+Bonuses!$BO$3,IF(OR(LEFT(A92)="Q",LEFT(A92)="R"),Bonuses!$BQ$3,Bonuses!$BP$3)) -> 40 | E92: =D92*0.15 -> 6 | F92: =D92*0.05 -> 2 | G92: =25+(25*K92)&" Feet" -> 25 Feet | H92: ="D+"&5+K92&" Mins" -> D+5 Mins | I92: ="+"&30 + (K92*3)&" to MR." -> +30 to MR. | J92: 200 | K92: =IF(ISERROR(C92*1),-1,C92+IF(LEFT(A92)="T",Bonuses!$BR$3,IF(LEFT(A92)="G",Bonuses!$BS$3,IF(LEFT(A92)="Q",Bonuses!$BT$3,IF(LEFT(A92)="S",Bonuses!$BU$3,IF(LEFT(A92)="R",Bonuses!$BV$3,0))))))+P92 -> 0 | L92: 1 | M92: 40 | N92: 3 | Q92: =MAX((MAX(Stats!$E$2,Ranking!$C$13)-15)*5,0) -> 0 | R92: 300
A93: Gcs | B93: Binder General Counterspell | C93: 0 | D93: =M93+O93+(K93*N93)+IF(OR(LEFT(A93)="G",LEFT(A93)="S"),Stats!$E$3-15+Bonuses!$BO$3,IF(OR(LEFT(A93)="Q",LEFT(A93)="R"),Bonuses!$BQ$3,Bonuses!$BP$3)) -> 40 | E93: =D93*0.15 -> 6 | F93: =D93*0.05 -> 2 | G93: =25+(25*K93)&" Feet" -> 25 Feet | H93: ="D+"&5+K93&" Mins" -> D+5 Mins | I93: ="+"&30 + (K93*3)&" to MR." -> +30 to MR. | J93: 100 | K93: =IF(ISERROR(C93*1),-1,C93+IF(LEFT(A93)="T",Bonuses!$BR$3,IF(LEFT(A93)="G",Bonuses!$BS$3,IF(LEFT(A93)="Q",Bonuses!$BT$3,IF(LEFT(A93)="S",Bonuses!$BU$3,IF(LEFT(A93)="R",Bonuses!$BV$3,0))))))+P93 -> 0 | L93: 1 | M93: 40 | N93: 3 | Q93: =MAX((MAX(Stats!$E$2,Ranking!$C$13)-15)*5,0) -> 0 | R93: 300
A94: Gcs | B94: Binder Special Counterspell | C94: 0 | D94: =M94+O94+(K94*N94)+IF(OR(LEFT(A94)="G",LEFT(A94)="S"),Stats!$E$3-15+Bonuses!$BO$3,IF(OR(LEFT(A94)="Q",LEFT(A94)="R"),Bonuses!$BQ$3,Bonuses!$BP$3)) -> 40 | E94: =D94*0.15 -> 6 | F94: =D94*0.05 -> 2 | G94: =25+(25*K94)&" Feet" -> 25 Feet | H94: ="D+"&5+K94&" Mins" -> D+5 Mins | I94: ="+"&30 + (K94*3)&" to MR." -> +30 to MR. | J94: 200 | K94: =IF(ISERROR(C94*1),-1,C94+IF(LEFT(A94)="T",Bonuses!$BR$3,IF(LEFT(A94)="G",Bonuses!$BS$3,IF(LEFT(A94)="Q",Bonuses!$BT$3,IF(LEFT(A94)="S",Bonuses!$BU$3,IF(LEFT(A94)="R",Bonuses!$BV$3,0))))))+P94 -> 0 | L94: 1 | M94: 40 | N94: 3 | Q94: =MAX((MAX(Stats!$E$2,Ranking!$C$13)-15)*5,0) -> 0 | R94: 300
A95: Gcs | B95: Celestial General Counterspell | C95: 0 | D95: =M95+O95+(K95*N95)+IF(OR(LEFT(A95)="G",LEFT(A95)="S"),Stats!$E$3-15+Bonuses!$BO$3,IF(OR(LEFT(A95)="Q",LEFT(A95)="R"),Bonuses!$BQ$3,Bonuses!$BP$3)) -> 40 | E95: =D95*0.15 -> 6 | F95: =D95*0.05 -> 2 | G95: =25+(25*K95)&" Feet" -> 25 Feet | H95: ="D+"&5+K95&" Mins" -> D+5 Mins | I95: ="+"&30 + (K95*3)&" to MR." -> +30 to MR. | J95: 100 | K95: =IF(ISERROR(C95*1),-1,C95+IF(LEFT(A95)="T",Bonuses!$BR$3,IF(LEFT(A95)="G",Bonuses!$BS$3,IF(LEFT(A95)="Q",Bonuses!$BT$3,IF(LEFT(A95)="S",Bonuses!$BU$3,IF(LEFT(A95)="R",Bonuses!$BV$3,0))))))+P95 -> 0 | L95: 1 | M95: 40 | N95: 3 | Q95: =MAX((MAX(Stats!$E$2,Ranking!$C$13)-15)*5,0) -> 0 | R95: 300
